Workbook
Name diasuteis: #REF!
Name diasuteis: #REF!
Name diasuteis: #REF!
Name Ferias: #REF!
Name Ferias: #REF!
Name RD: OFFSET(#REF!,(MATCH(SMALL(#REF!,ROW()-10),#REF!,0)-1),0)
Name RD: OFFSET(#REF!,(MATCH(SMALL(#REF!,ROW()-10),#REF!,0)-1),0)

Sheet Reitoria
A1: PROCESSO: 0462/2015/UDESC | D1: OBJETO: AQUISIÇÃO DE MATERIAL DE HIGIENE E LIMPEZA PARA A UDESC | I1: VIGÊNCIA DA ATA: 23/07/2015 até 22/07/2016 | L1: AF nº 1307/2015 Qtde. DT | M1: AF nº 1312/2015 Qtde. DT | N1: AF nº 1320/2015 Qtde. DT | O1: AF nº 2111/2015 Qtde. DT | P1: AF/OS nº xxxx/2015 Qtde. DT | Q1: AF/OS nº xxxx/2015 Qtde. DT | R1: AF/OS nº xxxx/2015 Qtde. DT | S1: AF/OS nº xxxx/2015 Qtde. DT | T1: AF/OS nº xxxx/2015 Qtde. DT | U1: AF/OS nº xxxx/2015 Qtde. DT | V1: AF/OS nº xxxx/2015 Qtde. DT | W1: AF/OS nº xxxx/2015 Qtde. DT
A2: CENTRO PARTICIPANTE: Reitoria
A3: FORNECEDOR | B3: LOTE | C3: ITEM | D3: PRODUTO - CARACTERÍSTICAS MÍNIMAS | E3: UNIDADE | F3: MARCA | G3: DETALHAMENTO | H3: Preço UNITÁRIO (R$) | I3: Qtde Registrada | J3: Saldo / Automático | K3: ALERTA | L3: 42215 | M3: 42215 | N3: 42215 | O3: 42313 | P3: ...../...../...... | Q3: ...../...../...... | R3: ...../...../...... | S3: ...../...../...... | T3: ...../...../...... | U3: ...../...../...... | V3: ...../...../...... | W3: ...../...../......
A4: Comercial Multiville LTDA EPP | B4: 1 | C4: 1 | D4: Sabonete glicerinado, em barra, para uso geral, com aproximadamente 90 gramas, embalagem individual e acondicionados em caixa. (Apresentar: AFE-Autorização de Funcionamento da Empresa e Notificação no MS ANVISA, cfe DECRETO Nº 79.094/77, RDC 343/2005). | E4: Peça | F4: Motivus | G4: 339030.22 | H4: 0.94 | J4: =I4-(SUM(L4:W4)) -> 0 | K4: =IF(J4<0,"ATENÇÃO","OK") -> OK | L4: 0 | M4: 0 | N4: 0 | O4: 0 | P4: 0 | Q4: 0 | R4: 0 | S4: 0 | T4: 0 | U4: 0 | V4: 0 | W4: 0
C5: 2 | D5: Sabonete líquido aromatizado, fragrância suave, alta viscosidade, hipoalergênico, frasco com 5 litros, acondicionados em caixa de papelão resistente que suporte empilhamento. (Apresentar: Laudo de Irritabilidade Dérmica, conclusivo, que comprove ser HIPOALERGÊNICO, expedido por laboratório credenciado pela ANVISA, AFE-Autorização de Funcionamento da Empresa e Notificação no MS ANVISA, cfe DECRETO Nº 79.094/77, RDC 343/2005). | E5: Galão | F5: Saúba | G5: 339030.22 | H5: 12.95 | J5: =I5-(SUM(L5:W5)) -> 0 | K5: =IF(J5<0,"ATENÇÃO","OK") -> OK | L5: 0 | M5: 0 | N5: 0 | O5: 0 | P5: 0 | Q5: 0 | R5: 0 | S5: 0 | T5: 0 | U5: 0 | V5: 0 | W5: 0
C6: 3 | D6: Saboneteira em plástico ABS, com válvula, para uso de sabonete em espuma refil 800ml, com abertura em "chave". Cor branca ou bege. | E6: Peça | F6: Nobre | G6: 339030.22 | H6: 31.21 | I6: 20 | J6: =I6-(SUM(L6:W6)) -> 0 | K6: =IF(J6<0,"ATENÇÃO","OK") -> OK | L6: 20 | M6: 0 | N6: 0 | O6: 0 | P6: 0 | Q6: 0 | R6: 0 | S6: 0 | T6: 0 | U6: 0 | V6: 0 | W6: 0
C7: 4 | D7: Sabonete para uso em saboneteira espumante, sem válvula, refil com 800ml, fragrância erva doce. (Apresentar: Laudo de Irritabilidade Dérmica, conclusivo, que comprove ser HIPOALERGÊNICO, expedido por laboratório credenciado pela ANVISA, AFE-Autorização de Funcionamento da Empresa e Notificação no MS ANVISA, cfe DECRETO Nº 79.094/77, RDC 343/2005). | E7: Peça | F7: Saúba | G7: 339030.22 | H7: 15.5 | I7: 350 | J7: =I7-(SUM(L7:W7)) -> 213 | K7: =IF(J7<0,"ATENÇÃO","OK") -> OK | L7: 100 | M7: 0 | N7: 0 | O7: 37 | P7: 0 | Q7: 0 | R7: 0 | S7: 0 | T7: 0 | U7: 0 | V7: 0 | W7: 0
A8: L1 Serv. Org. Feiras Cong. Viagens e Eventos Ltda ME | B8: 2 | C8: 5 | D8: Pano de copa, em tecido 100% algodão, branco alvejado, medindo 0,70 x 0,50m, com bainha, com peso mínimo de 70g, admitindo-se variação de até 10% no peso e na medida; embalados individualmente, acondicionados em pacote com 50 unidades. O pano deverá conter etiqueta de fábrica indicando a composição do tecido e a metragem. Prazo de validade: 12 meses a partir de cada entrega de pedido. | E8: Peça | F8: Amabile/Amabile | G8: 339030.22 | H8: 1.49 | I8: 150 | J8: =I8-(SUM(L8:W8)) -> 0 | K8: =IF(J8<0,"ATENÇÃO","OK") -> OK | L8: 0 | M8: 0 | N8: 150 | O8: 0 | P8: 0 | Q8: 0 | R8: 0 | S8: 0 | T8: 0 | U8: 0 | V8: 0 | W8: 0
C9: 6 | D9: Saco de tecido, 100% algodão, para limpeza, lavado e alvejado, medidas externas: 70 cm de altura x 50 cm de largura, com peso mínimo de 190 gramas (admitindo-se variação de até 10% no peso e nas medidas), embalados em pacote com 10 unidades e acondicionados em fardos com 5 pacotes. O pano deverá conter etiqueta de fábrica informando a composição do tecido e metragem. Prazo de validade: 12 meses a partir de cada pedido de entrega. | E9: Peça | F9: Amabile/Amabile | G9: 339030.22 | H9: 3.3 | I9: 250 | J9: =I9-(SUM(L9:W9)) -> 0 | K9: =IF(J9<0,"ATENÇÃO","OK") -> OK | L9: 0 | M9: 0 | N9: 250 | O9: 0 | P9: 0 | Q9: 0 | R9: 0 | S9: 0 | T9: 0 | U9: 0 | V9: 0 | W9: 0
C10: 7 | D10: Flanela, peluciada em ambos os lados, para limpeza medindo 0,60 x 0,40 metros (admitindo-se variação de até 10%), com bordas chuleadas, embaladas individualmente e acondicionadas em pacote com 50 unidades. | E10: Peça | F10: Cristal/Cristal | G10: 339030.22 | H10: 1.27 | I10: 300 | J10: =I10-(SUM(L10:W10)) -> 0 | K10: =IF(J10<0,"ATENÇÃO","OK") -> OK | L10: 0 | M10: 0 | N10: 300 | O10: 0 | P10: 0 | Q10: 0 | R10: 0 | S10: 0 | T10: 0 | U10: 0 | V10: 0 | W10: 0
A11: Deivid Reinert ME - Alterado para Embalastil Ltda ME | B11: 3 | C11: 8 | D11: Papel toalha rolão, gramatura mínima 28g/m2, cor branca, 100% celulose virgem, sem pigmentação aparente oriunda da utilização de aparas de material impresso, gofrado, macio, com alto poder de absorção, distribuição homogênea das fibras ao longo do papel, sem rebarbas no corte lateral; rolo com 0,20x100 metros; embalado em fardo com 8 rolos. (A vencedora apresentará, em até 02 dias úteis: laudo microbiológico, conforme Portaria MS nº 1.480 de 31/12/90., de laboratório credenciado pelo INMETRO, ou habilitado no REBLAS/ANVISA. Será analisada a amostra pelo responsável técnico, através da aplicação da fórmula - peso mínimo: 0,20X100X28=560 gramas). | E11: Rolo | F11: Embalastil | G11: 339030.22 | H11: 3.5 | J11: =I11-(SUM(L11:W11)) -> 0 | K11: =IF(J11<0,"ATENÇÃO","OK") -> OK | L11: 0 | M11: 0 | N11: 0 | O11: 0 | P11: 0 | Q11: 0 | R11: 0 | S11: 0 | T11: 0 | U11: 0 | V11: 0 | W11: 0
A12: Elo Comércio e Serviços LTDA ME | B12: 4 | C12: 9 | D12: Balde plástico com alça, borda reforçada, com capacidade para aproximadamente 15 (quinze) litros, cores diversas. Balde plástico polietileno de alta densidade (PAED), alta resistência a impacto, paredes e fundos reforçados, alça em aço zincado e com reforço na borda e no encaixe da alça, com capacidade para aproximadamente 15 (quinze) litros, cores diversas. | E12: Peça | F12: ARQPLAST | G12: 339030.22 | H12: 3.04 | I12: 30 | J12: =I12-(SUM(L12:W12)) -> 30 | K12: =IF(J12<0,"ATENÇÃO","OK") -> OK | L12: 0 | M12: 0 | N12: 0 | O12: 0 | P12: 0 | Q12: 0 | R12: 0 | S12: 0 | T12: 0 | U12: 0 | V12: 0 | W12: 0
C13: 10 | D13: Escova para limpeza de vaso sanitário com suporte (do tipo vassoura, em forma de bola ou meia bola), com cerdas arredondadas em nylon; cabo e suporte em polipropileno; dimensão: 36x7.5x36cm, aproximadamente. | E13: Peça | F13: GAUCHA | G13: 339030.22 | H13: 3.54 | I13: 30 | J13: =I13-(SUM(L13:W13)) -> 20 | K13: =IF(J13<0,"ATENÇÃO","OK") -> OK | L13: 0 | M13: 10 | N13: 0 | O13: 0 | P13: 0 | Q13: 0 | R13: 0 | S13: 0 | T13: 0 | U13: 0 | V13: 0 | W13: 0
C14: 11 | D14: Escovão para limpeza, com cerdas de nylon, base em material plástico ou polipropileno resistente com aproximadamente 25 cm e cabo de madeira isenta de farpas, revestido em material plástico ou polipropileno, medindo aproximadamente 1,20 metros, fixação com sistema de rosca (resistente). | E14: Peça | F14: GAUCHA | G14: 339030.22 | H14: 4.24 | I14: 10 | J14: =I14-(SUM(L14:W14)) -> 0 | K14: =IF(J14<0,"ATENÇÃO","OK") -> OK | L14: 0 | M14: 10 | N14: 0 | O14: 0 | P14: 0 | Q14: 0 | R14: 0 | S14: 0 | T14: 0 | U14: 0 | V14: 0 | W14: 0
C15: 12 | D15: Esfregão (esponja) de aço, para limpeza de panela, com 15g (admitindo-se variação de até 1g), embalagem individual, em invólucro plástico lacrado, acondicionados em caixa de papelão resistente que suporte empilhamento. Prazo de validade: 12 meses a partir de cada entrega de pedido. | E15: Peça | F15: INOVE | G15: 339030.22 | H15: 0.81 | I15: 50 | J15: =I15-(SUM(L15:W15)) -> 50 | K15: =IF(J15<0,"ATENÇÃO","OK") -> OK | L15: 0 | M15: 0 | N15: 0 | O15: 0 | P15: 0 | Q15: 0 | R15: 0 | S15: 0 | T15: 0 | U15: 0 | V15: 0 | W15: 0
C16: 13 | D16: Lã de aço, (em aço carbono), para limpeza e brilho, embalagem em pacote plástico lacrado com 08 unidades, pesando no mínimo 60g e acondicionadas em caixa de papelão resistente que suporte empilhamento. | E16: Pacote | F16: INOVE | G16: 339030.22 | H16: 0.96 | I16: 50 | J16: =I16-(SUM(L16:W16)) -> 50 | K16: =IF(J16<0,"ATENÇÃO","OK") -> OK | L16: 0 | M16: 0 | N16: 0 | O16: 0 | P16: 0 | Q16: 0 | R16: 0 | S16: 0 | T16: 0 | U16: 0 | V16: 0 | W16: 0
C17: 14 | D17: Pá para lixo, de material plástico resistente, cabo curto, corpo único, acondicionadas em caixa de papelão resistente que suporte empilhamento. | E17: Peça | F17: GAUCHA | G17: 339030.22 | H17: 1.15 | I17: 25 | J17: =I17-(SUM(L17:W17)) -> 0 | K17: =IF(J17<0,"ATENÇÃO","OK") -> OK | L17: 0 | M17: 25 | N17: 0 | O17: 0 | P17: 0 | Q17: 0 | R17: 0 | S17: 0 | T17: 0 | U17: 0 | V17: 0 | W17: 0
C18: 15 | D18: Guardanapo de papel, cor branca, macio, com alto poder de absorção, gramatura 19g a 22g/m2, medindo 30cm x 30cm, sem rebarbas no corte lateral, em embalagem com 50 (cinqüenta) unidades, acondicionado em caixa de papelão resistente que suporte empilhamento. (A vencedora apresentará, em até 02 dias úteis: Laudo Microbiológico, conforme Portaria MS nº 1.480 de 31/12/90., de laboratório credenciado pelo INMETRO, ou habilitado no REBLAS/ANVISA. | E18: Pacote | F18: SORELLA | G18: 339030.22 | H18: 1.16 | I18: 1000 | J18: =I18-(SUM(L18:W18)) -> 500 | K18: =IF(J18<0,"ATENÇÃO","OK") -> OK | L18: 0 | M18: 500 | N18: 0 | O18: 0 | P18: 0 | Q18: 0 | R18: 0 | S18: 0 | T18: 0 | U18: 0 | V18: 0 | W18: 0
C19: 16 | D19: Filtro de papel para café, com gramatura de 54 g/m2, com fechamento de dupla prensagem, tamanho 103, na cor branca; embalagem com 30 a 40 unidades, acondicionadas em caixa. | E19: Caixa | F19: BRIGITTA | G19: 339030.21 | H19: 2.11 | J19: =I19-(SUM(L19:W19)) -> 0 | K19: =IF(J19<0,"ATENÇÃO","OK") -> OK | L19: 0 | M19: 0 | N19: 0 | O19: 0 | P19: 0 | Q19: 0 | R19: 0 | S19: 0 | T19: 0 | U19: 0 | V19: 0 | W19: 0
C20: 17 | D20: Fósforo doméstico, em maço com 10 caixas, com 40 palitos, acondicionados em pacotes. | E20: Caixa | F20: ZEBRA | G20: 339030.21 | H20: 0.12 | J20: =I20-(SUM(L20:W20)) -> 0 | K20: =IF(J20<0,"ATENÇÃO","OK") -> OK | L20: 0 | M20: 0 | N20: 0 | O20: 0 | P20: 0 | Q20: 0 | R20: 0 | S20: 0 | T20: 0 | U20: 0 | V20: 0 | W20: 0
C21: 18 | D21: Repelente elétrico para mosquito, que pemite o uso de pastilhas. Bivolt. | E21: Peça | F21: FLORA | G21: 339030.22 | H21: 10.14 | I21: 50 | J21: =I21-(SUM(L21:W21)) -> 40 | K21: =IF(J21<0,"ATENÇÃO","OK") -> OK | L21: 0 | M21: 10 | N21: 0 | O21: 0 | P21: 0 | Q21: 0 | R21: 0 | S21: 0 | T21: 0 | U21: 0 | V21: 0 | W21: 0
C22: 19 | D22: Pastilha para uso em repelente elétrico, cada pacote com 12 unidades | E22: Pacote | F22: PERINCET | G22: 339030.22 | H22: 1.95 | I22: 350 | J22: =I22-(SUM(L22:W22)) -> 250 | K22: =IF(J22<0,"ATENÇÃO","OK") -> OK | L22: 0 | M22: 100 | N22: 0 | O22: 0 | P22: 0 | Q22: 0 | R22: 0 | S22: 0 | T22: 0 | U22: 0 | V22: 0 | W22: 0
A23: Goedert Imports Ltda EPP | B23: 5 | C23: 20 | D23: Tapete, em nylon, com acabamento, tapete profissional para retenção de sujeira seca e úmida, Iron Horse, impede que a sujeira e a umidade entrem em contato com o piso, tornando-o escorregadio e perigoso. Produzido em solution-dyed nylon, resistente ao desbotamento, bordas rebaixadas de borracha nitrílica, 100% lavável, resistente à lavagem industrial, nylon opti-twist que transforma o tapete numa escova capaz de reter seu próprio peso em sujeira e umidade, retenção de até 70% da sujeira e umidade, alto tráfego. medidas 85 x 150 cm. cor: Granito. | E23: Peça | F23: Iron Horse | G23: 339030.22 | H23: 487.41 | J23: =I23-(SUM(L23:W23)) -> 0 | K23: =IF(J23<0,"ATENÇÃO","OK") -> OK | L23: 0 | M23: 0 | N23: 0 | O23: 0 | P23: 0 | Q23: 0 | R23: 0 | S23: 0 | T23: 0 | U23: 0 | V23: 0 | W23: 0
D25: *Prazos de Entrega e Pagamento conforme edital

Sheet ESAG
A1: PROCESSO: 0462/2015/UDESC | D1: OBJETO: AQUISIÇÃO DE MATERIAL DE HIGIENE E LIMPEZA PARA A UDESC | I1: VIGÊNCIA DA ATA: 23/07/2015 até 22/07/2016 | L1: AF/OS nº 1941/2015 Qtde. DT | M1: AF/OS nº xxxx/2015 Qtde. DT | N1: AF/OS nº xxxx/2015 Qtde. DT | O1: AF/OS nº xxxx/2015 Qtde. DT | P1: AF/OS nº xxxx/2015 Qtde. DT | Q1: AF/OS nº xxxx/2015 Qtde. DT | R1: AF/OS nº xxxx/2015 Qtde. DT | S1: AF/OS nº xxxx/2015 Qtde. DT | T1: AF/OS nº xxxx/2015 Qtde. DT | U1: AF/OS nº xxxx/2015 Qtde. DT | V1: AF/OS nº xxxx/2015 Qtde. DT | W1: AF/OS nº xxxx/2015 Qtde. DT
A2: CENTRO PARTICIPANTE: ESAG
A3: FORNECEDOR | B3: LOTE | C3: ITEM | D3: PRODUTO - CARACTERÍSTICAS MÍNIMAS | E3: UNIDADE | F3: MARCA | G3: DETALHAMENTO | H3: Preço UNITÁRIO (R$) | I3: Qtde Registrada | J3: Saldo / Automático | K3: ALERTA | L3: ...../...../...... | M3: ...../...../...... | N3: ...../...../...... | O3: ...../...../...... | P3: ...../...../...... | Q3: ...../...../...... | R3: ...../...../...... | S3: ...../...../...... | T3: ...../...../...... | U3: ...../...../...... | V3: ...../...../...... | W3: ...../...../......
A4: Comercial Multiville LTDA EPP | B4: 1 | C4: 1 | D4: Sabonete glicerinado, em barra, para uso geral, com aproximadamente 90 gramas, embalagem individual e acondicionados em caixa. (Apresentar: AFE-Autorização de Funcionamento da Empresa e Notificação no MS ANVISA, cfe DECRETO Nº 79.094/77, RDC 343/2005). | E4: Peça | F4: Motivus | G4: 339030.22 | H4: 0.94 | J4: =I4-(SUM(L4:W4)) -> 0 | K4: =IF(J4<0,"ATENÇÃO","OK") -> OK | M4: 0 | N4: 0 | O4: 0 | P4: 0 | Q4: 0 | R4: 0 | S4: 0 | T4: 0 | U4: 0 | V4: 0 | W4: 0
C5: 2 | D5: Sabonete líquido aromatizado, fragrância suave, alta viscosidade, hipoalergênico, frasco com 5 litros, acondicionados em caixa de papelão resistente que suporte empilhamento. (Apresentar: Laudo de Irritabilidade Dérmica, conclusivo, que comprove ser HIPOALERGÊNICO, expedido por laboratório credenciado pela ANVISA, AFE-Autorização de Funcionamento da Empresa e Notificação no MS ANVISA, cfe DECRETO Nº 79.094/77, RDC 343/2005). | E5: Galão | F5: Saúba | G5: 339030.22 | H5: 12.95 | I5: 390 | J5: =I5-(SUM(L5:W5)) -> 390 | K5: =IF(J5<0,"ATENÇÃO","OK") -> OK | M5: 0 | N5: 0 | O5: 0 | P5: 0 | Q5: 0 | R5: 0 | S5: 0 | T5: 0 | U5: 0 | V5: 0 | W5: 0
C6: 3 | D6: Saboneteira em plástico ABS, com válvula, para uso de sabonete em espuma refil 800ml, com abertura em "chave". Cor branca ou bege. | E6: Peça | F6: Nobre | G6: 339030.22 | H6: 31.21 | J6: =I6-(SUM(L6:W6)) -> 0 | K6: =IF(J6<0,"ATENÇÃO","OK") -> OK | M6: 0 | N6: 0 | O6: 0 | P6: 0 | Q6: 0 | R6: 0 | S6: 0 | T6: 0 | U6: 0 | V6: 0 | W6: 0
C7: 4 | D7: Sabonete para uso em saboneteira espumante, sem válvula, refil com 800ml, fragrância erva doce. (Apresentar: Laudo de Irritabilidade Dérmica, conclusivo, que comprove ser HIPOALERGÊNICO, expedido por laboratório credenciado pela ANVISA, AFE-Autorização de Funcionamento da Empresa e Notificação no MS ANVISA, cfe DECRETO Nº 79.094/77, RDC 343/2005). | E7: Peça | F7: Saúba | G7: 339030.22 | H7: 15.5 | J7: =I7-(SUM(L7:W7)) -> 0 | K7: =IF(J7<0,"ATENÇÃO","OK") -> OK | M7: 0 | N7: 0 | O7: 0 | P7: 0 | Q7: 0 | R7: 0 | S7: 0 | T7: 0 | U7: 0 | V7: 0 | W7: 0
A8: L1 Serv. Org. Feiras Cong. Viagens e Eventos Ltda ME | B8: 2 | C8: 5 | D8: Pano de copa, em tecido 100% algodão, branco alvejado, medindo 0,70 x 0,50m, com bainha, com peso mínimo de 70g, admitindo-se variação de até 10% no peso e na medida; embalados individualmente, acondicionados em pacote com 50 unidades. O pano deverá conter etiqueta de fábrica indicando a composição do tecido e a metragem. Prazo de validade: 12 meses a partir de cada entrega de pedido. | E8: Peça | F8: Amabile/Amabile | G8: 339030.22 | H8: 1.49 | I8: 300 | J8: =I8-(SUM(L8:W8)) -> 300 | K8: =IF(J8<0,"ATENÇÃO","OK") -> OK | M8: 0 | N8: 0 | O8: 0 | P8: 0 | Q8: 0 | R8: 0 | S8: 0 | T8: 0 | U8: 0 | V8: 0 | W8: 0
C9: 6 | D9: Saco de tecido, 100% algodão, para limpeza, lavado e alvejado, medidas externas: 70 cm de altura x 50 cm de largura, com peso mínimo de 190 gramas (admitindo-se variação de até 10% no peso e nas medidas), embalados em pacote com 10 unidades e acondicionados em fardos com 5 pacotes. O pano deverá conter etiqueta de fábrica informando a composição do tecido e metragem. Prazo de validade: 12 meses a partir de cada pedido de entrega. | E9: Peça | F9: Amabile/Amabile | G9: 339030.22 | H9: 3.3 | I9: 390 | J9: =I9-(SUM(L9:W9)) -> 390 | K9: =IF(J9<0,"ATENÇÃO","OK") -> OK | M9: 0 | N9: 0 | O9: 0 | P9: 0 | Q9: 0 | R9: 0 | S9: 0 | T9: 0 | U9: 0 | V9: 0 | W9: 0
C10: 7 | D10: Flanela, peluciada em ambos os lados, para limpeza medindo 0,60 x 0,40 metros (admitindo-se variação de até 10%), com bordas chuleadas, embaladas individualmente e acondicionadas em pacote com 50 unidades. | E10: Peça | F10: Cristal/Cristal | G10: 339030.22 | H10: 1.27 | I10: 390 | J10: =I10-(SUM(L10:W10)) -> 390 | K10: =IF(J10<0,"ATENÇÃO","OK") -> OK | M10: 0 | N10: 0 | O10: 0 | P10: 0 | Q10: 0 | R10: 0 | S10: 0 | T10: 0 | U10: 0 | V10: 0 | W10: 0
A11: Deivid Reinert ME - Alterado para Embalastil Ltda ME | B11: 3 | C11: 8 | D11: Papel toalha rolão, gramatura mínima 28g/m2, cor branca, 100% celulose virgem, sem pigmentação aparente oriunda da utilização de aparas de material impresso, gofrado, macio, com alto poder de absorção, distribuição homogênea das fibras ao longo do papel, sem rebarbas no corte lateral; rolo com 0,20x100 metros; embalado em fardo com 8 rolos. (A vencedora apresentará, em até 02 dias úteis: laudo microbiológico, conforme Portaria MS nº 1.480 de 31/12/90., de laboratório credenciado pelo INMETRO, ou habilitado no REBLAS/ANVISA. Será analisada a amostra pelo responsável técnico, através da aplicação da fórmula - peso mínimo: 0,20X100X28=560 gramas). | E11: Rolo | F11: Embalastil | G11: 339030.22 | H11: 3.5 | I11: 8320 | J11: =I11-(SUM(L11:W11)) -> 6880 | K11: =IF(J11<0,"ATENÇÃO","OK") -> OK | L11: 1440 | M11: 0 | N11: 0 | O11: 0 | P11: 0 | Q11: 0 | R11: 0 | S11: 0 | T11: 0 | U11: 0 | V11: 0 | W11: 0
A12: Elo Comércio e Serviços LTDA ME | B12: 4 | C12: 9 | D12: Balde plástico com alça, borda reforçada, com capacidade para aproximadamente 15 (quinze) litros, cores diversas. Balde plástico polietileno de alta densidade (PAED), alta resistência a impacto, paredes e fundos reforçados, alça em aço zincado e com reforço na borda e no encaixe da alça, com capacidade para aproximadamente 15 (quinze) litros, cores diversas. | E12: Peça | F12: ARQPLAST | G12: 339030.22 | H12: 3.04 | I12: 20 | J12: =I12-(SUM(L12:W12)) -> 20 | K12: =IF(J12<0,"ATENÇÃO","OK") -> OK | M12: 0 | N12: 0 | O12: 0 | P12: 0 | Q12: 0 | R12: 0 | S12: 0 | T12: 0 | U12: 0 | V12: 0 | W12: 0
C13: 10 | D13: Escova para limpeza de vaso sanitário com suporte (do tipo vassoura, em forma de bola ou meia bola), com cerdas arredondadas em nylon; cabo e suporte em polipropileno; dimensão: 36x7.5x36cm, aproximadamente. | E13: Peça | F13: GAUCHA | G13: 339030.22 | H13: 3.54 | I13: 30 | J13: =I13-(SUM(L13:W13)) -> 30 | K13: =IF(J13<0,"ATENÇÃO","OK") -> OK | M13: 0 | N13: 0 | O13: 0 | P13: 0 | Q13: 0 | R13: 0 | S13: 0 | T13: 0 | U13: 0 | V13: 0 | W13: 0
C14: 11 | D14: Escovão para limpeza, com cerdas de nylon, base em material plástico ou polipropileno resistente com aproximadamente 25 cm e cabo de madeira isenta de farpas, revestido em material plástico ou polipropileno, medindo aproximadamente 1,20 metros, fixação com sistema de rosca (resistente). | E14: Peça | F14: GAUCHA | G14: 339030.22 | H14: 4.24 | I14: 30 | J14: =I14-(SUM(L14:W14)) -> 30 | K14: =IF(J14<0,"ATENÇÃO","OK") -> OK | M14: 0 | N14: 0 | O14: 0 | P14: 0 | Q14: 0 | R14: 0 | S14: 0 | T14: 0 | U14: 0 | V14: 0 | W14: 0
C15: 12 | D15: Esfregão (esponja) de aço, para limpeza de panela, com 15g (admitindo-se variação de até 1g), embalagem individual, em invólucro plástico lacrado, acondicionados em caixa de papelão resistente que suporte empilhamento. Prazo de validade: 12 meses a partir de cada entrega de pedido. | E15: Peça | F15: INOVE | G15: 339030.22 | H15: 0.81 | I15: 100 | J15: =I15-(SUM(L15:W15)) -> 100 | K15: =IF(J15<0,"ATENÇÃO","OK") -> OK | M15: 0 | N15: 0 | O15: 0 | P15: 0 | Q15: 0 | R15: 0 | S15: 0 | T15: 0 | U15: 0 | V15: 0 | W15: 0
C16: 13 | D16: Lã de aço, (em aço carbono), para limpeza e brilho, embalagem em pacote plástico lacrado com 08 unidades, pesando no mínimo 60g e acondicionadas em caixa de papelão resistente que suporte empilhamento. | E16: Pacote | F16: INOVE | G16: 339030.22 | H16: 0.96 | I16: 78 | J16: =I16-(SUM(L16:W16)) -> 78 | K16: =IF(J16<0,"ATENÇÃO","OK") -> OK | M16: 0 | N16: 0 | O16: 0 | P16: 0 | Q16: 0 | R16: 0 | S16: 0 | T16: 0 | U16: 0 | V16: 0 | W16: 0
C17: 14 | D17: Pá para lixo, de material plástico resistente, cabo curto, corpo único, acondicionadas em caixa de papelão resistente que suporte empilhamento. | E17: Peça | F17: GAUCHA | G17: 339030.22 | H17: 1.15 | I17: 30 | J17: =I17-(SUM(L17:W17)) -> 30 | K17: =IF(J17<0,"ATENÇÃO","OK") -> OK | M17: 0 | N17: 0 | O17: 0 | P17: 0 | Q17: 0 | R17: 0 | S17: 0 | T17: 0 | U17: 0 | V17: 0 | W17: 0
C18: 15 | D18: Guardanapo de papel, cor branca, macio, com alto poder de absorção, gramatura 19g a 22g/m2, medindo 30cm x 30cm, sem rebarbas no corte lateral, em embalagem com 50 (cinqüenta) unidades, acondicionado em caixa de papelão resistente que suporte empilhamento. (A vencedora apresentará, em até 02 dias úteis: Laudo Microbiológico, conforme Portaria MS nº 1.480 de 31/12/90., de laboratório credenciado pelo INMETRO, ou habilitado no REBLAS/ANVISA. | E18: Pacote | F18: SORELLA | G18: 339030.22 | H18: 1.16 | I18: 156 | J18: =I18-(SUM(L18:W18)) -> 156 | K18: =IF(J18<0,"ATENÇÃO","OK") -> OK | M18: 0 | N18: 0 | O18: 0 | P18: 0 | Q18: 0 | R18: 0 | S18: 0 | T18: 0 | U18: 0 | V18: 0 | W18: 0
C19: 16 | D19: Filtro de papel para café, com gramatura de 54 g/m2, com fechamento de dupla prensagem, tamanho 103, na cor branca; embalagem com 30 a 40 unidades, acondicionadas em caixa. | E19: Caixa | F19: BRIGITTA | G19: 339030.21 | H19: 2.11 | J19: =I19-(SUM(L19:W19)) -> 0 | K19: =IF(J19<0,"ATENÇÃO","OK") -> OK | M19: 0 | N19: 0 | O19: 0 | P19: 0 | Q19: 0 | R19: 0 | S19: 0 | T19: 0 | U19: 0 | V19: 0 | W19: 0
C20: 17 | D20: Fósforo doméstico, em maço com 10 caixas, com 40 palitos, acondicionados em pacotes. | E20: Caixa | F20: ZEBRA | G20: 339030.21 | H20: 0.12 | I20: 24 | J20: =I20-(SUM(L20:W20)) -> 24 | K20: =IF(J20<0,"ATENÇÃO","OK") -> OK | M20: 0 | N20: 0 | O20: 0 | P20: 0 | Q20: 0 | R20: 0 | S20: 0 | T20: 0 | U20: 0 | V20: 0 | W20: 0
C21: 18 | D21: Repelente elétrico para mosquito, que pemite o uso de pastilhas. Bivolt. | E21: Peça | F21: FLORA | G21: 339030.22 | H21: 10.14 | J21: =I21-(SUM(L21:W21)) -> 0 | K21: =IF(J21<0,"ATENÇÃO","OK") -> OK | M21: 0 | N21: 0 | O21: 0 | P21: 0 | Q21: 0 | R21: 0 | S21: 0 | T21: 0 | U21: 0 | V21: 0 | W21: 0
C22: 19 | D22: Pastilha para uso em repelente elétrico, cada pacote com 12 unidades | E22: Pacote | F22: PERINCET | G22: 339030.22 | H22: 1.95 | J22: =I22-(SUM(L22:W22)) -> 0 | K22: =IF(J22<0,"ATENÇÃO","OK") -> OK | M22: 0 | N22: 0 | O22: 0 | P22: 0 | Q22: 0 | R22: 0 | S22: 0 | T22: 0 | U22: 0 | V22: 0 | W22: 0
A23: Goedert Imports Ltda EPP | B23: 5 | C23: 20 | D23: Tapete, em nylon, com acabamento, tapete profissional para retenção de sujeira seca e úmida, Iron Horse, impede que a sujeira e a umidade entrem em contato com o piso, tornando-o escorregadio e perigoso. Produzido em solution-dyed nylon, resistente ao desbotamento, bordas rebaixadas de borracha nitrílica, 100% lavável, resistente à lavagem industrial, nylon opti-twist que transforma o tapete numa escova capaz de reter seu próprio peso em sujeira e umidade, retenção de até 70% da sujeira e umidade, alto tráfego. medidas 85 x 150 cm. cor: Granito. | E23: Peça | F23: Iron Horse | G23: 339030.22 | H23: 487.41 | I23: 10 | J23: =I23-(SUM(L23:W23)) -> 10 | K23: =IF(J23<0,"ATENÇÃO","OK") -> OK | M23: 0 | N23: 0 | O23: 0 | P23: 0 | Q23: 0 | R23: 0 | S23: 0 | T23: 0 | U23: 0 | V23: 0 | W23: 0
D25: *Prazos de Entrega e Pagamento conforme edital

Sheet CEART
A1: PROCESSO: 0462/2015/UDESC | D1: OBJETO: AQUISIÇÃO DE MATERIAL DE HIGIENE E LIMPEZA PARA A UDESC | I1: VIGÊNCIA DA ATA: 23/07/2015 até 22/07/2016 | L1: AF 1304/2015 | M1: AF 1874/2015 | N1: AF 1875/2015 | O1: AF 1900/2015 | P1: AF/OS nº xxxx/2015 Qtde. DT | Q1: AF/OS nº xxxx/2015 Qtde. DT | R1: AF/OS nº xxxx/2015 Qtde. DT | S1: AF/OS nº xxxx/2015 Qtde. DT | T1: AF/OS nº xxxx/2015 Qtde. DT | U1: AF/OS nº xxxx/2015 Qtde. DT | V1: AF/OS nº xxxx/2015 Qtde. DT | W1: AF/OS nº xxxx/2015 Qtde. DT
A2: CENTRO PARTICIPANTE: CEART
A3: FORNECEDOR | B3: LOTE | C3: ITEM | D3: PRODUTO - CARACTERÍSTICAS MÍNIMAS | E3: UNIDADE | F3: MARCA | G3: DETALHAMENTO | H3: Preço UNITÁRIO (R$) | I3: Qtde Registrada | J3: Saldo / Automático | K3: ALERTA | L3: 42214 | M3: 42285 | N3: 42285 | O3: 42286 | P3: ...../...../...... | Q3: ...../...../...... | R3: ...../...../...... | S3: ...../...../...... | T3: ...../...../...... | U3: ...../...../...... | V3: ...../...../...... | W3: ...../...../......
A4: Comercial Multiville LTDA EPP | B4: 1 | C4: 1 | D4: Sabonete glicerinado, em barra, para uso geral, com aproximadamente 90 gramas, embalagem individual e acondicionados em caixa. (Apresentar: AFE-Autorização de Funcionamento da Empresa e Notificação no MS ANVISA, cfe DECRETO Nº 79.094/77, RDC 343/2005). | E4: Peça | F4: Motivus | G4: 339030.22 | H4: 0.94 | J4: =I4-(SUM(L4:W4)) -> 0 | K4: =IF(J4<0,"ATENÇÃO","OK") -> OK | L4: 0 | M4: 0 | N4: 0 | O4: 0 | P4: 0 | Q4: 0 | R4: 0 | S4: 0 | T4: 0 | U4: 0 | V4: 0 | W4: 0
C5: 2 | D5: Sabonete líquido aromatizado, fragrância suave, alta viscosidade, hipoalergênico, frasco com 5 litros, acondicionados em caixa de papelão resistente que suporte empilhamento. (Apresentar: Laudo de Irritabilidade Dérmica, conclusivo, que comprove ser HIPOALERGÊNICO, expedido por laboratório credenciado pela ANVISA, AFE-Autorização de Funcionamento da Empresa e Notificação no MS ANVISA, cfe DECRETO Nº 79.094/77, RDC 343/2005). | E5: Galão | F5: Saúba | G5: 339030.22 | H5: 12.95 | I5: 150 | J5: =I5-(SUM(L5:W5)) -> 125 | K5: =IF(J5<0,"ATENÇÃO","OK") -> OK | L5: 10 | M5: 15 | N5: 0 | O5: 0 | P5: 0 | Q5: 0 | R5: 0 | S5: 0 | T5: 0 | U5: 0 | V5: 0 | W5: 0
C6: 3 | D6: Saboneteira em plástico ABS, com válvula, para uso de sabonete em espuma refil 800ml, com abertura em "chave". Cor branca ou bege. | E6: Peça | F6: Nobre | G6: 339030.22 | H6: 31.21 | J6: =I6-(SUM(L6:W6)) -> 0 | K6: =IF(J6<0,"ATENÇÃO","OK") -> OK | L6: 0 | M6: 0 | N6: 0 | O6: 0 | P6: 0 | Q6: 0 | R6: 0 | S6: 0 | T6: 0 | U6: 0 | V6: 0 | W6: 0
C7: 4 | D7: Sabonete para uso em saboneteira espumante, sem válvula, refil com 800ml, fragrância erva doce. (Apresentar: Laudo de Irritabilidade Dérmica, conclusivo, que comprove ser HIPOALERGÊNICO, expedido por laboratório credenciado pela ANVISA, AFE-Autorização de Funcionamento da Empresa e Notificação no MS ANVISA, cfe DECRETO Nº 79.094/77, RDC 343/2005). | E7: Peça | F7: Saúba | G7: 339030.22 | H7: 15.5 | J7: =I7-(SUM(L7:W7)) -> 0 | K7: =IF(J7<0,"ATENÇÃO","OK") -> OK | L7: 0 | M7: 0 | N7: 0 | O7: 0 | P7: 0 | Q7: 0 | R7: 0 | S7: 0 | T7: 0 | U7: 0 | V7: 0 | W7: 0
A8: L1 Serv. Org. Feiras Cong. Viagens e Eventos Ltda ME | B8: 2 | C8: 5 | D8: Pano de copa, em tecido 100% algodão, branco alvejado, medindo 0,70 x 0,50m, com bainha, com peso mínimo de 70g, admitindo-se variação de até 10% no peso e na medida; embalados individualmente, acondicionados em pacote com 50 unidades. O pano deverá conter etiqueta de fábrica indicando a composição do tecido e a metragem. Prazo de validade: 12 meses a partir de cada entrega de pedido. | E8: Peça | F8: Amabile/Amabile | G8: 339030.22 | H8: 1.49 | I8: 1000 | J8: =I8-(SUM(L8:W8)) -> 1000 | K8: =IF(J8<0,"ATENÇÃO","OK") -> OK | L8: 0 | M8: 0 | N8: 0 | O8: 0 | P8: 0 | Q8: 0 | R8: 0 | S8: 0 | T8: 0 | U8: 0 | V8: 0 | W8: 0
C9: 6 | D9: Saco de tecido, 100% algodão, para limpeza, lavado e alvejado, medidas externas: 70 cm de altura x 50 cm de largura, com peso mínimo de 190 gramas (admitindo-se variação de até 10% no peso e nas medidas), embalados em pacote com 10 unidades e acondicionados em fardos com 5 pacotes. O pano deverá conter etiqueta de fábrica informando a composição do tecido e metragem. Prazo de validade: 12 meses a partir de cada pedido de entrega. | E9: Peça | F9: Amabile/Amabile | G9: 339030.22 | H9: 3.3 | I9: 2000 | J9: =I9-(SUM(L9:W9)) -> 1900 | K9: =IF(J9<0,"ATENÇÃO","OK") -> OK | L9: 0 | M9: 0 | N9: 100 | O9: 0 | P9: 0 | Q9: 0 | R9: 0 | S9: 0 | T9: 0 | U9: 0 | V9: 0 | W9: 0
C10: 7 | D10: Flanela, peluciada em ambos os lados, para limpeza medindo 0,60 x 0,40 metros (admitindo-se variação de até 10%), com bordas chuleadas, embaladas individualmente e acondicionadas em pacote com 50 unidades. | E10: Peça | F10: Cristal/Cristal | G10: 339030.22 | H10: 1.27 | I10: 2000 | J10: =I10-(SUM(L10:W10)) -> 2000 | K10: =IF(J10<0,"ATENÇÃO","OK") -> OK | L10: 0 | M10: 0 | N10: 0 | O10: 0 | P10: 0 | Q10: 0 | R10: 0 | S10: 0 | T10: 0 | U10: 0 | V10: 0 | W10: 0
A11: Deivid Reinert ME - Alterado para Embalastil Ltda ME | B11: 3 | C11: 8 | D11: Papel toalha rolão, gramatura mínima 28g/m2, cor branca, 100% celulose virgem, sem pigmentação aparente oriunda da utilização de aparas de material impresso, gofrado, macio, com alto poder de absorção, distribuição homogênea das fibras ao longo do papel, sem rebarbas no corte lateral; rolo com 0,20x100 metros; embalado em fardo com 8 rolos. (A vencedora apresentará, em até 02 dias úteis: laudo microbiológico, conforme Portaria MS nº 1.480 de 31/12/90., de laboratório credenciado pelo INMETRO, ou habilitado no REBLAS/ANVISA. Será analisada a amostra pelo responsável técnico, através da aplicação da fórmula - peso mínimo: 0,20X100X28=560 gramas). | E11: Rolo | F11: Embalastil | G11: 339030.22 | H11: 3.5 | I11: 10000 | J11: =I11-(SUM(L11:W11)) -> 8520 | K11: =IF(J11<0,"ATENÇÃO","OK") -> OK | L11: 0 | M11: 0 | N11: 0 | O11: =185*8 -> 1480 | P11: 0 | Q11: 0 | R11: 0 | S11: 0 | T11: 0 | U11: 0 | V11: 0 | W11: 0
A12: Elo Comércio e Serviços LTDA ME | B12: 4 | C12: 9 | D12: Balde plástico com alça, borda reforçada, com capacidade para aproximadamente 15 (quinze) litros, cores diversas. Balde plástico polietileno de alta densidade (PAED), alta resistência a impacto, paredes e fundos reforçados, alça em aço zincado e com reforço na borda e no encaixe da alça, com capacidade para aproximadamente 15 (quinze) litros, cores diversas. | E12: Peça | F12: ARQPLAST | G12: 339030.22 | H12: 3.04 | I12: 30 | J12: =I12-(SUM(L12:W12)) -> 30 | K12: =IF(J12<0,"ATENÇÃO","OK") -> OK | L12: 0 | M12: 0 | N12: 0 | O12: 0 | P12: 0 | Q12: 0 | R12: 0 | S12: 0 | T12: 0 | U12: 0 | V12: 0 | W12: 0
C13: 10 | D13: Escova para limpeza de vaso sanitário com suporte (do tipo vassoura, em forma de bola ou meia bola), com cerdas arredondadas em nylon; cabo e suporte em polipropileno; dimensão: 36x7.5x36cm, aproximadamente. | E13: Peça | F13: GAUCHA | G13: 339030.22 | H13: 3.54 | I13: 50 | J13: =I13-(SUM(L13:W13)) -> 50 | K13: =IF(J13<0,"ATENÇÃO","OK") -> OK | L13: 0 | M13: 0 | N13: 0 | O13: 0 | P13: 0 | Q13: 0 | R13: 0 | S13: 0 | T13: 0 | U13: 0 | V13: 0 | W13: 0
C14: 11 | D14: Escovão para limpeza, com cerdas de nylon, base em material plástico ou polipropileno resistente com aproximadamente 25 cm e cabo de madeira isenta de farpas, revestido em material plástico ou polipropileno, medindo aproximadamente 1,20 metros, fixação com sistema de rosca (resistente). | E14: Peça | F14: GAUCHA | G14: 339030.22 | H14: 4.24 | J14: =I14-(SUM(L14:W14)) -> 0 | K14: =IF(J14<0,"ATENÇÃO","OK") -> OK | L14: 0 | M14: 0 | N14: 0 | O14: 0 | P14: 0 | Q14: 0 | R14: 0 | S14: 0 | T14: 0 | U14: 0 | V14: 0 | W14: 0
C15: 12 | D15: Esfregão (esponja) de aço, para limpeza de panela, com 15g (admitindo-se variação de até 1g), embalagem individual, em invólucro plástico lacrado, acondicionados em caixa de papelão resistente que suporte empilhamento. Prazo de validade: 12 meses a partir de cada entrega de pedido. | E15: Peça | F15: INOVE | G15: 339030.22 | H15: 0.81 | J15: =I15-(SUM(L15:W15)) -> 0 | K15: =IF(J15<0,"ATENÇÃO","OK") -> OK | L15: 0 | M15: 0 | N15: 0 | O15: 0 | P15: 0 | Q15: 0 | R15: 0 | S15: 0 | T15: 0 | U15: 0 | V15: 0 | W15: 0
C16: 13 | D16: Lã de aço, (em aço carbono), para limpeza e brilho, embalagem em pacote plástico lacrado com 08 unidades, pesando no mínimo 60g e acondicionadas em caixa de papelão resistente que suporte empilhamento. | E16: Pacote | F16: INOVE | G16: 339030.22 | H16: 0.96 | I16: 300 | J16: =I16-(SUM(L16:W16)) -> 300 | K16: =IF(J16<0,"ATENÇÃO","OK") -> OK | L16: 0 | M16: 0 | N16: 0 | O16: 0 | P16: 0 | Q16: 0 | R16: 0 | S16: 0 | T16: 0 | U16: 0 | V16: 0 | W16: 0
C17: 14 | D17: Pá para lixo, de material plástico resistente, cabo curto, corpo único, acondicionadas em caixa de papelão resistente que suporte empilhamento. | E17: Peça | F17: GAUCHA | G17: 339030.22 | H17: 1.15 | I17: 60 | J17: =I17-(SUM(L17:W17)) -> 60 | K17: =IF(J17<0,"ATENÇÃO","OK") -> OK | L17: 0 | M17: 0 | N17: 0 | O17: 0 | P17: 0 | Q17: 0 | R17: 0 | S17: 0 | T17: 0 | U17: 0 | V17: 0 | W17: 0
C18: 15 | D18: Guardanapo de papel, cor branca, macio, com alto poder de absorção, gramatura 19g a 22g/m2, medindo 30cm x 30cm, sem rebarbas no corte lateral, em embalagem com 50 (cinqüenta) unidades, acondicionado em caixa de papelão resistente que suporte empilhamento. (A vencedora apresentará, em até 02 dias úteis: Laudo Microbiológico, conforme Portaria MS nº 1.480 de 31/12/90., de laboratório credenciado pelo INMETRO, ou habilitado no REBLAS/ANVISA. | E18: Pacote | F18: SORELLA | G18: 339030.22 | H18: 1.16 | I18: 100 | J18: =I18-(SUM(L18:W18)) -> 100 | K18: =IF(J18<0,"ATENÇÃO","OK") -> OK | L18: 0 | M18: 0 | N18: 0 | O18: 0 | P18: 0 | Q18: 0 | R18: 0 | S18: 0 | T18: 0 | U18: 0 | V18: 0 | W18: 0
C19: 16 | D19: Filtro de papel para café, com gramatura de 54 g/m2, com fechamento de dupla prensagem, tamanho 103, na cor branca; embalagem com 30 a 40 unidades, acondicionadas em caixa. | E19: Caixa | F19: BRIGITTA | G19: 339030.21 | H19: 2.11 | J19: =I19-(SUM(L19:W19)) -> 0 | K19: =IF(J19<0,"ATENÇÃO","OK") -> OK | L19: 0 | M19: 0 | N19: 0 | O19: 0 | P19: 0 | Q19: 0 | R19: 0 | S19: 0 | T19: 0 | U19: 0 | V19: 0 | W19: 0
C20: 17 | D20: Fósforo doméstico, em maço com 10 caixas, com 40 palitos, acondicionados em pacotes. | E20: Caixa | F20: ZEBRA | G20: 339030.21 | H20: 0.12 | J20: =I20-(SUM(L20:W20)) -> 0 | K20: =IF(J20<0,"ATENÇÃO","OK") -> OK | L20: 0 | M20: 0 | N20: 0 | O20: 0 | P20: 0 | Q20: 0 | R20: 0 | S20: 0 | T20: 0 | U20: 0 | V20: 0 | W20: 0
C21: 18 | D21: Repelente elétrico para mosquito, que pemite o uso de pastilhas. Bivolt. | E21: Peça | F21: FLORA | G21: 339030.22 | H21: 10.14 | J21: =I21-(SUM(L21:W21)) -> 0 | K21: =IF(J21<0,"ATENÇÃO","OK") -> OK | L21: 0 | M21: 0 | N21: 0 | O21: 0 | P21: 0 | Q21: 0 | R21: 0 | S21: 0 | T21: 0 | U21: 0 | V21: 0 | W21: 0
C22: 19 | D22: Pastilha para uso em repelente elétrico, cada pacote com 12 unidades | E22: Pacote | F22: PERINCET | G22: 339030.22 | H22: 1.95 | J22: =I22-(SUM(L22:W22)) -> 0 | K22: =IF(J22<0,"ATENÇÃO","OK") -> OK | L22: 0 | M22: 0 | N22: 0 | O22: 0 | P22: 0 | Q22: 0 | R22: 0 | S22: 0 | T22: 0 | U22: 0 | V22: 0 | W22: 0
A23: Goedert Imports Ltda EPP | B23: 5 | C23: 20 | D23: Tapete, em nylon, com acabamento, tapete profissional para retenção de sujeira seca e úmida, Iron Horse, impede que a sujeira e a umidade entrem em contato com o piso, tornando-o escorregadio e perigoso. Produzido em solution-dyed nylon, resistente ao desbotamento, bordas rebaixadas de borracha nitrílica, 100% lavável, resistente à lavagem industrial, nylon opti-twist que transforma o tapete numa escova capaz de reter seu próprio peso em sujeira e umidade, retenção de até 70% da sujeira e umidade, alto tráfego. medidas 85 x 150 cm. cor: Granito. | E23: Peça | F23: Iron Horse | G23: 339030.22 | H23: 487.41 | J23: =I23-(SUM(L23:W23)) -> 0 | K23: =IF(J23<0,"ATENÇÃO","OK") -> OK | L23: 0 | M23: 0 | N23: 0 | O23: 0 | P23: 0 | Q23: 0 | R23: 0 | S23: 0 | T23: 0 | U23: 0 | V23: 0 | W23: 0
D25: *Prazos de Entrega e Pagamento conforme edital

Sheet CEFID
A1: PROCESSO: 0462/2015/UDESC | D1: OBJETO: AQUISIÇÃO DE MATERIAL DE HIGIENE E LIMPEZA PARA A UDESC | I1: VIGÊNCIA DA ATA: 23/07/2015 até 22/07/2016 | L1: AF/OS nº 1856/2015 Qtde. DT | M1: AF/OS nº 1916/2015 Qtde. DT | N1: AF/OS nº xxxx/2015 Qtde. DT | O1: AF/OS nº xxxx/2015 Qtde. DT | P1: AF/OS nº xxxx/2015 Qtde. DT | Q1: AF/OS nº xxxx/2015 Qtde. DT | R1: AF/OS nº xxxx/2015 Qtde. DT | S1: AF/OS nº xxxx/2015 Qtde. DT | T1: AF/OS nº xxxx/2015 Qtde. DT | U1: AF/OS nº xxxx/2015 Qtde. DT | V1: AF/OS nº xxxx/2015 Qtde. DT | W1: AF/OS nº xxxx/2015 Qtde. DT
A2: CENTRO PARTICIPANTE: CEFID
A3: FORNECEDOR | B3: LOTE | C3: ITEM | D3: PRODUTO - CARACTERÍSTICAS MÍNIMAS | E3: UNIDADE | F3: MARCA | G3: DETALHAMENTO | H3: Preço UNITÁRIO (R$) | I3: Qtde Registrada | J3: Saldo / Automático | K3: ALERTA | L3: 42283 | M3: 42290 | N3: ...../...../...... | O3: ...../...../...... | P3: ...../...../...... | Q3: ...../...../...... | R3: ...../...../...... | S3: ...../...../...... | T3: ...../...../...... | U3: ...../...../...... | V3: ...../...../...... | W3: ...../...../......
A4: Comercial Multiville LTDA EPP | B4: 1 | C4: 1 | D4: Sabonete glicerinado, em barra, para uso geral, com aproximadamente 90 gramas, embalagem individual e acondicionados em caixa. (Apresentar: AFE-Autorização de Funcionamento da Empresa e Notificação no MS ANVISA, cfe DECRETO Nº 79.094/77, RDC 343/2005). | E4: Peça | F4: Motivus | G4: 339030.22 | H4: 0.94 | J4: =I4-(SUM(L4:W4)) -> 0 | K4: =IF(J4<0,"ATENÇÃO","OK") -> OK | L4: 0 | M4: 0 | N4: 0 | O4: 0 | P4: 0 | Q4: 0 | R4: 0 | S4: 0 | T4: 0 | U4: 0 | V4: 0 | W4: 0
C5: 2 | D5: Sabonete líquido aromatizado, fragrância suave, alta viscosidade, hipoalergênico, frasco com 5 litros, acondicionados em caixa de papelão resistente que suporte empilhamento. (Apresentar: Laudo de Irritabilidade Dérmica, conclusivo, que comprove ser HIPOALERGÊNICO, expedido por laboratório credenciado pela ANVISA, AFE-Autorização de Funcionamento da Empresa e Notificação no MS ANVISA, cfe DECRETO Nº 79.094/77, RDC 343/2005). | E5: Galão | F5: Saúba | G5: 339030.22 | H5: 12.95 | I5: 120 | J5: =I5-(SUM(L5:W5)) -> 90 | K5: =IF(J5<0,"ATENÇÃO","OK") -> OK | L5: 30 | M5: 0 | N5: 0 | O5: 0 | P5: 0 | Q5: 0 | R5: 0 | S5: 0 | T5: 0 | U5: 0 | V5: 0 | W5: 0
C6: 3 | D6: Saboneteira em plástico ABS, com válvula, para uso de sabonete em espuma refil 800ml, com abertura em "chave". Cor branca ou bege. | E6: Peça | F6: Nobre | G6: 339030.22 | H6: 31.21 | J6: =I6-(SUM(L6:W6)) -> 0 | K6: =IF(J6<0,"ATENÇÃO","OK") -> OK | L6: 0 | M6: 0 | N6: 0 | O6: 0 | P6: 0 | Q6: 0 | R6: 0 | S6: 0 | T6: 0 | U6: 0 | V6: 0 | W6: 0
C7: 4 | D7: Sabonete para uso em saboneteira espumante, sem válvula, refil com 800ml, fragrância erva doce. (Apresentar: Laudo de Irritabilidade Dérmica, conclusivo, que comprove ser HIPOALERGÊNICO, expedido por laboratório credenciado pela ANVISA, AFE-Autorização de Funcionamento da Empresa e Notificação no MS ANVISA, cfe DECRETO Nº 79.094/77, RDC 343/2005). | E7: Peça | F7: Saúba | G7: 339030.22 | H7: 15.5 | J7: =I7-(SUM(L7:W7)) -> 0 | K7: =IF(J7<0,"ATENÇÃO","OK") -> OK | L7: 0 | M7: 0 | N7: 0 | O7: 0 | P7: 0 | Q7: 0 | R7: 0 | S7: 0 | T7: 0 | U7: 0 | V7: 0 | W7: 0
A8: L1 Serv. Org. Feiras Cong. Viagens e Eventos Ltda ME | B8: 2 | C8: 5 | D8: Pano de copa, em tecido 100% algodão, branco alvejado, medindo 0,70 x 0,50m, com bainha, com peso mínimo de 70g, admitindo-se variação de até 10% no peso e na medida; embalados individualmente, acondicionados em pacote com 50 unidades. O pano deverá conter etiqueta de fábrica indicando a composição do tecido e a metragem. Prazo de validade: 12 meses a partir de cada entrega de pedido. | E8: Peça | F8: Amabile/Amabile | G8: 339030.22 | H8: 1.49 | I8: 800 | J8: =I8-(SUM(L8:W8)) -> 800 | K8: =IF(J8<0,"ATENÇÃO","OK") -> OK | L8: 0 | M8: 0 | N8: 0 | O8: 0 | P8: 0 | Q8: 0 | R8: 0 | S8: 0 | T8: 0 | U8: 0 | V8: 0 | W8: 0
C9: 6 | D9: Saco de tecido, 100% algodão, para limpeza, lavado e alvejado, medidas externas: 70 cm de altura x 50 cm de largura, com peso mínimo de 190 gramas (admitindo-se variação de até 10% no peso e nas medidas), embalados em pacote com 10 unidades e acondicionados em fardos com 5 pacotes. O pano deverá conter etiqueta de fábrica informando a composição do tecido e metragem. Prazo de validade: 12 meses a partir de cada pedido de entrega. | E9: Peça | F9: Amabile/Amabile | G9: 339030.22 | H9: 3.3 | I9: 800 | J9: =I9-(SUM(L9:W9)) -> 800 | K9: =IF(J9<0,"ATENÇÃO","OK") -> OK | L9: 0 | M9: 0 | N9: 0 | O9: 0 | P9: 0 | Q9: 0 | R9: 0 | S9: 0 | T9: 0 | U9: 0 | V9: 0 | W9: 0
C10: 7 | D10: Flanela, peluciada em ambos os lados, para limpeza medindo 0,60 x 0,40 metros (admitindo-se variação de até 10%), com bordas chuleadas, embaladas individualmente e acondicionadas em pacote com 50 unidades. | E10: Peça | F10: Cristal/Cristal | G10: 339030.22 | H10: 1.27 | I10: 800 | J10: =I10-(SUM(L10:W10)) -> 800 | K10: =IF(J10<0,"ATENÇÃO","OK") -> OK | L10: 0 | M10: 0 | N10: 0 | O10: 0 | P10: 0 | Q10: 0 | R10: 0 | S10: 0 | T10: 0 | U10: 0 | V10: 0 | W10: 0
A11: Deivid Reinert ME - Alterado para Embalastil Ltda ME | B11: 3 | C11: 8 | D11: Papel toalha rolão, gramatura mínima 28g/m2, cor branca, 100% celulose virgem, sem pigmentação aparente oriunda da utilização de aparas de material impresso, gofrado, macio, com alto poder de absorção, distribuição homogênea das fibras ao longo do papel, sem rebarbas no corte lateral; rolo com 0,20x100 metros; embalado em fardo com 8 rolos. (A vencedora apresentará, em até 02 dias úteis: laudo microbiológico, conforme Portaria MS nº 1.480 de 31/12/90., de laboratório credenciado pelo INMETRO, ou habilitado no REBLAS/ANVISA. Será analisada a amostra pelo responsável técnico, através da aplicação da fórmula - peso mínimo: 0,20X100X28=560 gramas). | E11: Rolo | F11: Embalastil | G11: 339030.22 | H11: 3.5 | J11: =I11-(SUM(L11:W11)) -> 0 | K11: =IF(J11<0,"ATENÇÃO","OK") -> OK | L11: 0 | M11: 0 | N11: 0 | O11: 0 | P11: 0 | Q11: 0 | R11: 0 | S11: 0 | T11: 0 | U11: 0 | V11: 0 | W11: 0
A12: Elo Comércio e Serviços LTDA ME | B12: 4 | C12: 9 | D12: Balde plástico com alça, borda reforçada, com capacidade para aproximadamente 15 (quinze) litros, cores diversas. Balde plástico polietileno de alta densidade (PAED), alta resistência a impacto, paredes e fundos reforçados, alça em aço zincado e com reforço na borda e no encaixe da alça, com capacidade para aproximadamente 15 (quinze) litros, cores diversas. | E12: Peça | F12: ARQPLAST | G12: 339030.22 | H12: 3.04 | I12: 50 | J12: =I12-(SUM(L12:W12)) -> 30 | K12: =IF(J12<0,"ATENÇÃO","OK") -> OK | L12: 0 | M12: 20 | N12: 0 | O12: 0 | P12: 0 | Q12: 0 | R12: 0 | S12: 0 | T12: 0 | U12: 0 | V12: 0 | W12: 0
C13: 10 | D13: Escova para limpeza de vaso sanitário com suporte (do tipo vassoura, em forma de bola ou meia bola), com cerdas arredondadas em nylon; cabo e suporte em polipropileno; dimensão: 36x7.5x36cm, aproximadamente. | E13: Peça | F13: GAUCHA | G13: 339030.22 | H13: 3.54 | I13: 50 | J13: =I13-(SUM(L13:W13)) -> 20 | K13: =IF(J13<0,"ATENÇÃO","OK") -> OK | L13: 0 | M13: 30 | N13: 0 | O13: 0 | P13: 0 | Q13: 0 | R13: 0 | S13: 0 | T13: 0 | U13: 0 | V13: 0 | W13: 0
C14: 11 | D14: Escovão para limpeza, com cerdas de nylon, base em material plástico ou polipropileno resistente com aproximadamente 25 cm e cabo de madeira isenta de farpas, revestido em material plástico ou polipropileno, medindo aproximadamente 1,20 metros, fixação com sistema de rosca (resistente). | E14: Peça | F14: GAUCHA | G14: 339030.22 | H14: 4.24 | J14: =I14-(SUM(L14:W14)) -> 0 | K14: =IF(J14<0,"ATENÇÃO","OK") -> OK | L14: 0 | M14: 0 | N14: 0 | O14: 0 | P14: 0 | Q14: 0 | R14: 0 | S14: 0 | T14: 0 | U14: 0 | V14: 0 | W14: 0
C15: 12 | D15: Esfregão (esponja) de aço, para limpeza de panela, com 15g (admitindo-se variação de até 1g), embalagem individual, em invólucro plástico lacrado, acondicionados em caixa de papelão resistente que suporte empilhamento. Prazo de validade: 12 meses a partir de cada entrega de pedido. | E15: Peça | F15: INOVE | G15: 339030.22 | H15: 0.81 | I15: 50 | J15: =I15-(SUM(L15:W15)) -> 50 | K15: =IF(J15<0,"ATENÇÃO","OK") -> OK | L15: 0 | M15: 0 | N15: 0 | O15: 0 | P15: 0 | Q15: 0 | R15: 0 | S15: 0 | T15: 0 | U15: 0 | V15: 0 | W15: 0
C16: 13 | D16: Lã de aço, (em aço carbono), para limpeza e brilho, embalagem em pacote plástico lacrado com 08 unidades, pesando no mínimo 60g e acondicionadas em caixa de papelão resistente que suporte empilhamento. | E16: Pacote | F16: INOVE | G16: 339030.22 | H16: 0.96 | I16: 50 | J16: =I16-(SUM(L16:W16)) -> 50 | K16: =IF(J16<0,"ATENÇÃO","OK") -> OK | L16: 0 | M16: 0 | N16: 0 | O16: 0 | P16: 0 | Q16: 0 | R16: 0 | S16: 0 | T16: 0 | U16: 0 | V16: 0 | W16: 0
C17: 14 | D17: Pá para lixo, de material plástico resistente, cabo curto, corpo único, acondicionadas em caixa de papelão resistente que suporte empilhamento. | E17: Peça | F17: GAUCHA | G17: 339030.22 | H17: 1.15 | I17: 150 | J17: =I17-(SUM(L17:W17)) -> 150 | K17: =IF(J17<0,"ATENÇÃO","OK") -> OK | L17: 0 | M17: 0 | N17: 0 | O17: 0 | P17: 0 | Q17: 0 | R17: 0 | S17: 0 | T17: 0 | U17: 0 | V17: 0 | W17: 0
C18: 15 | D18: Guardanapo de papel, cor branca, macio, com alto poder de absorção, gramatura 19g a 22g/m2, medindo 30cm x 30cm, sem rebarbas no corte lateral, em embalagem com 50 (cinqüenta) unidades, acondicionado em caixa de papelão resistente que suporte empilhamento. (A vencedora apresentará, em até 02 dias úteis: Laudo Microbiológico, conforme Portaria MS nº 1.480 de 31/12/90., de laboratório credenciado pelo INMETRO, ou habilitado no REBLAS/ANVISA. | E18: Pacote | F18: SORELLA | G18: 339030.22 | H18: 1.16 | I18: 100 | J18: =I18-(SUM(L18:W18)) -> 100 | K18: =IF(J18<0,"ATENÇÃO","OK") -> OK | L18: 0 | M18: 0 | N18: 0 | O18: 0 | P18: 0 | Q18: 0 | R18: 0 | S18: 0 | T18: 0 | U18: 0 | V18: 0 | W18: 0
C19: 16 | D19: Filtro de papel para café, com gramatura de 54 g/m2, com fechamento de dupla prensagem, tamanho 103, na cor branca; embalagem com 30 a 40 unidades, acondicionadas em caixa. | E19: Caixa | F19: BRIGITTA | G19: 339030.21 | H19: 2.11 | I19: 50 | J19: =I19-(SUM(L19:W19)) -> 0 | K19: =IF(J19<0,"ATENÇÃO","OK") -> OK | L19: 0 | M19: 50 | N19: 0 | O19: 0 | P19: 0 | Q19: 0 | R19: 0 | S19: 0 | T19: 0 | U19: 0 | V19: 0 | W19: 0
C20: 17 | D20: Fósforo doméstico, em maço com 10 caixas, com 40 palitos, acondicionados em pacotes. | E20: Caixa | F20: ZEBRA | G20: 339030.21 | H20: 0.12 | J20: =I20-(SUM(L20:W20)) -> 0 | K20: =IF(J20<0,"ATENÇÃO","OK") -> OK | L20: 0 | M20: 0 | N20: 0 | O20: 0 | P20: 0 | Q20: 0 | R20: 0 | S20: 0 | T20: 0 | U20: 0 | V20: 0 | W20: 0
C21: 18 | D21: Repelente elétrico para mosquito, que pemite o uso de pastilhas. Bivolt. | E21: Peça | F21: FLORA | G21: 339030.22 | H21: 10.14 | J21: =I21-(SUM(L21:W21)) -> 0 | K21: =IF(J21<0,"ATENÇÃO","OK") -> OK | L21: 0 | M21: 0 | N21: 0 | O21: 0 | P21: 0 | Q21: 0 | R21: 0 | S21: 0 | T21: 0 | U21: 0 | V21: 0 | W21: 0
C22: 19 | D22: Pastilha para uso em repelente elétrico, cada pacote com 12 unidades | E22: Pacote | F22: PERINCET | G22: 339030.22 | H22: 1.95 | J22: =I22-(SUM(L22:W22)) -> 0 | K22: =IF(J22<0,"ATENÇÃO","OK") -> OK | L22: 0 | M22: 0 | N22: 0 | O22: 0 | P22: 0 | Q22: 0 | R22: 0 | S22: 0 | T22: 0 | U22: 0 | V22: 0 | W22: 0
A23: Goedert Imports Ltda EPP | B23: 5 | C23: 20 | D23: Tapete, em nylon, com acabamento, tapete profissional para retenção de sujeira seca e úmida, Iron Horse, impede que a sujeira e a umidade entrem em contato com o piso, tornando-o escorregadio e perigoso. Produzido em solution-dyed nylon, resistente ao desbotamento, bordas rebaixadas de borracha nitrílica, 100% lavável, resistente à lavagem industrial, nylon opti-twist que transforma o tapete numa escova capaz de reter seu próprio peso em sujeira e umidade, retenção de até 70% da sujeira e umidade, alto tráfego. medidas 85 x 150 cm. cor: Granito. | E23: Peça | F23: Iron Horse | G23: 339030.22 | H23: 487.41 | J23: =I23-(SUM(L23:W23)) -> 0 | K23: =IF(J23<0,"ATENÇÃO","OK") -> OK | L23: 0 | M23: 0 | N23: 0 | O23: 0 | P23: 0 | Q23: 0 | R23: 0 | S23: 0 | T23: 0 | U23: 0 | V23: 0 | W23: 0
D25: *Prazos de Entrega e Pagamento conforme edital

Sheet FAED
A1: PROCESSO: 0462/2015/UDESC | D1: OBJETO: AQUISIÇÃO DE MATERIAL DE HIGIENE E LIMPEZA PARA A UDESC | I1: VIGÊNCIA DA ATA: 23/07/2015 até 22/07/2016 | L1: AF/OS nº 1361/2015 Qtde. DT | M1: AF/OS nº 1362/2015 Qtde. DT | N1: AF/OS nº 1364/2015 Qtde. DT | O1: AF/OS nº 1365/2015 Qtde. DT | P1: AF/OS nº 2087/2015 Qtde. DT | Q1: AF/OS nº xxxx/2015 Qtde. DT | R1: AF/OS nº xxxx/2015 Qtde. DT | S1: AF/OS nº xxxx/2015 Qtde. DT | T1: AF/OS nº xxxx/2015 Qtde. DT | U1: AF/OS nº xxxx/2015 Qtde. DT | V1: AF/OS nº xxxx/2015 Qtde. DT | W1: AF/OS nº xxxx/2015 Qtde. DT
A2: CENTRO PARTICIPANTE: FAED
A3: FORNECEDOR | B3: LOTE | C3: ITEM | D3: PRODUTO - CARACTERÍSTICAS MÍNIMAS | E3: UNIDADE | F3: MARCA | G3: DETALHAMENTO | H3: Preço UNITÁRIO (R$) | I3: Qtde Registrada | J3: Saldo / Automático | K3: ALERTA | L3: 42221 | M3: 42221 | N3: 42221 | O3: 42221 | P3: 42312 | Q3: ...../...../...... | R3: ...../...../...... | S3: ...../...../...... | T3: ...../...../...... | U3: ...../...../...... | V3: ...../...../...... | W3: ...../...../......
A4: Comercial Multiville LTDA EPP | B4: 1 | C4: 1 | D4: Sabonete glicerinado, em barra, para uso geral, com aproximadamente 90 gramas, embalagem individual e acondicionados em caixa. (Apresentar: AFE-Autorização de Funcionamento da Empresa e Notificação no MS ANVISA, cfe DECRETO Nº 79.094/77, RDC 343/2005). | E4: Peça | F4: Motivus | G4: 339030.22 | H4: 0.94 | I4: 100 | J4: =I4-(SUM(L4:W4)) -> 100 | K4: =IF(J4<0,"ATENÇÃO","OK") -> OK | L4: 0 | M4: 0 | N4: 0 | O4: 0 | P4: 0 | Q4: 0 | R4: 0 | S4: 0 | T4: 0 | U4: 0 | V4: 0 | W4: 0
C5: 2 | D5: Sabonete líquido aromatizado, fragrância suave, alta viscosidade, hipoalergênico, frasco com 5 litros, acondicionados em caixa de papelão resistente que suporte empilhamento. (Apresentar: Laudo de Irritabilidade Dérmica, conclusivo, que comprove ser HIPOALERGÊNICO, expedido por laboratório credenciado pela ANVISA, AFE-Autorização de Funcionamento da Empresa e Notificação no MS ANVISA, cfe DECRETO Nº 79.094/77, RDC 343/2005). | E5: Galão | F5: Saúba | G5: 339030.22 | H5: 12.95 | I5: 200 | J5: =I5-(SUM(L5:W5)) -> 170 | K5: =IF(J5<0,"ATENÇÃO","OK") -> OK | L5: 30 | M5: 0 | N5: 0 | O5: 0 | P5: 0 | Q5: 0 | R5: 0 | S5: 0 | T5: 0 | U5: 0 | V5: 0 | W5: 0
C6: 3 | D6: Saboneteira em plástico ABS, com válvula, para uso de sabonete em espuma refil 800ml, com abertura em "chave". Cor branca ou bege. | E6: Peça | F6: Nobre | G6: 339030.22 | H6: 31.21 | J6: =I6-(SUM(L6:W6)) -> 0 | K6: =IF(J6<0,"ATENÇÃO","OK") -> OK | L6: 0 | M6: 0 | N6: 0 | O6: 0 | P6: 0 | Q6: 0 | R6: 0 | S6: 0 | T6: 0 | U6: 0 | V6: 0 | W6: 0
C7: 4 | D7: Sabonete para uso em saboneteira espumante, sem válvula, refil com 800ml, fragrância erva doce. (Apresentar: Laudo de Irritabilidade Dérmica, conclusivo, que comprove ser HIPOALERGÊNICO, expedido por laboratório credenciado pela ANVISA, AFE-Autorização de Funcionamento da Empresa e Notificação no MS ANVISA, cfe DECRETO Nº 79.094/77, RDC 343/2005). | E7: Peça | F7: Saúba | G7: 339030.22 | H7: 15.5 | J7: =I7-(SUM(L7:W7)) -> 0 | K7: =IF(J7<0,"ATENÇÃO","OK") -> OK | L7: 0 | M7: 0 | N7: 0 | O7: 0 | P7: 0 | Q7: 0 | R7: 0 | S7: 0 | T7: 0 | U7: 0 | V7: 0 | W7: 0
A8: L1 Serv. Org. Feiras Cong. Viagens e Eventos Ltda ME | B8: 2 | C8: 5 | D8: Pano de copa, em tecido 100% algodão, branco alvejado, medindo 0,70 x 0,50m, com bainha, com peso mínimo de 70g, admitindo-se variação de até 10% no peso e na medida; embalados individualmente, acondicionados em pacote com 50 unidades. O pano deverá conter etiqueta de fábrica indicando a composição do tecido e a metragem. Prazo de validade: 12 meses a partir de cada entrega de pedido. | E8: Peça | F8: Amabile/Amabile | G8: 339030.22 | H8: 1.49 | I8: 500 | J8: =I8-(SUM(L8:W8)) -> 450 | K8: =IF(J8<0,"ATENÇÃO","OK") -> OK | L8: 0 | M8: 0 | N8: 0 | O8: 50 | P8: 0 | Q8: 0 | R8: 0 | S8: 0 | T8: 0 | U8: 0 | V8: 0 | W8: 0
C9: 6 | D9: Saco de tecido, 100% algodão, para limpeza, lavado e alvejado, medidas externas: 70 cm de altura x 50 cm de largura, com peso mínimo de 190 gramas (admitindo-se variação de até 10% no peso e nas medidas), embalados em pacote com 10 unidades e acondicionados em fardos com 5 pacotes. O pano deverá conter etiqueta de fábrica informando a composição do tecido e metragem. Prazo de validade: 12 meses a partir de cada pedido de entrega. | E9: Peça | F9: Amabile/Amabile | G9: 339030.22 | H9: 3.3 | I9: 400 | J9: =I9-(SUM(L9:W9)) -> 300 | K9: =IF(J9<0,"ATENÇÃO","OK") -> OK | L9: 0 | M9: 0 | N9: 0 | O9: 100 | P9: 0 | Q9: 0 | R9: 0 | S9: 0 | T9: 0 | U9: 0 | V9: 0 | W9: 0
C10: 7 | D10: Flanela, peluciada em ambos os lados, para limpeza medindo 0,60 x 0,40 metros (admitindo-se variação de até 10%), com bordas chuleadas, embaladas individualmente e acondicionadas em pacote com 50 unidades. | E10: Peça | F10: Cristal/Cristal | G10: 339030.22 | H10: 1.27 | I10: 600 | J10: =I10-(SUM(L10:W10)) -> 500 | K10: =IF(J10<0,"ATENÇÃO","OK") -> OK | L10: 0 | M10: 0 | N10: 0 | O10: 100 | P10: 0 | Q10: 0 | R10: 0 | S10: 0 | T10: 0 | U10: 0 | V10: 0 | W10: 0
A11: Deivid Reinert ME - Alterado para Embalastil Ltda ME | B11: 3 | C11: 8 | D11: Papel toalha rolão, gramatura mínima 28g/m2, cor branca, 100% celulose virgem, sem pigmentação aparente oriunda da utilização de aparas de material impresso, gofrado, macio, com alto poder de absorção, distribuição homogênea das fibras ao longo do papel, sem rebarbas no corte lateral; rolo com 0,20x100 metros; embalado em fardo com 8 rolos. (A vencedora apresentará, em até 02 dias úteis: laudo microbiológico, conforme Portaria MS nº 1.480 de 31/12/90., de laboratório credenciado pelo INMETRO, ou habilitado no REBLAS/ANVISA. Será analisada a amostra pelo responsável técnico, através da aplicação da fórmula - peso mínimo: 0,20X100X28=560 gramas). | E11: Rolo | F11: Embalastil | G11: 339030.22 | H11: 3.5 | I11: 5000 | J11: =I11-(SUM(L11:W11)) -> 3400 | K11: =IF(J11<0,"ATENÇÃO","OK") -> OK | L11: 0 | M11: 400 | N11: 0 | O11: 0 | P11: 1200 | Q11: 0 | R11: 0 | S11: 0 | T11: 0 | U11: 0 | V11: 0 | W11: 0
A12: Elo Comércio e Serviços LTDA ME | B12: 4 | C12: 9 | D12: Balde plástico com alça, borda reforçada, com capacidade para aproximadamente 15 (quinze) litros, cores diversas. Balde plástico polietileno de alta densidade (PAED), alta resistência a impacto, paredes e fundos reforçados, alça em aço zincado e com reforço na borda e no encaixe da alça, com capacidade para aproximadamente 15 (quinze) litros, cores diversas. | E12: Peça | F12: ARQPLAST | G12: 339030.22 | H12: 3.04 | I12: 50 | J12: =I12-(SUM(L12:W12)) -> 40 | K12: =IF(J12<0,"ATENÇÃO","OK") -> OK | L12: 0 | M12: 0 | N12: 10 | O12: 0 | P12: 0 | Q12: 0 | R12: 0 | S12: 0 | T12: 0 | U12: 0 | V12: 0 | W12: 0
C13: 10 | D13: Escova para limpeza de vaso sanitário com suporte (do tipo vassoura, em forma de bola ou meia bola), com cerdas arredondadas em nylon; cabo e suporte em polipropileno; dimensão: 36x7.5x36cm, aproximadamente. | E13: Peça | F13: GAUCHA | G13: 339030.22 | H13: 3.54 | I13: 50 | J13: =I13-(SUM(L13:W13)) -> 40 | K13: =IF(J13<0,"ATENÇÃO","OK") -> OK | L13: 0 | M13: 0 | N13: 10 | O13: 0 | P13: 0 | Q13: 0 | R13: 0 | S13: 0 | T13: 0 | U13: 0 | V13: 0 | W13: 0
C14: 11 | D14: Escovão para limpeza, com cerdas de nylon, base em material plástico ou polipropileno resistente com aproximadamente 25 cm e cabo de madeira isenta de farpas, revestido em material plástico ou polipropileno, medindo aproximadamente 1,20 metros, fixação com sistema de rosca (resistente). | E14: Peça | F14: GAUCHA | G14: 339030.22 | H14: 4.24 | I14: 30 | J14: =I14-(SUM(L14:W14)) -> 20 | K14: =IF(J14<0,"ATENÇÃO","OK") -> OK | L14: 0 | M14: 0 | N14: 10 | O14: 0 | P14: 0 | Q14: 0 | R14: 0 | S14: 0 | T14: 0 | U14: 0 | V14: 0 | W14: 0
C15: 12 | D15: Esfregão (esponja) de aço, para limpeza de panela, com 15g (admitindo-se variação de até 1g), embalagem individual, em invólucro plástico lacrado, acondicionados em caixa de papelão resistente que suporte empilhamento. Prazo de validade: 12 meses a partir de cada entrega de pedido. | E15: Peça | F15: INOVE | G15: 339030.22 | H15: 0.81 | I15: 30 | J15: =I15-(SUM(L15:W15)) -> 30 | K15: =IF(J15<0,"ATENÇÃO","OK") -> OK | L15: 0 | M15: 0 | N15: 0 | O15: 0 | P15: 0 | Q15: 0 | R15: 0 | S15: 0 | T15: 0 | U15: 0 | V15: 0 | W15: 0
C16: 13 | D16: Lã de aço, (em aço carbono), para limpeza e brilho, embalagem em pacote plástico lacrado com 08 unidades, pesando no mínimo 60g e acondicionadas em caixa de papelão resistente que suporte empilhamento. | E16: Pacote | F16: INOVE | G16: 339030.22 | H16: 0.96 | I16: 100 | J16: =I16-(SUM(L16:W16)) -> 100 | K16: =IF(J16<0,"ATENÇÃO","OK") -> OK | L16: 0 | M16: 0 | N16: 0 | O16: 0 | P16: 0 | Q16: 0 | R16: 0 | S16: 0 | T16: 0 | U16: 0 | V16: 0 | W16: 0
C17: 14 | D17: Pá para lixo, de material plástico resistente, cabo curto, corpo único, acondicionadas em caixa de papelão resistente que suporte empilhamento. | E17: Peça | F17: GAUCHA | G17: 339030.22 | H17: 1.15 | I17: 50 | J17: =I17-(SUM(L17:W17)) -> 40 | K17: =IF(J17<0,"ATENÇÃO","OK") -> OK | L17: 0 | M17: 0 | N17: 10 | O17: 0 | P17: 0 | Q17: 0 | R17: 0 | S17: 0 | T17: 0 | U17: 0 | V17: 0 | W17: 0
C18: 15 | D18: Guardanapo de papel, cor branca, macio, com alto poder de absorção, gramatura 19g a 22g/m2, medindo 30cm x 30cm, sem rebarbas no corte lateral, em embalagem com 50 (cinqüenta) unidades, acondicionado em caixa de papelão resistente que suporte empilhamento. (A vencedora apresentará, em até 02 dias úteis: Laudo Microbiológico, conforme Portaria MS nº 1.480 de 31/12/90., de laboratório credenciado pelo INMETRO, ou habilitado no REBLAS/ANVISA. | E18: Pacote | F18: SORELLA | G18: 339030.22 | H18: 1.16 | I18: 40 | J18: =I18-(SUM(L18:W18)) -> 20 | K18: =IF(J18<0,"ATENÇÃO","OK") -> OK | L18: 0 | M18: 0 | N18: 20 | O18: 0 | P18: 0 | Q18: 0 | R18: 0 | S18: 0 | T18: 0 | U18: 0 | V18: 0 | W18: 0
C19: 16 | D19: Filtro de papel para café, com gramatura de 54 g/m2, com fechamento de dupla prensagem, tamanho 103, na cor branca; embalagem com 30 a 40 unidades, acondicionadas em caixa. | E19: Caixa | F19: BRIGITTA | G19: 339030.21 | H19: 2.11 | I19: 50 | J19: =I19-(SUM(L19:W19)) -> 30 | K19: =IF(J19<0,"ATENÇÃO","OK") -> OK | L19: 0 | M19: 0 | N19: 20 | O19: 0 | P19: 0 | Q19: 0 | R19: 0 | S19: 0 | T19: 0 | U19: 0 | V19: 0 | W19: 0
C20: 17 | D20: Fósforo doméstico, em maço com 10 caixas, com 40 palitos, acondicionados em pacotes. | E20: Caixa | F20: ZEBRA | G20: 339030.21 | H20: 0.12 | I20: 30 | J20: =I20-(SUM(L20:W20)) -> 0 | K20: =IF(J20<0,"ATENÇÃO","OK") -> OK | L20: 0 | M20: 0 | N20: 30 | O20: 0 | P20: 0 | Q20: 0 | R20: 0 | S20: 0 | T20: 0 | U20: 0 | V20: 0 | W20: 0
C21: 18 | D21: Repelente elétrico para mosquito, que pemite o uso de pastilhas. Bivolt. | E21: Peça | F21: FLORA | G21: 339030.22 | H21: 10.14 | J21: =I21-(SUM(L21:W21)) -> 0 | K21: =IF(J21<0,"ATENÇÃO","OK") -> OK | L21: 0 | M21: 0 | N21: 0 | O21: 0 | P21: 0 | Q21: 0 | R21: 0 | S21: 0 | T21: 0 | U21: 0 | V21: 0 | W21: 0
C22: 19 | D22: Pastilha para uso em repelente elétrico, cada pacote com 12 unidades | E22: Pacote | F22: PERINCET | G22: 339030.22 | H22: 1.95 | J22: =I22-(SUM(L22:W22)) -> 0 | K22: =IF(J22<0,"ATENÇÃO","OK") -> OK | L22: 0 | M22: 0 | N22: 0 | O22: 0 | P22: 0 | Q22: 0 | R22: 0 | S22: 0 | T22: 0 | U22: 0 | V22: 0 | W22: 0
A23: Goedert Imports Ltda EPP | B23: 5 | C23: 20 | D23: Tapete, em nylon, com acabamento, tapete profissional para retenção de sujeira seca e úmida, Iron Horse, impede que a sujeira e a umidade entrem em contato com o piso, tornando-o escorregadio e perigoso. Produzido em solution-dyed nylon, resistente ao desbotamento, bordas rebaixadas de borracha nitrílica, 100% lavável, resistente à lavagem industrial, nylon opti-twist que transforma o tapete numa escova capaz de reter seu próprio peso em sujeira e umidade, retenção de até 70% da sujeira e umidade, alto tráfego. medidas 85 x 150 cm. cor: Granito. | E23: Peça | F23: Iron Horse | G23: 339030.22 | H23: 487.41 | J23: =I23-(SUM(L23:W23)) -> 0 | K23: =IF(J23<0,"ATENÇÃO","OK") -> OK | L23: 0 | M23: 0 | N23: 0 | O23: 0 | P23: 0 | Q23: 0 | R23: 0 | S23: 0 | T23: 0 | U23: 0 | V23: 0 | W23: 0
D25: *Prazos de Entrega e Pagamento conforme edital

Sheet CEAD
A1: PROCESSO: 0462/2015/UDESC | D1: OBJETO: AQUISIÇÃO DE MATERIAL DE HIGIENE E LIMPEZA PARA A UDESC | I1: VIGÊNCIA DA ATA: 23/07/2015 até 22/07/2016 | L1: AF/OS nº 1367/2015 Qtde. DT | M1: AF/OS nº 1371/2015 Qtde. DT | N1: AF/OS nº 1373/2015 Qtde. DT | O1: AF/OS nº 1376/2015 Qtde. DT | P1: AF/OS nº xxxx/2015 Qtde. DT | Q1: AF/OS nº xxxx/2015 Qtde. DT | R1: AF/OS nº xxxx/2015 Qtde. DT | S1: AF/OS nº xxxx/2015 Qtde. DT | T1: AF/OS nº xxxx/2015 Qtde. DT | U1: AF/OS nº xxxx/2015 Qtde. DT | V1: AF/OS nº xxxx/2015 Qtde. DT | W1: AF/OS nº xxxx/2015 Qtde. DT
A2: CENTRO PARTICIPANTE: CEAD
A3: FORNECEDOR | B3: LOTE | C3: ITEM | D3: PRODUTO - CARACTERÍSTICAS MÍNIMAS | E3: UNIDADE | F3: MARCA | G3: DETALHAMENTO | H3: Preço UNITÁRIO (R$) | I3: Qtde Registrada | J3: Saldo / Automático | K3: ALERTA | L3: 42222 | M3: 42222 | N3: 42222 | O3: 42222 | P3: ...../...../...... | Q3: ...../...../...... | R3: ...../...../...... | S3: ...../...../...... | T3: ...../...../...... | U3: ...../...../...... | V3: ...../...../...... | W3: ...../...../......
A4: Comercial Multiville LTDA EPP | B4: 1 | C4: 1 | D4: Sabonete glicerinado, em barra, para uso geral, com aproximadamente 90 gramas, embalagem individual e acondicionados em caixa. (Apresentar: AFE-Autorização de Funcionamento da Empresa e Notificação no MS ANVISA, cfe DECRETO Nº 79.094/77, RDC 343/2005). | E4: Peça | F4: Motivus | G4: 339030.22 | H4: 0.94 | J4: =I4-(SUM(L4:W4)) -> 0 | K4: =IF(J4<0,"ATENÇÃO","OK") -> OK | L4: 0 | M4: 0 | N4: 0 | O4: 0 | P4: 0 | Q4: 0 | R4: 0 | S4: 0 | T4: 0 | U4: 0 | V4: 0 | W4: 0
C5: 2 | D5: Sabonete líquido aromatizado, fragrância suave, alta viscosidade, hipoalergênico, frasco com 5 litros, acondicionados em caixa de papelão resistente que suporte empilhamento. (Apresentar: Laudo de Irritabilidade Dérmica, conclusivo, que comprove ser HIPOALERGÊNICO, expedido por laboratório credenciado pela ANVISA, AFE-Autorização de Funcionamento da Empresa e Notificação no MS ANVISA, cfe DECRETO Nº 79.094/77, RDC 343/2005). | E5: Galão | F5: Saúba | G5: 339030.22 | H5: 12.95 | I5: 5 | J5: =I5-(SUM(L5:W5)) -> 0 | K5: =IF(J5<0,"ATENÇÃO","OK") -> OK | L5: 5 | M5: 0 | N5: 0 | O5: 0 | P5: 0 | Q5: 0 | R5: 0 | S5: 0 | T5: 0 | U5: 0 | V5: 0 | W5: 0
C6: 3 | D6: Saboneteira em plástico ABS, com válvula, para uso de sabonete em espuma refil 800ml, com abertura em "chave". Cor branca ou bege. | E6: Peça | F6: Nobre | G6: 339030.22 | H6: 31.21 | J6: =I6-(SUM(L6:W6)) -> 0 | K6: =IF(J6<0,"ATENÇÃO","OK") -> OK | L6: 0 | M6: 0 | N6: 0 | O6: 0 | P6: 0 | Q6: 0 | R6: 0 | S6: 0 | T6: 0 | U6: 0 | V6: 0 | W6: 0
C7: 4 | D7: Sabonete para uso em saboneteira espumante, sem válvula, refil com 800ml, fragrância erva doce. (Apresentar: Laudo de Irritabilidade Dérmica, conclusivo, que comprove ser HIPOALERGÊNICO, expedido por laboratório credenciado pela ANVISA, AFE-Autorização de Funcionamento da Empresa e Notificação no MS ANVISA, cfe DECRETO Nº 79.094/77, RDC 343/2005). | E7: Peça | F7: Saúba | G7: 339030.22 | H7: 15.5 | J7: =I7-(SUM(L7:W7)) -> 0 | K7: =IF(J7<0,"ATENÇÃO","OK") -> OK | L7: 0 | M7: 0 | N7: 0 | O7: 0 | P7: 0 | Q7: 0 | R7: 0 | S7: 0 | T7: 0 | U7: 0 | V7: 0 | W7: 0
A8: L1 Serv. Org. Feiras Cong. Viagens e Eventos Ltda ME | B8: 2 | C8: 5 | D8: Pano de copa, em tecido 100% algodão, branco alvejado, medindo 0,70 x 0,50m, com bainha, com peso mínimo de 70g, admitindo-se variação de até 10% no peso e na medida; embalados individualmente, acondicionados em pacote com 50 unidades. O pano deverá conter etiqueta de fábrica indicando a composição do tecido e a metragem. Prazo de validade: 12 meses a partir de cada entrega de pedido. | E8: Peça | F8: Amabile/Amabile | G8: 339030.22 | H8: 1.49 | I8: 100 | J8: =I8-(SUM(L8:W8)) -> 100 | K8: =IF(J8<0,"ATENÇÃO","OK") -> OK | L8: 0 | M8: 0 | N8: 100 - Cancelado 18/11/2015 | O8: 0 | P8: 0 | Q8: 0 | R8: 0 | S8: 0 | T8: 0 | U8: 0 | V8: 0 | W8: 0
C9: 6 | D9: Saco de tecido, 100% algodão, para limpeza, lavado e alvejado, medidas externas: 70 cm de altura x 50 cm de largura, com peso mínimo de 190 gramas (admitindo-se variação de até 10% no peso e nas medidas), embalados em pacote com 10 unidades e acondicionados em fardos com 5 pacotes. O pano deverá conter etiqueta de fábrica informando a composição do tecido e metragem. Prazo de validade: 12 meses a partir de cada pedido de entrega. | E9: Peça | F9: Amabile/Amabile | G9: 339030.22 | H9: 3.3 | I9: 30 | J9: =I9-(SUM(L9:W9)) -> 30 | K9: =IF(J9<0,"ATENÇÃO","OK") -> OK | L9: 0 | M9: 0 | N9: 30 - Cancelado 18/11/2015 | O9: 0 | P9: 0 | Q9: 0 | R9: 0 | S9: 0 | T9: 0 | U9: 0 | V9: 0 | W9: 0
C10: 7 | D10: Flanela, peluciada em ambos os lados, para limpeza medindo 0,60 x 0,40 metros (admitindo-se variação de até 10%), com bordas chuleadas, embaladas individualmente e acondicionadas em pacote com 50 unidades. | E10: Peça | F10: Cristal/Cristal | G10: 339030.22 | H10: 1.27 | I10: 100 | J10: =I10-(SUM(L10:W10)) -> 100 | K10: =IF(J10<0,"ATENÇÃO","OK") -> OK | L10: 0 | M10: 0 | N10: 100 - Cancelado 18/11/2015 | O10: 0 | P10: 0 | Q10: 0 | R10: 0 | S10: 0 | T10: 0 | U10: 0 | V10: 0 | W10: 0
A11: Deivid Reinert ME - Alterado para Embalastil Ltda ME | B11: 3 | C11: 8 | D11: Papel toalha rolão, gramatura mínima 28g/m2, cor branca, 100% celulose virgem, sem pigmentação aparente oriunda da utilização de aparas de material impresso, gofrado, macio, com alto poder de absorção, distribuição homogênea das fibras ao longo do papel, sem rebarbas no corte lateral; rolo com 0,20x100 metros; embalado em fardo com 8 rolos. (A vencedora apresentará, em até 02 dias úteis: laudo microbiológico, conforme Portaria MS nº 1.480 de 31/12/90., de laboratório credenciado pelo INMETRO, ou habilitado no REBLAS/ANVISA. Será analisada a amostra pelo responsável técnico, através da aplicação da fórmula - peso mínimo: 0,20X100X28=560 gramas). | E11: Rolo | F11: Embalastil | G11: 339030.22 | H11: 3.5 | I11: 800 | J11: =I11-(SUM(L11:W11)) -> 200 | K11: =IF(J11<0,"ATENÇÃO","OK") -> OK | L11: 0 | M11: 600 | N11: 0 | O11: 0 | P11: 0 | Q11: 0 | R11: 0 | S11: 0 | T11: 0 | U11: 0 | V11: 0 | W11: 0
A12: Elo Comércio e Serviços LTDA ME | B12: 4 | C12: 9 | D12: Balde plástico com alça, borda reforçada, com capacidade para aproximadamente 15 (quinze) litros, cores diversas. Balde plástico polietileno de alta densidade (PAED), alta resistência a impacto, paredes e fundos reforçados, alça em aço zincado e com reforço na borda e no encaixe da alça, com capacidade para aproximadamente 15 (quinze) litros, cores diversas. | E12: Peça | F12: ARQPLAST | G12: 339030.22 | H12: 3.04 | I12: 15 | J12: =I12-(SUM(L12:W12)) -> 0 | K12: =IF(J12<0,"ATENÇÃO","OK") -> OK | L12: 0 | M12: 0 | N12: 0 | O12: 15 | P12: 0 | Q12: 0 | R12: 0 | S12: 0 | T12: 0 | U12: 0 | V12: 0 | W12: 0
C13: 10 | D13: Escova para limpeza de vaso sanitário com suporte (do tipo vassoura, em forma de bola ou meia bola), com cerdas arredondadas em nylon; cabo e suporte em polipropileno; dimensão: 36x7.5x36cm, aproximadamente. | E13: Peça | F13: GAUCHA | G13: 339030.22 | H13: 3.54 | J13: =I13-(SUM(L13:W13)) -> 0 | K13: =IF(J13<0,"ATENÇÃO","OK") -> OK | L13: 0 | M13: 0 | N13: 0 | O13: 0 | P13: 0 | Q13: 0 | R13: 0 | S13: 0 | T13: 0 | U13: 0 | V13: 0 | W13: 0
C14: 11 | D14: Escovão para limpeza, com cerdas de nylon, base em material plástico ou polipropileno resistente com aproximadamente 25 cm e cabo de madeira isenta de farpas, revestido em material plástico ou polipropileno, medindo aproximadamente 1,20 metros, fixação com sistema de rosca (resistente). | E14: Peça | F14: GAUCHA | G14: 339030.22 | H14: 4.24 | J14: =I14-(SUM(L14:W14)) -> 0 | K14: =IF(J14<0,"ATENÇÃO","OK") -> OK | L14: 0 | M14: 0 | N14: 0 | O14: 0 | P14: 0 | Q14: 0 | R14: 0 | S14: 0 | T14: 0 | U14: 0 | V14: 0 | W14: 0
C15: 12 | D15: Esfregão (esponja) de aço, para limpeza de panela, com 15g (admitindo-se variação de até 1g), embalagem individual, em invólucro plástico lacrado, acondicionados em caixa de papelão resistente que suporte empilhamento. Prazo de validade: 12 meses a partir de cada entrega de pedido. | E15: Peça | F15: INOVE | G15: 339030.22 | H15: 0.81 | I15: 20 | J15: =I15-(SUM(L15:W15)) -> 0 | K15: =IF(J15<0,"ATENÇÃO","OK") -> OK | L15: 0 | M15: 0 | N15: 0 | O15: 20 | P15: 0 | Q15: 0 | R15: 0 | S15: 0 | T15: 0 | U15: 0 | V15: 0 | W15: 0
C16: 13 | D16: Lã de aço, (em aço carbono), para limpeza e brilho, embalagem em pacote plástico lacrado com 08 unidades, pesando no mínimo 60g e acondicionadas em caixa de papelão resistente que suporte empilhamento. | E16: Pacote | F16: INOVE | G16: 339030.22 | H16: 0.96 | I16: 10 | J16: =I16-(SUM(L16:W16)) -> 0 | K16: =IF(J16<0,"ATENÇÃO","OK") -> OK | L16: 0 | M16: 0 | N16: 0 | O16: 10 | P16: 0 | Q16: 0 | R16: 0 | S16: 0 | T16: 0 | U16: 0 | V16: 0 | W16: 0
C17: 14 | D17: Pá para lixo, de material plástico resistente, cabo curto, corpo único, acondicionadas em caixa de papelão resistente que suporte empilhamento. | E17: Peça | F17: GAUCHA | G17: 339030.22 | H17: 1.15 | I17: 15 | J17: =I17-(SUM(L17:W17)) -> 0 | K17: =IF(J17<0,"ATENÇÃO","OK") -> OK | L17: 0 | M17: 0 | N17: 0 | O17: 15 | P17: 0 | Q17: 0 | R17: 0 | S17: 0 | T17: 0 | U17: 0 | V17: 0 | W17: 0
C18: 15 | D18: Guardanapo de papel, cor branca, macio, com alto poder de absorção, gramatura 19g a 22g/m2, medindo 30cm x 30cm, sem rebarbas no corte lateral, em embalagem com 50 (cinqüenta) unidades, acondicionado em caixa de papelão resistente que suporte empilhamento. (A vencedora apresentará, em até 02 dias úteis: Laudo Microbiológico, conforme Portaria MS nº 1.480 de 31/12/90., de laboratório credenciado pelo INMETRO, ou habilitado no REBLAS/ANVISA. | E18: Pacote | F18: SORELLA | G18: 339030.22 | H18: 1.16 | I18: 25 | J18: =I18-(SUM(L18:W18)) -> 0 | K18: =IF(J18<0,"ATENÇÃO","OK") -> OK | L18: 0 | M18: 0 | N18: 0 | O18: 25 | P18: 0 | Q18: 0 | R18: 0 | S18: 0 | T18: 0 | U18: 0 | V18: 0 | W18: 0
C19: 16 | D19: Filtro de papel para café, com gramatura de 54 g/m2, com fechamento de dupla prensagem, tamanho 103, na cor branca; embalagem com 30 a 40 unidades, acondicionadas em caixa. | E19: Caixa | F19: BRIGITTA | G19: 339030.21 | H19: 2.11 | J19: =I19-(SUM(L19:W19)) -> 0 | K19: =IF(J19<0,"ATENÇÃO","OK") -> OK | L19: 0 | M19: 0 | N19: 0 | O19: 0 | P19: 0 | Q19: 0 | R19: 0 | S19: 0 | T19: 0 | U19: 0 | V19: 0 | W19: 0
C20: 17 | D20: Fósforo doméstico, em maço com 10 caixas, com 40 palitos, acondicionados em pacotes. | E20: Caixa | F20: ZEBRA | G20: 339030.21 | H20: 0.12 | I20: 10 | J20: =I20-(SUM(L20:W20)) -> 0 | K20: =IF(J20<0,"ATENÇÃO","OK") -> OK | L20: 0 | M20: 0 | N20: 0 | O20: 10 | P20: 0 | Q20: 0 | R20: 0 | S20: 0 | T20: 0 | U20: 0 | V20: 0 | W20: 0
C21: 18 | D21: Repelente elétrico para mosquito, que pemite o uso de pastilhas. Bivolt. | E21: Peça | F21: FLORA | G21: 339030.22 | H21: 10.14 | J21: =I21-(SUM(L21:W21)) -> 0 | K21: =IF(J21<0,"ATENÇÃO","OK") -> OK | L21: 0 | M21: 0 | N21: 0 | O21: 0 | P21: 0 | Q21: 0 | R21: 0 | S21: 0 | T21: 0 | U21: 0 | V21: 0 | W21: 0
C22: 19 | D22: Pastilha para uso em repelente elétrico, cada pacote com 12 unidades | E22: Pacote | F22: PERINCET | G22: 339030.22 | H22: 1.95 | J22: =I22-(SUM(L22:W22)) -> 0 | K22: =IF(J22<0,"ATENÇÃO","OK") -> OK | L22: 0 | M22: 0 | N22: 0 | O22: 0 | P22: 0 | Q22: 0 | R22: 0 | S22: 0 | T22: 0 | U22: 0 | V22: 0 | W22: 0
A23: Goedert Imports Ltda EPP | B23: 5 | C23: 20 | D23: Tapete, em nylon, com acabamento, tapete profissional para retenção de sujeira seca e úmida, Iron Horse, impede que a sujeira e a umidade entrem em contato com o piso, tornando-o escorregadio e perigoso. Produzido em solution-dyed nylon, resistente ao desbotamento, bordas rebaixadas de borracha nitrílica, 100% lavável, resistente à lavagem industrial, nylon opti-twist que transforma o tapete numa escova capaz de reter seu próprio peso em sujeira e umidade, retenção de até 70% da sujeira e umidade, alto tráfego. medidas 85 x 150 cm. cor: Granito. | E23: Peça | F23: Iron Horse | G23: 339030.22 | H23: 487.41 | J23: =I23-(SUM(L23:W23)) -> 0 | K23: =IF(J23<0,"ATENÇÃO","OK") -> OK | L23: 0 | M23: 0 | N23: 0 | O23: 0 | P23: 0 | Q23: 0 | R23: 0 | S23: 0 | T23: 0 | U23: 0 | V23: 0 | W23: 0
D25: *Prazos de Entrega e Pagamento conforme edital

Sheet CCT
A1: PROCESSO: 0462/2015/UDESC | D1: OBJETO: AQUISIÇÃO DE MATERIAL DE HIGIENE E LIMPEZA PARA A UDESC | I1: VIGÊNCIA DA ATA: 23/07/2015 até 22/07/2016 | L1: AF/OS nº 1308/2015 Qtde. DT | M1: AF/OS nº 1309/2015 Qtde. DT | N1: AF/OS nº 1310/2015 Qtde. DT | O1: AF/OS nº 1311/2015 Qtde. DT | P1: AF/OS nº xxxx/2015 Qtde. DT | Q1: AF/OS nº xxxx/2015 Qtde. DT | R1: AF/OS nº xxxx/2015 Qtde. DT | S1: AF/OS nº xxxx/2015 Qtde. DT | T1: AF/OS nº xxxx/2015 Qtde. DT | U1: AF/OS nº xxxx/2015 Qtde. DT | V1: AF/OS nº xxxx/2015 Qtde. DT | W1: AF/OS nº xxxx/2015 Qtde. DT
A2: CENTRO PARTICIPANTE: CCT
A3: FORNECEDOR | B3: LOTE | C3: ITEM | D3: PRODUTO - CARACTERÍSTICAS MÍNIMAS | E3: UNIDADE | F3: MARCA | G3: DETALHAMENTO | H3: Preço UNITÁRIO (R$) | I3: Qtde Registrada | J3: Saldo / Automático | K3: ALERTA | L3: 42215 | M3: 42215 | N3: 42215 | O3: 42215 | P3: ...../...../...... | Q3: ...../...../...... | R3: ...../...../...... | S3: ...../...../...... | T3: ...../...../...... | U3: ...../...../...... | V3: ...../...../...... | W3: ...../...../......
A4: Comercial Multiville LTDA EPP | B4: 1 | C4: 1 | D4: Sabonete glicerinado, em barra, para uso geral, com aproximadamente 90 gramas, embalagem individual e acondicionados em caixa. (Apresentar: AFE-Autorização de Funcionamento da Empresa e Notificação no MS ANVISA, cfe DECRETO Nº 79.094/77, RDC 343/2005). | E4: Peça | F4: Motivus | G4: 339030.22 | H4: 0.94 | I4: 50 | J4: =I4-(SUM(L4:W4)) -> 0 | K4: =IF(J4<0,"ATENÇÃO","OK") -> OK | L4: 50 | M4: 0 | N4: 0 | O4: 0 | P4: 0 | Q4: 0 | R4: 0 | S4: 0 | T4: 0 | U4: 0 | V4: 0 | W4: 0
C5: 2 | D5: Sabonete líquido aromatizado, fragrância suave, alta viscosidade, hipoalergênico, frasco com 5 litros, acondicionados em caixa de papelão resistente que suporte empilhamento. (Apresentar: Laudo de Irritabilidade Dérmica, conclusivo, que comprove ser HIPOALERGÊNICO, expedido por laboratório credenciado pela ANVISA, AFE-Autorização de Funcionamento da Empresa e Notificação no MS ANVISA, cfe DECRETO Nº 79.094/77, RDC 343/2005). | E5: Galão | F5: Saúba | G5: 339030.22 | H5: 12.95 | I5: 200 | J5: =I5-(SUM(L5:W5)) -> 160 | K5: =IF(J5<0,"ATENÇÃO","OK") -> OK | L5: 40 | M5: 0 | N5: 0 | O5: 0 | P5: 0 | Q5: 0 | R5: 0 | S5: 0 | T5: 0 | U5: 0 | V5: 0 | W5: 0
C6: 3 | D6: Saboneteira em plástico ABS, com válvula, para uso de sabonete em espuma refil 800ml, com abertura em "chave". Cor branca ou bege. | E6: Peça | F6: Nobre | G6: 339030.22 | H6: 31.21 | J6: =I6-(SUM(L6:W6)) -> 0 | K6: =IF(J6<0,"ATENÇÃO","OK") -> OK | L6: 0 | M6: 0 | N6: 0 | O6: 0 | P6: 0 | Q6: 0 | R6: 0 | S6: 0 | T6: 0 | U6: 0 | V6: 0 | W6: 0
C7: 4 | D7: Sabonete para uso em saboneteira espumante, sem válvula, refil com 800ml, fragrância erva doce. (Apresentar: Laudo de Irritabilidade Dérmica, conclusivo, que comprove ser HIPOALERGÊNICO, expedido por laboratório credenciado pela ANVISA, AFE-Autorização de Funcionamento da Empresa e Notificação no MS ANVISA, cfe DECRETO Nº 79.094/77, RDC 343/2005). | E7: Peça | F7: Saúba | G7: 339030.22 | H7: 15.5 | J7: =I7-(SUM(L7:W7)) -> 0 | K7: =IF(J7<0,"ATENÇÃO","OK") -> OK | L7: 0 | M7: 0 | N7: 0 | O7: 0 | P7: 0 | Q7: 0 | R7: 0 | S7: 0 | T7: 0 | U7: 0 | V7: 0 | W7: 0
A8: L1 Serv. Org. Feiras Cong. Viagens e Eventos Ltda ME | B8: 2 | C8: 5 | D8: Pano de copa, em tecido 100% algodão, branco alvejado, medindo 0,70 x 0,50m, com bainha, com peso mínimo de 70g, admitindo-se variação de até 10% no peso e na medida; embalados individualmente, acondicionados em pacote com 50 unidades. O pano deverá conter etiqueta de fábrica indicando a composição do tecido e a metragem. Prazo de validade: 12 meses a partir de cada entrega de pedido. | E8: Peça | F8: Amabile/Amabile | G8: 339030.22 | H8: 1.49 | I8: 600 | J8: =I8-(SUM(L8:W8)) -> 450 | K8: =IF(J8<0,"ATENÇÃO","OK") -> OK | L8: 0 | M8: 0 | N8: 0 | O8: 150 | P8: 0 | Q8: 0 | R8: 0 | S8: 0 | T8: 0 | U8: 0 | V8: 0 | W8: 0
C9: 6 | D9: Saco de tecido, 100% algodão, para limpeza, lavado e alvejado, medidas externas: 70 cm de altura x 50 cm de largura, com peso mínimo de 190 gramas (admitindo-se variação de até 10% no peso e nas medidas), embalados em pacote com 10 unidades e acondicionados em fardos com 5 pacotes. O pano deverá conter etiqueta de fábrica informando a composição do tecido e metragem. Prazo de validade: 12 meses a partir de cada pedido de entrega. | E9: Peça | F9: Amabile/Amabile | G9: 339030.22 | H9: 3.3 | I9: 1000 | J9: =I9-(SUM(L9:W9)) -> 800 | K9: =IF(J9<0,"ATENÇÃO","OK") -> OK | L9: 0 | M9: 0 | N9: 0 | O9: 200 | P9: 0 | Q9: 0 | R9: 0 | S9: 0 | T9: 0 | U9: 0 | V9: 0 | W9: 0
C10: 7 | D10: Flanela, peluciada em ambos os lados, para limpeza medindo 0,60 x 0,40 metros (admitindo-se variação de até 10%), com bordas chuleadas, embaladas individualmente e acondicionadas em pacote com 50 unidades. | E10: Peça | F10: Cristal/Cristal | G10: 339030.22 | H10: 1.27 | I10: 600 | J10: =I10-(SUM(L10:W10)) -> 450 | K10: =IF(J10<0,"ATENÇÃO","OK") -> OK | L10: 0 | M10: 0 | N10: 0 | O10: 150 | P10: 0 | Q10: 0 | R10: 0 | S10: 0 | T10: 0 | U10: 0 | V10: 0 | W10: 0
A11: Deivid Reinert ME - Alterado para Embalastil Ltda ME | B11: 3 | C11: 8 | D11: Papel toalha rolão, gramatura mínima 28g/m2, cor branca, 100% celulose virgem, sem pigmentação aparente oriunda da utilização de aparas de material impresso, gofrado, macio, com alto poder de absorção, distribuição homogênea das fibras ao longo do papel, sem rebarbas no corte lateral; rolo com 0,20x100 metros; embalado em fardo com 8 rolos. (A vencedora apresentará, em até 02 dias úteis: laudo microbiológico, conforme Portaria MS nº 1.480 de 31/12/90., de laboratório credenciado pelo INMETRO, ou habilitado no REBLAS/ANVISA. Será analisada a amostra pelo responsável técnico, através da aplicação da fórmula - peso mínimo: 0,20X100X28=560 gramas). | E11: Rolo | F11: Embalastil | G11: 339030.22 | H11: 3.5 | I11: 4000 | J11: =I11-(SUM(L11:W11)) -> 3000 | K11: =IF(J11<0,"ATENÇÃO","OK") -> OK | L11: 0 | M11: 1000 | N11: 0 | O11: 0 | P11: 0 | Q11: 0 | R11: 0 | S11: 0 | T11: 0 | U11: 0 | V11: 0 | W11: 0
A12: Elo Comércio e Serviços LTDA ME | B12: 4 | C12: 9 | D12: Balde plástico com alça, borda reforçada, com capacidade para aproximadamente 15 (quinze) litros, cores diversas. Balde plástico polietileno de alta densidade (PAED), alta resistência a impacto, paredes e fundos reforçados, alça em aço zincado e com reforço na borda e no encaixe da alça, com capacidade para aproximadamente 15 (quinze) litros, cores diversas. | E12: Peça | F12: ARQPLAST | G12: 339030.22 | H12: 3.04 | I12: 30 | J12: =I12-(SUM(L12:W12)) -> 20 | K12: =IF(J12<0,"ATENÇÃO","OK") -> OK | L12: 0 | M12: 0 | N12: 10 | O12: 0 | P12: 0 | Q12: 0 | R12: 0 | S12: 0 | T12: 0 | U12: 0 | V12: 0 | W12: 0
C13: 10 | D13: Escova para limpeza de vaso sanitário com suporte (do tipo vassoura, em forma de bola ou meia bola), com cerdas arredondadas em nylon; cabo e suporte em polipropileno; dimensão: 36x7.5x36cm, aproximadamente. | E13: Peça | F13: GAUCHA | G13: 339030.22 | H13: 3.54 | I13: 40 | J13: =I13-(SUM(L13:W13)) -> 30 | K13: =IF(J13<0,"ATENÇÃO","OK") -> OK | L13: 0 | M13: 0 | N13: 10 | O13: 0 | P13: 0 | Q13: 0 | R13: 0 | S13: 0 | T13: 0 | U13: 0 | V13: 0 | W13: 0
C14: 11 | D14: Escovão para limpeza, com cerdas de nylon, base em material plástico ou polipropileno resistente com aproximadamente 25 cm e cabo de madeira isenta de farpas, revestido em material plástico ou polipropileno, medindo aproximadamente 1,20 metros, fixação com sistema de rosca (resistente). | E14: Peça | F14: GAUCHA | G14: 339030.22 | H14: 4.24 | J14: =I14-(SUM(L14:W14)) -> 0 | K14: =IF(J14<0,"ATENÇÃO","OK") -> OK | L14: 0 | M14: 0 | N14: 0 | O14: 0 | P14: 0 | Q14: 0 | R14: 0 | S14: 0 | T14: 0 | U14: 0 | V14: 0 | W14: 0
C15: 12 | D15: Esfregão (esponja) de aço, para limpeza de panela, com 15g (admitindo-se variação de até 1g), embalagem individual, em invólucro plástico lacrado, acondicionados em caixa de papelão resistente que suporte empilhamento. Prazo de validade: 12 meses a partir de cada entrega de pedido. | E15: Peça | F15: INOVE | G15: 339030.22 | H15: 0.81 | I15: 200 | J15: =I15-(SUM(L15:W15)) -> 150 | K15: =IF(J15<0,"ATENÇÃO","OK") -> OK | L15: 0 | M15: 0 | N15: 50 | O15: 0 | P15: 0 | Q15: 0 | R15: 0 | S15: 0 | T15: 0 | U15: 0 | V15: 0 | W15: 0
C16: 13 | D16: Lã de aço, (em aço carbono), para limpeza e brilho, embalagem em pacote plástico lacrado com 08 unidades, pesando no mínimo 60g e acondicionadas em caixa de papelão resistente que suporte empilhamento. | E16: Pacote | F16: INOVE | G16: 339030.22 | H16: 0.96 | I16: 500 | J16: =I16-(SUM(L16:W16)) -> 400 | K16: =IF(J16<0,"ATENÇÃO","OK") -> OK | L16: 0 | M16: 0 | N16: 100 | O16: 0 | P16: 0 | Q16: 0 | R16: 0 | S16: 0 | T16: 0 | U16: 0 | V16: 0 | W16: 0
C17: 14 | D17: Pá para lixo, de material plástico resistente, cabo curto, corpo único, acondicionadas em caixa de papelão resistente que suporte empilhamento. | E17: Peça | F17: GAUCHA | G17: 339030.22 | H17: 1.15 | I17: 30 | J17: =I17-(SUM(L17:W17)) -> 20 | K17: =IF(J17<0,"ATENÇÃO","OK") -> OK | L17: 0 | M17: 0 | N17: 10 | O17: 0 | P17: 0 | Q17: 0 | R17: 0 | S17: 0 | T17: 0 | U17: 0 | V17: 0 | W17: 0
C18: 15 | D18: Guardanapo de papel, cor branca, macio, com alto poder de absorção, gramatura 19g a 22g/m2, medindo 30cm x 30cm, sem rebarbas no corte lateral, em embalagem com 50 (cinqüenta) unidades, acondicionado em caixa de papelão resistente que suporte empilhamento. (A vencedora apresentará, em até 02 dias úteis: Laudo Microbiológico, conforme Portaria MS nº 1.480 de 31/12/90., de laboratório credenciado pelo INMETRO, ou habilitado no REBLAS/ANVISA. | E18: Pacote | F18: SORELLA | G18: 339030.22 | H18: 1.16 | I18: 1000 | J18: =I18-(SUM(L18:W18)) -> 750 | K18: =IF(J18<0,"ATENÇÃO","OK") -> OK | L18: 0 | M18: 0 | N18: 250 | O18: 0 | P18: 0 | Q18: 0 | R18: 0 | S18: 0 | T18: 0 | U18: 0 | V18: 0 | W18: 0
C19: 16 | D19: Filtro de papel para café, com gramatura de 54 g/m2, com fechamento de dupla prensagem, tamanho 103, na cor branca; embalagem com 30 a 40 unidades, acondicionadas em caixa. | E19: Caixa | F19: BRIGITTA | G19: 339030.21 | H19: 2.11 | J19: =I19-(SUM(L19:W19)) -> 0 | K19: =IF(J19<0,"ATENÇÃO","OK") -> OK | L19: 0 | M19: 0 | N19: 0 | O19: 0 | P19: 0 | Q19: 0 | R19: 0 | S19: 0 | T19: 0 | U19: 0 | V19: 0 | W19: 0
C20: 17 | D20: Fósforo doméstico, em maço com 10 caixas, com 40 palitos, acondicionados em pacotes. | E20: Caixa | F20: ZEBRA | G20: 339030.21 | H20: 0.12 | I20: 20 | J20: =I20-(SUM(L20:W20)) -> 20 | K20: =IF(J20<0,"ATENÇÃO","OK") -> OK | L20: 0 | M20: 0 | N20: 0 | O20: 0 | P20: 0 | Q20: 0 | R20: 0 | S20: 0 | T20: 0 | U20: 0 | V20: 0 | W20: 0
C21: 18 | D21: Repelente elétrico para mosquito, que pemite o uso de pastilhas. Bivolt. | E21: Peça | F21: FLORA | G21: 339030.22 | H21: 10.14 | J21: =I21-(SUM(L21:W21)) -> 0 | K21: =IF(J21<0,"ATENÇÃO","OK") -> OK | L21: 0 | M21: 0 | N21: 0 | O21: 0 | P21: 0 | Q21: 0 | R21: 0 | S21: 0 | T21: 0 | U21: 0 | V21: 0 | W21: 0
C22: 19 | D22: Pastilha para uso em repelente elétrico, cada pacote com 12 unidades | E22: Pacote | F22: PERINCET | G22: 339030.22 | H22: 1.95 | J22: =I22-(SUM(L22:W22)) -> 0 | K22: =IF(J22<0,"ATENÇÃO","OK") -> OK | L22: 0 | M22: 0 | N22: 0 | O22: 0 | P22: 0 | Q22: 0 | R22: 0 | S22: 0 | T22: 0 | U22: 0 | V22: 0 | W22: 0
A23: Goedert Imports Ltda EPP | B23: 5 | C23: 20 | D23: Tapete, em nylon, com acabamento, tapete profissional para retenção de sujeira seca e úmida, Iron Horse, impede que a sujeira e a umidade entrem em contato com o piso, tornando-o escorregadio e perigoso. Produzido em solution-dyed nylon, resistente ao desbotamento, bordas rebaixadas de borracha nitrílica, 100% lavável, resistente à lavagem industrial, nylon opti-twist que transforma o tapete numa escova capaz de reter seu próprio peso em sujeira e umidade, retenção de até 70% da sujeira e umidade, alto tráfego. medidas 85 x 150 cm. cor: Granito. | E23: Peça | F23: Iron Horse | G23: 339030.22 | H23: 487.41 | J23: =I23-(SUM(L23:W23)) -> 0 | K23: =IF(J23<0,"ATENÇÃO","OK") -> OK | L23: 0 | M23: 0 | N23: 0 | O23: 0 | P23: 0 | Q23: 0 | R23: 0 | S23: 0 | T23: 0 | U23: 0 | V23: 0 | W23: 0
D25: *Prazos de Entrega e Pagamento conforme edital

Sheet CEPLAN
A1: PROCESSO: 0462/2015/UDESC | D1: OBJETO: AQUISIÇÃO DE MATERIAL DE HIGIENE E LIMPEZA PARA A UDESC | I1: VIGÊNCIA DA ATA: 23/07/2015 até 22/07/2016 | L1: AF/OS nº 1348/2015 Qtde. DT | M1: AF/OS nº 1349/2015 Qtde. DT | N1: AF/OS nº 1347/2015 Qtde. DT | O1: AF/OS nº xxxx/2015 Qtde. DT | P1: AF/OS nº xxxx/2015 Qtde. DT | Q1: AF/OS nº xxxx/2015 Qtde. DT | R1: AF/OS nº xxxx/2015 Qtde. DT | S1: AF/OS nº xxxx/2015 Qtde. DT | T1: AF/OS nº xxxx/2015 Qtde. DT | U1: AF/OS nº xxxx/2015 Qtde. DT | V1: AF/OS nº xxxx/2015 Qtde. DT | W1: AF/OS nº xxxx/2015 Qtde. DT
A2: CENTRO PARTICIPANTE: CEPLAN
A3: FORNECEDOR | B3: LOTE | C3: ITEM | D3: PRODUTO - CARACTERÍSTICAS MÍNIMAS | E3: UNIDADE | F3: MARCA | G3: DETALHAMENTO | H3: Preço UNITÁRIO (R$) | I3: Qtde Registrada | J3: Saldo / Automático | K3: ALERTA | L3: 42586 | M3: 42586 | N3: 42586 | O3: ...../...../...... | P3: ...../...../...... | Q3: ...../...../...... | R3: ...../...../...... | S3: ...../...../...... | T3: ...../...../...... | U3: ...../...../...... | V3: ...../...../...... | W3: ...../...../......
A4: Comercial Multiville LTDA EPP | B4: 1 | C4: 1 | D4: Sabonete glicerinado, em barra, para uso geral, com aproximadamente 90 gramas, embalagem individual e acondicionados em caixa. (Apresentar: AFE-Autorização de Funcionamento da Empresa e Notificação no MS ANVISA, cfe DECRETO Nº 79.094/77, RDC 343/2005). | E4: Peça | F4: Motivus | G4: 339030.22 | H4: 0.94 | J4: =I4-(SUM(L4:W4)) -> 0 | K4: =IF(J4<0,"ATENÇÃO","OK") -> OK | L4: 0 | M4: 0 | N4: 0 | O4: 0 | P4: 0 | Q4: 0 | R4: 0 | S4: 0 | T4: 0 | U4: 0 | V4: 0 | W4: 0
C5: 2 | D5: Sabonete líquido aromatizado, fragrância suave, alta viscosidade, hipoalergênico, frasco com 5 litros, acondicionados em caixa de papelão resistente que suporte empilhamento. (Apresentar: Laudo de Irritabilidade Dérmica, conclusivo, que comprove ser HIPOALERGÊNICO, expedido por laboratório credenciado pela ANVISA, AFE-Autorização de Funcionamento da Empresa e Notificação no MS ANVISA, cfe DECRETO Nº 79.094/77, RDC 343/2005). | E5: Galão | F5: Saúba | G5: 339030.22 | H5: 12.95 | I5: 100 | J5: =I5-(SUM(L5:W5)) -> 50 | K5: =IF(J5<0,"ATENÇÃO","OK") -> OK | L5: 50 | M5: 0 | N5: 0 | O5: 0 | P5: 0 | Q5: 0 | R5: 0 | S5: 0 | T5: 0 | U5: 0 | V5: 0 | W5: 0
C6: 3 | D6: Saboneteira em plástico ABS, com válvula, para uso de sabonete em espuma refil 800ml, com abertura em "chave". Cor branca ou bege. | E6: Peça | F6: Nobre | G6: 339030.22 | H6: 31.21 | J6: =I6-(SUM(L6:W6)) -> 0 | K6: =IF(J6<0,"ATENÇÃO","OK") -> OK | L6: 0 | M6: 0 | N6: 0 | O6: 0 | P6: 0 | Q6: 0 | R6: 0 | S6: 0 | T6: 0 | U6: 0 | V6: 0 | W6: 0
C7: 4 | D7: Sabonete para uso em saboneteira espumante, sem válvula, refil com 800ml, fragrância erva doce. (Apresentar: Laudo de Irritabilidade Dérmica, conclusivo, que comprove ser HIPOALERGÊNICO, expedido por laboratório credenciado pela ANVISA, AFE-Autorização de Funcionamento da Empresa e Notificação no MS ANVISA, cfe DECRETO Nº 79.094/77, RDC 343/2005). | E7: Peça | F7: Saúba | G7: 339030.22 | H7: 15.5 | J7: =I7-(SUM(L7:W7)) -> 0 | K7: =IF(J7<0,"ATENÇÃO","OK") -> OK | L7: 0 | M7: 0 | N7: 0 | O7: 0 | P7: 0 | Q7: 0 | R7: 0 | S7: 0 | T7: 0 | U7: 0 | V7: 0 | W7: 0
A8: L1 Serv. Org. Feiras Cong. Viagens e Eventos Ltda ME | B8: 2 | C8: 5 | D8: Pano de copa, em tecido 100% algodão, branco alvejado, medindo 0,70 x 0,50m, com bainha, com peso mínimo de 70g, admitindo-se variação de até 10% no peso e na medida; embalados individualmente, acondicionados em pacote com 50 unidades. O pano deverá conter etiqueta de fábrica indicando a composição do tecido e a metragem. Prazo de validade: 12 meses a partir de cada entrega de pedido. | E8: Peça | F8: Amabile/Amabile | G8: 339030.22 | H8: 1.49 | I8: 100 | J8: =I8-(SUM(L8:W8)) -> 50 | K8: =IF(J8<0,"ATENÇÃO","OK") -> OK | L8: 0 | M8: 50 | N8: 0 | O8: 0 | P8: 0 | Q8: 0 | R8: 0 | S8: 0 | T8: 0 | U8: 0 | V8: 0 | W8: 0
C9: 6 | D9: Saco de tecido, 100% algodão, para limpeza, lavado e alvejado, medidas externas: 70 cm de altura x 50 cm de largura, com peso mínimo de 190 gramas (admitindo-se variação de até 10% no peso e nas medidas), embalados em pacote com 10 unidades e acondicionados em fardos com 5 pacotes. O pano deverá conter etiqueta de fábrica informando a composição do tecido e metragem. Prazo de validade: 12 meses a partir de cada pedido de entrega. | E9: Peça | F9: Amabile/Amabile | G9: 339030.22 | H9: 3.3 | I9: 500 | J9: =I9-(SUM(L9:W9)) -> 500 | K9: =IF(J9<0,"ATENÇÃO","OK") -> OK | L9: 0 | M9: 0 | N9: 0 | O9: 0 | P9: 0 | Q9: 0 | R9: 0 | S9: 0 | T9: 0 | U9: 0 | V9: 0 | W9: 0
C10: 7 | D10: Flanela, peluciada em ambos os lados, para limpeza medindo 0,60 x 0,40 metros (admitindo-se variação de até 10%), com bordas chuleadas, embaladas individualmente e acondicionadas em pacote com 50 unidades. | E10: Peça | F10: Cristal/Cristal | G10: 339030.22 | H10: 1.27 | I10: 500 | J10: =I10-(SUM(L10:W10)) -> 300 | K10: =IF(J10<0,"ATENÇÃO","OK") -> OK | L10: 0 | M10: 200 | N10: 0 | O10: 0 | P10: 0 | Q10: 0 | R10: 0 | S10: 0 | T10: 0 | U10: 0 | V10: 0 | W10: 0
A11: Deivid Reinert ME - Alterado para Embalastil Ltda ME | B11: 3 | C11: 8 | D11: Papel toalha rolão, gramatura mínima 28g/m2, cor branca, 100% celulose virgem, sem pigmentação aparente oriunda da utilização de aparas de material impresso, gofrado, macio, com alto poder de absorção, distribuição homogênea das fibras ao longo do papel, sem rebarbas no corte lateral; rolo com 0,20x100 metros; embalado em fardo com 8 rolos. (A vencedora apresentará, em até 02 dias úteis: laudo microbiológico, conforme Portaria MS nº 1.480 de 31/12/90., de laboratório credenciado pelo INMETRO, ou habilitado no REBLAS/ANVISA. Será analisada a amostra pelo responsável técnico, através da aplicação da fórmula - peso mínimo: 0,20X100X28=560 gramas). | E11: Rolo | F11: Embalastil | G11: 339030.22 | H11: 3.5 | I11: 800 | J11: =I11-(SUM(L11:W11)) -> 800 | K11: =IF(J11<0,"ATENÇÃO","OK") -> OK | L11: 0 | M11: 0 | N11: 0 | O11: 0 | P11: 0 | Q11: 0 | R11: 0 | S11: 0 | T11: 0 | U11: 0 | V11: 0 | W11: 0
A12: Elo Comércio e Serviços LTDA ME | B12: 4 | C12: 9 | D12: Balde plástico com alça, borda reforçada, com capacidade para aproximadamente 15 (quinze) litros, cores diversas. Balde plástico polietileno de alta densidade (PAED), alta resistência a impacto, paredes e fundos reforçados, alça em aço zincado e com reforço na borda e no encaixe da alça, com capacidade para aproximadamente 15 (quinze) litros, cores diversas. | E12: Peça | F12: ARQPLAST | G12: 339030.22 | H12: 3.04 | I12: 100 | J12: =I12-(SUM(L12:W12)) -> 75 | K12: =IF(J12<0,"ATENÇÃO","OK") -> OK | L12: 0 | M12: 0 | N12: 25 | O12: 0 | P12: 0 | Q12: 0 | R12: 0 | S12: 0 | T12: 0 | U12: 0 | V12: 0 | W12: 0
C13: 10 | D13: Escova para limpeza de vaso sanitário com suporte (do tipo vassoura, em forma de bola ou meia bola), com cerdas arredondadas em nylon; cabo e suporte em polipropileno; dimensão: 36x7.5x36cm, aproximadamente. | E13: Peça | F13: GAUCHA | G13: 339030.22 | H13: 3.54 | I13: 100 | J13: =I13-(SUM(L13:W13)) -> 100 | K13: =IF(J13<0,"ATENÇÃO","OK") -> OK | L13: 0 | M13: 0 | N13: 0 | O13: 0 | P13: 0 | Q13: 0 | R13: 0 | S13: 0 | T13: 0 | U13: 0 | V13: 0 | W13: 0
C14: 11 | D14: Escovão para limpeza, com cerdas de nylon, base em material plástico ou polipropileno resistente com aproximadamente 25 cm e cabo de madeira isenta de farpas, revestido em material plástico ou polipropileno, medindo aproximadamente 1,20 metros, fixação com sistema de rosca (resistente). | E14: Peça | F14: GAUCHA | G14: 339030.22 | H14: 4.24 | I14: 100 | J14: =I14-(SUM(L14:W14)) -> 75 | K14: =IF(J14<0,"ATENÇÃO","OK") -> OK | L14: 0 | M14: 0 | N14: 25 | O14: 0 | P14: 0 | Q14: 0 | R14: 0 | S14: 0 | T14: 0 | U14: 0 | V14: 0 | W14: 0
C15: 12 | D15: Esfregão (esponja) de aço, para limpeza de panela, com 15g (admitindo-se variação de até 1g), embalagem individual, em invólucro plástico lacrado, acondicionados em caixa de papelão resistente que suporte empilhamento. Prazo de validade: 12 meses a partir de cada entrega de pedido. | E15: Peça | F15: INOVE | G15: 339030.22 | H15: 0.81 | J15: =I15-(SUM(L15:W15)) -> 0 | K15: =IF(J15<0,"ATENÇÃO","OK") -> OK | L15: 0 | M15: 0 | N15: 0 | O15: 0 | P15: 0 | Q15: 0 | R15: 0 | S15: 0 | T15: 0 | U15: 0 | V15: 0 | W15: 0
C16: 13 | D16: Lã de aço, (em aço carbono), para limpeza e brilho, embalagem em pacote plástico lacrado com 08 unidades, pesando no mínimo 60g e acondicionadas em caixa de papelão resistente que suporte empilhamento. | E16: Pacote | F16: INOVE | G16: 339030.22 | H16: 0.96 | I16: 100 | J16: =I16-(SUM(L16:W16)) -> 100 | K16: =IF(J16<0,"ATENÇÃO","OK") -> OK | L16: 0 | M16: 0 | N16: 0 | O16: 0 | P16: 0 | Q16: 0 | R16: 0 | S16: 0 | T16: 0 | U16: 0 | V16: 0 | W16: 0
C17: 14 | D17: Pá para lixo, de material plástico resistente, cabo curto, corpo único, acondicionadas em caixa de papelão resistente que suporte empilhamento. | E17: Peça | F17: GAUCHA | G17: 339030.22 | H17: 1.15 | I17: 50 | J17: =I17-(SUM(L17:W17)) -> 50 | K17: =IF(J17<0,"ATENÇÃO","OK") -> OK | L17: 0 | M17: 0 | N17: 0 | O17: 0 | P17: 0 | Q17: 0 | R17: 0 | S17: 0 | T17: 0 | U17: 0 | V17: 0 | W17: 0
C18: 15 | D18: Guardanapo de papel, cor branca, macio, com alto poder de absorção, gramatura 19g a 22g/m2, medindo 30cm x 30cm, sem rebarbas no corte lateral, em embalagem com 50 (cinqüenta) unidades, acondicionado em caixa de papelão resistente que suporte empilhamento. (A vencedora apresentará, em até 02 dias úteis: Laudo Microbiológico, conforme Portaria MS nº 1.480 de 31/12/90., de laboratório credenciado pelo INMETRO, ou habilitado no REBLAS/ANVISA. | E18: Pacote | F18: SORELLA | G18: 339030.22 | H18: 1.16 | I18: 200 | J18: =I18-(SUM(L18:W18)) -> 100 | K18: =IF(J18<0,"ATENÇÃO","OK") -> OK | L18: 0 | M18: 0 | N18: 100 | O18: 0 | P18: 0 | Q18: 0 | R18: 0 | S18: 0 | T18: 0 | U18: 0 | V18: 0 | W18: 0
C19: 16 | D19: Filtro de papel para café, com gramatura de 54 g/m2, com fechamento de dupla prensagem, tamanho 103, na cor branca; embalagem com 30 a 40 unidades, acondicionadas em caixa. | E19: Caixa | F19: BRIGITTA | G19: 339030.21 | H19: 2.11 | J19: =I19-(SUM(L19:W19)) -> 0 | K19: =IF(J19<0,"ATENÇÃO","OK") -> OK | L19: 0 | M19: 0 | N19: 0 | O19: 0 | P19: 0 | Q19: 0 | R19: 0 | S19: 0 | T19: 0 | U19: 0 | V19: 0 | W19: 0
C20: 17 | D20: Fósforo doméstico, em maço com 10 caixas, com 40 palitos, acondicionados em pacotes. | E20: Caixa | F20: ZEBRA | G20: 339030.21 | H20: 0.12 | I20: 50 | J20: =I20-(SUM(L20:W20)) -> 50 | K20: =IF(J20<0,"ATENÇÃO","OK") -> OK | L20: 0 | M20: 0 | N20: 0 | O20: 0 | P20: 0 | Q20: 0 | R20: 0 | S20: 0 | T20: 0 | U20: 0 | V20: 0 | W20: 0
C21: 18 | D21: Repelente elétrico para mosquito, que pemite o uso de pastilhas. Bivolt. | E21: Peça | F21: FLORA | G21: 339030.22 | H21: 10.14 | J21: =I21-(SUM(L21:W21)) -> 0 | K21: =IF(J21<0,"ATENÇÃO","OK") -> OK | L21: 0 | M21: 0 | N21: 0 | O21: 0 | P21: 0 | Q21: 0 | R21: 0 | S21: 0 | T21: 0 | U21: 0 | V21: 0 | W21: 0
C22: 19 | D22: Pastilha para uso em repelente elétrico, cada pacote com 12 unidades | E22: Pacote | F22: PERINCET | G22: 339030.22 | H22: 1.95 | J22: =I22-(SUM(L22:W22)) -> 0 | K22: =IF(J22<0,"ATENÇÃO","OK") -> OK | L22: 0 | M22: 0 | N22: 0 | O22: 0 | P22: 0 | Q22: 0 | R22: 0 | S22: 0 | T22: 0 | U22: 0 | V22: 0 | W22: 0
A23: Goedert Imports Ltda EPP | B23: 5 | C23: 20 | D23: Tapete, em nylon, com acabamento, tapete profissional para retenção de sujeira seca e úmida, Iron Horse, impede que a sujeira e a umidade entrem em contato com o piso, tornando-o escorregadio e perigoso. Produzido em solution-dyed nylon, resistente ao desbotamento, bordas rebaixadas de borracha nitrílica, 100% lavável, resistente à lavagem industrial, nylon opti-twist que transforma o tapete numa escova capaz de reter seu próprio peso em sujeira e umidade, retenção de até 70% da sujeira e umidade, alto tráfego. medidas 85 x 150 cm. cor: Granito. | E23: Peça | F23: Iron Horse | G23: 339030.22 | H23: 487.41 | J23: =I23-(SUM(L23:W23)) -> 0 | K23: =IF(J23<0,"ATENÇÃO","OK") -> OK | L23: 0 | M23: 0 | N23: 0 | O23: 0 | P23: 0 | Q23: 0 | R23: 0 | S23: 0 | T23: 0 | U23: 0 | V23: 0 | W23: 0
D25: *Prazos de Entrega e Pagamento conforme edital

Sheet CAV
A1: PROCESSO: 0462/2015/UDESC | D1: OBJETO: AQUISIÇÃO DE MATERIAL DE HIGIENE E LIMPEZA PARA A UDESC | I1: VIGÊNCIA DA ATA: 23/07/2015 até 22/07/2016 | L1: AF/OS nº xxxx/2015 Qtde. DT | M1: AF/OS nº xxxx/2015 Qtde. DT | N1: AF/OS nº xxxx/2015 Qtde. DT | O1: AF/OS nº xxxx/2015 Qtde. DT | P1: AF/OS nº xxxx/2015 Qtde. DT | Q1: AF/OS nº xxxx/2015 Qtde. DT | R1: AF/OS nº xxxx/2015 Qtde. DT | S1: AF/OS nº xxxx/2015 Qtde. DT | T1: AF/OS nº xxxx/2015 Qtde. DT | U1: AF/OS nº xxxx/2015 Qtde. DT | V1: AF/OS nº xxxx/2015 Qtde. DT | W1: AF/OS nº xxxx/2015 Qtde. DT
A2: CENTRO PARTICIPANTE: CAV
A3: FORNECEDOR | B3: LOTE | C3: ITEM | D3: PRODUTO - CARACTERÍSTICAS MÍNIMAS | E3: UNIDADE | F3: MARCA | G3: DETALHAMENTO | H3: Preço UNITÁRIO (R$) | I3: Qtde Registrada | J3: Saldo / Automático | K3: ALERTA | L3: ...../...../...... | M3: ...../...../...... | N3: ...../...../...... | O3: ...../...../...... | P3: ...../...../...... | Q3: ...../...../...... | R3: ...../...../...... | S3: ...../...../...... | T3: ...../...../...... | U3: ...../...../...... | V3: ...../...../...... | W3: ...../...../......
A4: Comercial Multiville LTDA EPP | B4: 1 | C4: 1 | D4: Sabonete glicerinado, em barra, para uso geral, com aproximadamente 90 gramas, embalagem individual e acondicionados em caixa. (Apresentar: AFE-Autorização de Funcionamento da Empresa e Notificação no MS ANVISA, cfe DECRETO Nº 79.094/77, RDC 343/2005). | E4: Peça | F4: Motivus | G4: 339030.22 | H4: 0.94 | I4: 20 | J4: =I4-(SUM(L4:W4)) -> 0 | K4: =IF(J4<0,"ATENÇÃO","OK") -> OK | L4: 20 | M4: 0 | N4: 0 | O4: 0 | P4: 0 | Q4: 0 | R4: 0 | S4: 0 | T4: 0 | U4: 0 | V4: 0 | W4: 0
C5: 2 | D5: Sabonete líquido aromatizado, fragrância suave, alta viscosidade, hipoalergênico, frasco com 5 litros, acondicionados em caixa de papelão resistente que suporte empilhamento. (Apresentar: Laudo de Irritabilidade Dérmica, conclusivo, que comprove ser HIPOALERGÊNICO, expedido por laboratório credenciado pela ANVISA, AFE-Autorização de Funcionamento da Empresa e Notificação no MS ANVISA, cfe DECRETO Nº 79.094/77, RDC 343/2005). | E5: Galão | F5: Saúba | G5: 339030.22 | H5: 12.95 | I5: 50 | J5: =I5-(SUM(L5:W5)) -> 0 | K5: =IF(J5<0,"ATENÇÃO","OK") -> OK | L5: 50 | M5: 0 | N5: 0 | O5: 0 | P5: 0 | Q5: 0 | R5: 0 | S5: 0 | T5: 0 | U5: 0 | V5: 0 | W5: 0
C6: 3 | D6: Saboneteira em plástico ABS, com válvula, para uso de sabonete em espuma refil 800ml, com abertura em "chave". Cor branca ou bege. | E6: Peça | F6: Nobre | G6: 339030.22 | H6: 31.21 | J6: =I6-(SUM(L6:W6)) -> 0 | K6: =IF(J6<0,"ATENÇÃO","OK") -> OK | L6: 0 | M6: 0 | N6: 0 | O6: 0 | P6: 0 | Q6: 0 | R6: 0 | S6: 0 | T6: 0 | U6: 0 | V6: 0 | W6: 0
C7: 4 | D7: Sabonete para uso em saboneteira espumante, sem válvula, refil com 800ml, fragrância erva doce. (Apresentar: Laudo de Irritabilidade Dérmica, conclusivo, que comprove ser HIPOALERGÊNICO, expedido por laboratório credenciado pela ANVISA, AFE-Autorização de Funcionamento da Empresa e Notificação no MS ANVISA, cfe DECRETO Nº 79.094/77, RDC 343/2005). | E7: Peça | F7: Saúba | G7: 339030.22 | H7: 15.5 | J7: =I7-(SUM(L7:W7)) -> 0 | K7: =IF(J7<0,"ATENÇÃO","OK") -> OK | L7: 0 | M7: 0 | N7: 0 | O7: 0 | P7: 0 | Q7: 0 | R7: 0 | S7: 0 | T7: 0 | U7: 0 | V7: 0 | W7: 0
A8: L1 Serv. Org. Feiras Cong. Viagens e Eventos Ltda ME | B8: 2 | C8: 5 | D8: Pano de copa, em tecido 100% algodão, branco alvejado, medindo 0,70 x 0,50m, com bainha, com peso mínimo de 70g, admitindo-se variação de até 10% no peso e na medida; embalados individualmente, acondicionados em pacote com 50 unidades. O pano deverá conter etiqueta de fábrica indicando a composição do tecido e a metragem. Prazo de validade: 12 meses a partir de cada entrega de pedido. | E8: Peça | F8: Amabile/Amabile | G8: 339030.22 | H8: 1.49 | I8: 100 | J8: =I8-(SUM(L8:W8)) -> 100 | K8: =IF(J8<0,"ATENÇÃO","OK") -> OK | L8: 0 | M8: 0 | N8: 0 | O8: 0 | P8: 0 | Q8: 0 | R8: 0 | S8: 0 | T8: 0 | U8: 0 | V8: 0 | W8: 0
C9: 6 | D9: Saco de tecido, 100% algodão, para limpeza, lavado e alvejado, medidas externas: 70 cm de altura x 50 cm de largura, com peso mínimo de 190 gramas (admitindo-se variação de até 10% no peso e nas medidas), embalados em pacote com 10 unidades e acondicionados em fardos com 5 pacotes. O pano deverá conter etiqueta de fábrica informando a composição do tecido e metragem. Prazo de validade: 12 meses a partir de cada pedido de entrega. | E9: Peça | F9: Amabile/Amabile | G9: 339030.22 | H9: 3.3 | I9: 1000 | J9: =I9-(SUM(L9:W9)) -> 800 | K9: =IF(J9<0,"ATENÇÃO","OK") -> OK | L9: 200 | M9: 0 | N9: 0 | O9: 0 | P9: 0 | Q9: 0 | R9: 0 | S9: 0 | T9: 0 | U9: 0 | V9: 0 | W9: 0
C10: 7 | D10: Flanela, peluciada em ambos os lados, para limpeza medindo 0,60 x 0,40 metros (admitindo-se variação de até 10%), com bordas chuleadas, embaladas individualmente e acondicionadas em pacote com 50 unidades. | E10: Peça | F10: Cristal/Cristal | G10: 339030.22 | H10: 1.27 | I10: 400 | J10: =I10-(SUM(L10:W10)) -> 350 | K10: =IF(J10<0,"ATENÇÃO","OK") -> OK | L10: 50 | M10: 0 | N10: 0 | O10: 0 | P10: 0 | Q10: 0 | R10: 0 | S10: 0 | T10: 0 | U10: 0 | V10: 0 | W10: 0
A11: Deivid Reinert ME - Alterado para Embalastil Ltda ME | B11: 3 | C11: 8 | D11: Papel toalha rolão, gramatura mínima 28g/m2, cor branca, 100% celulose virgem, sem pigmentação aparente oriunda da utilização de aparas de material impresso, gofrado, macio, com alto poder de absorção, distribuição homogênea das fibras ao longo do papel, sem rebarbas no corte lateral; rolo com 0,20x100 metros; embalado em fardo com 8 rolos. (A vencedora apresentará, em até 02 dias úteis: laudo microbiológico, conforme Portaria MS nº 1.480 de 31/12/90., de laboratório credenciado pelo INMETRO, ou habilitado no REBLAS/ANVISA. Será analisada a amostra pelo responsável técnico, através da aplicação da fórmula - peso mínimo: 0,20X100X28=560 gramas). | E11: Rolo | F11: Embalastil | G11: 339030.22 | H11: 3.5 | I11: 50 | J11: =I11-(SUM(L11:W11)) -> 0 | K11: =IF(J11<0,"ATENÇÃO","OK") -> OK | L11: 50 | M11: 0 | N11: 0 | O11: 0 | P11: 0 | Q11: 0 | R11: 0 | S11: 0 | T11: 0 | U11: 0 | V11: 0 | W11: 0
A12: Elo Comércio e Serviços LTDA ME | B12: 4 | C12: 9 | D12: Balde plástico com alça, borda reforçada, com capacidade para aproximadamente 15 (quinze) litros, cores diversas. Balde plástico polietileno de alta densidade (PAED), alta resistência a impacto, paredes e fundos reforçados, alça em aço zincado e com reforço na borda e no encaixe da alça, com capacidade para aproximadamente 15 (quinze) litros, cores diversas. | E12: Peça | F12: ARQPLAST | G12: 339030.22 | H12: 3.04 | I12: 100 | J12: =I12-(SUM(L12:W12)) -> 0 | K12: =IF(J12<0,"ATENÇÃO","OK") -> OK | L12: 100 | M12: 0 | N12: 0 | O12: 0 | P12: 0 | Q12: 0 | R12: 0 | S12: 0 | T12: 0 | U12: 0 | V12: 0 | W12: 0
C13: 10 | D13: Escova para limpeza de vaso sanitário com suporte (do tipo vassoura, em forma de bola ou meia bola), com cerdas arredondadas em nylon; cabo e suporte em polipropileno; dimensão: 36x7.5x36cm, aproximadamente. | E13: Peça | F13: GAUCHA | G13: 339030.22 | H13: 3.54 | I13: 30 | J13: =I13-(SUM(L13:W13)) -> 0 | K13: =IF(J13<0,"ATENÇÃO","OK") -> OK | L13: 30 | M13: 0 | N13: 0 | O13: 0 | P13: 0 | Q13: 0 | R13: 0 | S13: 0 | T13: 0 | U13: 0 | V13: 0 | W13: 0
C14: 11 | D14: Escovão para limpeza, com cerdas de nylon, base em material plástico ou polipropileno resistente com aproximadamente 25 cm e cabo de madeira isenta de farpas, revestido em material plástico ou polipropileno, medindo aproximadamente 1,20 metros, fixação com sistema de rosca (resistente). | E14: Peça | F14: GAUCHA | G14: 339030.22 | H14: 4.24 | I14: 40 | J14: =I14-(SUM(L14:W14)) -> 40 | K14: =IF(J14<0,"ATENÇÃO","OK") -> OK | L14: 0 | M14: 0 | N14: 0 | O14: 0 | P14: 0 | Q14: 0 | R14: 0 | S14: 0 | T14: 0 | U14: 0 | V14: 0 | W14: 0
C15: 12 | D15: Esfregão (esponja) de aço, para limpeza de panela, com 15g (admitindo-se variação de até 1g), embalagem individual, em invólucro plástico lacrado, acondicionados em caixa de papelão resistente que suporte empilhamento. Prazo de validade: 12 meses a partir de cada entrega de pedido. | E15: Peça | F15: INOVE | G15: 339030.22 | H15: 0.81 | I15: 160 | J15: =I15-(SUM(L15:W15)) -> 160 | K15: =IF(J15<0,"ATENÇÃO","OK") -> OK | L15: 0 | M15: 0 | N15: 0 | O15: 0 | P15: 0 | Q15: 0 | R15: 0 | S15: 0 | T15: 0 | U15: 0 | V15: 0 | W15: 0
C16: 13 | D16: Lã de aço, (em aço carbono), para limpeza e brilho, embalagem em pacote plástico lacrado com 08 unidades, pesando no mínimo 60g e acondicionadas em caixa de papelão resistente que suporte empilhamento. | E16: Pacote | F16: INOVE | G16: 339030.22 | H16: 0.96 | I16: 200 | J16: =I16-(SUM(L16:W16)) -> 0 | K16: =IF(J16<0,"ATENÇÃO","OK") -> OK | L16: 200 | M16: 0 | N16: 0 | O16: 0 | P16: 0 | Q16: 0 | R16: 0 | S16: 0 | T16: 0 | U16: 0 | V16: 0 | W16: 0
C17: 14 | D17: Pá para lixo, de material plástico resistente, cabo curto, corpo único, acondicionadas em caixa de papelão resistente que suporte empilhamento. | E17: Peça | F17: GAUCHA | G17: 339030.22 | H17: 1.15 | I17: 20 | J17: =I17-(SUM(L17:W17)) -> 0 | K17: =IF(J17<0,"ATENÇÃO","OK") -> OK | L17: 20 | M17: 0 | N17: 0 | O17: 0 | P17: 0 | Q17: 0 | R17: 0 | S17: 0 | T17: 0 | U17: 0 | V17: 0 | W17: 0
C18: 15 | D18: Guardanapo de papel, cor branca, macio, com alto poder de absorção, gramatura 19g a 22g/m2, medindo 30cm x 30cm, sem rebarbas no corte lateral, em embalagem com 50 (cinqüenta) unidades, acondicionado em caixa de papelão resistente que suporte empilhamento. (A vencedora apresentará, em até 02 dias úteis: Laudo Microbiológico, conforme Portaria MS nº 1.480 de 31/12/90., de laboratório credenciado pelo INMETRO, ou habilitado no REBLAS/ANVISA. | E18: Pacote | F18: SORELLA | G18: 339030.22 | H18: 1.16 | I18: 60 | J18: =I18-(SUM(L18:W18)) -> 0 | K18: =IF(J18<0,"ATENÇÃO","OK") -> OK | L18: 60 | M18: 0 | N18: 0 | O18: 0 | P18: 0 | Q18: 0 | R18: 0 | S18: 0 | T18: 0 | U18: 0 | V18: 0 | W18: 0
C19: 16 | D19: Filtro de papel para café, com gramatura de 54 g/m2, com fechamento de dupla prensagem, tamanho 103, na cor branca; embalagem com 30 a 40 unidades, acondicionadas em caixa. | E19: Caixa | F19: BRIGITTA | G19: 339030.21 | H19: 2.11 | I19: 120 | J19: =I19-(SUM(L19:W19)) -> 70 | K19: =IF(J19<0,"ATENÇÃO","OK") -> OK | L19: 50 | M19: 0 | N19: 0 | O19: 0 | P19: 0 | Q19: 0 | R19: 0 | S19: 0 | T19: 0 | U19: 0 | V19: 0 | W19: 0
C20: 17 | D20: Fósforo doméstico, em maço com 10 caixas, com 40 palitos, acondicionados em pacotes. | E20: Caixa | F20: ZEBRA | G20: 339030.21 | H20: 0.12 | I20: 20 | J20: =I20-(SUM(L20:W20)) -> 10 | K20: =IF(J20<0,"ATENÇÃO","OK") -> OK | L20: 10 | M20: 0 | N20: 0 | O20: 0 | P20: 0 | Q20: 0 | R20: 0 | S20: 0 | T20: 0 | U20: 0 | V20: 0 | W20: 0
C21: 18 | D21: Repelente elétrico para mosquito, que pemite o uso de pastilhas. Bivolt. | E21: Peça | F21: FLORA | G21: 339030.22 | H21: 10.14 | J21: =I21-(SUM(L21:W21)) -> 0 | K21: =IF(J21<0,"ATENÇÃO","OK") -> OK | L21: 0 | M21: 0 | N21: 0 | O21: 0 | P21: 0 | Q21: 0 | R21: 0 | S21: 0 | T21: 0 | U21: 0 | V21: 0 | W21: 0
C22: 19 | D22: Pastilha para uso em repelente elétrico, cada pacote com 12 unidades | E22: Pacote | F22: PERINCET | G22: 339030.22 | H22: 1.95 | J22: =I22-(SUM(L22:W22)) -> 0 | K22: =IF(J22<0,"ATENÇÃO","OK") -> OK | L22: 0 | M22: 0 | N22: 0 | O22: 0 | P22: 0 | Q22: 0 | R22: 0 | S22: 0 | T22: 0 | U22: 0 | V22: 0 | W22: 0
A23: Goedert Imports Ltda EPP | B23: 5 | C23: 20 | D23: Tapete, em nylon, com acabamento, tapete profissional para retenção de sujeira seca e úmida, Iron Horse, impede que a sujeira e a umidade entrem em contato com o piso, tornando-o escorregadio e perigoso. Produzido em solution-dyed nylon, resistente ao desbotamento, bordas rebaixadas de borracha nitrílica, 100% lavável, resistente à lavagem industrial, nylon opti-twist que transforma o tapete numa escova capaz de reter seu próprio peso em sujeira e umidade, retenção de até 70% da sujeira e umidade, alto tráfego. medidas 85 x 150 cm. cor: Granito. | E23: Peça | F23: Iron Horse | G23: 339030.22 | H23: 487.41 | J23: =I23-(SUM(L23:W23)) -> 0 | K23: =IF(J23<0,"ATENÇÃO","OK") -> OK | L23: 0 | M23: 0 | N23: 0 | O23: 0 | P23: 0 | Q23: 0 | R23: 0 | S23: 0 | T23: 0 | U23: 0 | V23: 0 | W23: 0
D25: *Prazos de Entrega e Pagamento conforme edital

Sheet CEO
A1: PROCESSO: 0462/2015/UDESC | D1: OBJETO: AQUISIÇÃO DE MATERIAL DE HIGIENE E LIMPEZA PARA A UDESC | I1: VIGÊNCIA DA ATA: 23/07/2015 até 22/07/2016 | L1: AF/OS nº 1581/2015 Qtde. DT - ELO | M1: AF/OS nº xxxx/2015 Qtde. DT | N1: AF/OS nº xxxx/2015 Qtde. DT | O1: AF/OS nº xxxx/2015 Qtde. DT | P1: AF/OS nº xxxx/2015 Qtde. DT | Q1: AF/OS nº xxxx/2015 Qtde. DT | R1: AF/OS nº xxxx/2015 Qtde. DT | S1: AF/OS nº xxxx/2015 Qtde. DT | T1: AF/OS nº xxxx/2015 Qtde. DT | U1: AF/OS nº xxxx/2015 Qtde. DT | V1: AF/OS nº xxxx/2015 Qtde. DT | W1: AF/OS nº xxxx/2015 Qtde. DT
A2: CENTRO PARTICIPANTE: CEO
A3: FORNECEDOR | B3: LOTE | C3: ITEM | D3: PRODUTO - CARACTERÍSTICAS MÍNIMAS | E3: UNIDADE | F3: MARCA | G3: DETALHAMENTO | H3: Preço UNITÁRIO (R$) | I3: Qtde Registrada | J3: Saldo / Automático | K3: ALERTA | L3: 42257 | M3: ...../...../...... | N3: ...../...../...... | O3: ...../...../...... | P3: ...../...../...... | Q3: ...../...../...... | R3: ...../...../...... | S3: ...../...../...... | T3: ...../...../...... | U3: ...../...../...... | V3: ...../...../...... | W3: ...../...../......
A4: Comercial Multiville LTDA EPP | B4: 1 | C4: 1 | D4: Sabonete glicerinado, em barra, para uso geral, com aproximadamente 90 gramas, embalagem individual e acondicionados em caixa. (Apresentar: AFE-Autorização de Funcionamento da Empresa e Notificação no MS ANVISA, cfe DECRETO Nº 79.094/77, RDC 343/2005). | E4: Peça | F4: Motivus | G4: 339030.22 | H4: 0.94 | J4: =I4-(SUM(L4:W4)) -> 0 | K4: =IF(J4<0,"ATENÇÃO","OK") -> OK | L4: 0 | M4: 0 | N4: 0 | O4: 0 | P4: 0 | Q4: 0 | R4: 0 | S4: 0 | T4: 0 | U4: 0 | V4: 0 | W4: 0
C5: 2 | D5: Sabonete líquido aromatizado, fragrância suave, alta viscosidade, hipoalergênico, frasco com 5 litros, acondicionados em caixa de papelão resistente que suporte empilhamento. (Apresentar: Laudo de Irritabilidade Dérmica, conclusivo, que comprove ser HIPOALERGÊNICO, expedido por laboratório credenciado pela ANVISA, AFE-Autorização de Funcionamento da Empresa e Notificação no MS ANVISA, cfe DECRETO Nº 79.094/77, RDC 343/2005). | E5: Galão | F5: Saúba | G5: 339030.22 | H5: 12.95 | I5: 50 | J5: =I5-(SUM(L5:W5)) -> 50 | K5: =IF(J5<0,"ATENÇÃO","OK") -> OK | L5: 0 | M5: 0 | N5: 0 | O5: 0 | P5: 0 | Q5: 0 | R5: 0 | S5: 0 | T5: 0 | U5: 0 | V5: 0 | W5: 0
C6: 3 | D6: Saboneteira em plástico ABS, com válvula, para uso de sabonete em espuma refil 800ml, com abertura em "chave". Cor branca ou bege. | E6: Peça | F6: Nobre | G6: 339030.22 | H6: 31.21 | J6: =I6-(SUM(L6:W6)) -> 0 | K6: =IF(J6<0,"ATENÇÃO","OK") -> OK | L6: 0 | M6: 0 | N6: 0 | O6: 0 | P6: 0 | Q6: 0 | R6: 0 | S6: 0 | T6: 0 | U6: 0 | V6: 0 | W6: 0
C7: 4 | D7: Sabonete para uso em saboneteira espumante, sem válvula, refil com 800ml, fragrância erva doce. (Apresentar: Laudo de Irritabilidade Dérmica, conclusivo, que comprove ser HIPOALERGÊNICO, expedido por laboratório credenciado pela ANVISA, AFE-Autorização de Funcionamento da Empresa e Notificação no MS ANVISA, cfe DECRETO Nº 79.094/77, RDC 343/2005). | E7: Peça | F7: Saúba | G7: 339030.22 | H7: 15.5 | J7: =I7-(SUM(L7:W7)) -> 0 | K7: =IF(J7<0,"ATENÇÃO","OK") -> OK | L7: 0 | M7: 0 | N7: 0 | O7: 0 | P7: 0 | Q7: 0 | R7: 0 | S7: 0 | T7: 0 | U7: 0 | V7: 0 | W7: 0
A8: L1 Serv. Org. Feiras Cong. Viagens e Eventos Ltda ME | B8: 2 | C8: 5 | D8: Pano de copa, em tecido 100% algodão, branco alvejado, medindo 0,70 x 0,50m, com bainha, com peso mínimo de 70g, admitindo-se variação de até 10% no peso e na medida; embalados individualmente, acondicionados em pacote com 50 unidades. O pano deverá conter etiqueta de fábrica indicando a composição do tecido e a metragem. Prazo de validade: 12 meses a partir de cada entrega de pedido. | E8: Peça | F8: Amabile/Amabile | G8: 339030.22 | H8: 1.49 | I8: 50 | J8: =I8-(SUM(L8:W8)) -> 50 | K8: =IF(J8<0,"ATENÇÃO","OK") -> OK | L8: 0 | M8: 0 | N8: 0 | O8: 0 | P8: 0 | Q8: 0 | R8: 0 | S8: 0 | T8: 0 | U8: 0 | V8: 0 | W8: 0
C9: 6 | D9: Saco de tecido, 100% algodão, para limpeza, lavado e alvejado, medidas externas: 70 cm de altura x 50 cm de largura, com peso mínimo de 190 gramas (admitindo-se variação de até 10% no peso e nas medidas), embalados em pacote com 10 unidades e acondicionados em fardos com 5 pacotes. O pano deverá conter etiqueta de fábrica informando a composição do tecido e metragem. Prazo de validade: 12 meses a partir de cada pedido de entrega. | E9: Peça | F9: Amabile/Amabile | G9: 339030.22 | H9: 3.3 | I9: 30 | J9: =I9-(SUM(L9:W9)) -> 30 | K9: =IF(J9<0,"ATENÇÃO","OK") -> OK | L9: 0 | M9: 0 | N9: 0 | O9: 0 | P9: 0 | Q9: 0 | R9: 0 | S9: 0 | T9: 0 | U9: 0 | V9: 0 | W9: 0
C10: 7 | D10: Flanela, peluciada em ambos os lados, para limpeza medindo 0,60 x 0,40 metros (admitindo-se variação de até 10%), com bordas chuleadas, embaladas individualmente e acondicionadas em pacote com 50 unidades. | E10: Peça | F10: Cristal/Cristal | G10: 339030.22 | H10: 1.27 | I10: 100 | J10: =I10-(SUM(L10:W10)) -> 100 | K10: =IF(J10<0,"ATENÇÃO","OK") -> OK | L10: 0 | M10: 0 | N10: 0 | O10: 0 | P10: 0 | Q10: 0 | R10: 0 | S10: 0 | T10: 0 | U10: 0 | V10: 0 | W10: 0
A11: Deivid Reinert ME - Alterado para Embalastil Ltda ME | B11: 3 | C11: 8 | D11: Papel toalha rolão, gramatura mínima 28g/m2, cor branca, 100% celulose virgem, sem pigmentação aparente oriunda da utilização de aparas de material impresso, gofrado, macio, com alto poder de absorção, distribuição homogênea das fibras ao longo do papel, sem rebarbas no corte lateral; rolo com 0,20x100 metros; embalado em fardo com 8 rolos. (A vencedora apresentará, em até 02 dias úteis: laudo microbiológico, conforme Portaria MS nº 1.480 de 31/12/90., de laboratório credenciado pelo INMETRO, ou habilitado no REBLAS/ANVISA. Será analisada a amostra pelo responsável técnico, através da aplicação da fórmula - peso mínimo: 0,20X100X28=560 gramas). | E11: Rolo | F11: Embalastil | G11: 339030.22 | H11: 3.5 | J11: =I11-(SUM(L11:W11)) -> 0 | K11: =IF(J11<0,"ATENÇÃO","OK") -> OK | L11: 0 | M11: 0 | N11: 0 | O11: 0 | P11: 0 | Q11: 0 | R11: 0 | S11: 0 | T11: 0 | U11: 0 | V11: 0 | W11: 0
A12: Elo Comércio e Serviços LTDA ME | B12: 4 | C12: 9 | D12: Balde plástico com alça, borda reforçada, com capacidade para aproximadamente 15 (quinze) litros, cores diversas. Balde plástico polietileno de alta densidade (PAED), alta resistência a impacto, paredes e fundos reforçados, alça em aço zincado e com reforço na borda e no encaixe da alça, com capacidade para aproximadamente 15 (quinze) litros, cores diversas. | E12: Peça | F12: ARQPLAST | G12: 339030.22 | H12: 3.04 | I12: 10 | J12: =I12-(SUM(L12:W12)) -> 0 | K12: =IF(J12<0,"ATENÇÃO","OK") -> OK | L12: 10 | M12: 0 | N12: 0 | O12: 0 | P12: 0 | Q12: 0 | R12: 0 | S12: 0 | T12: 0 | U12: 0 | V12: 0 | W12: 0
C13: 10 | D13: Escova para limpeza de vaso sanitário com suporte (do tipo vassoura, em forma de bola ou meia bola), com cerdas arredondadas em nylon; cabo e suporte em polipropileno; dimensão: 36x7.5x36cm, aproximadamente. | E13: Peça | F13: GAUCHA | G13: 339030.22 | H13: 3.54 | J13: =I13-(SUM(L13:W13)) -> 0 | K13: =IF(J13<0,"ATENÇÃO","OK") -> OK | L13: 0 | M13: 0 | N13: 0 | O13: 0 | P13: 0 | Q13: 0 | R13: 0 | S13: 0 | T13: 0 | U13: 0 | V13: 0 | W13: 0
C14: 11 | D14: Escovão para limpeza, com cerdas de nylon, base em material plástico ou polipropileno resistente com aproximadamente 25 cm e cabo de madeira isenta de farpas, revestido em material plástico ou polipropileno, medindo aproximadamente 1,20 metros, fixação com sistema de rosca (resistente). | E14: Peça | F14: GAUCHA | G14: 339030.22 | H14: 4.24 | J14: =I14-(SUM(L14:W14)) -> 0 | K14: =IF(J14<0,"ATENÇÃO","OK") -> OK | L14: 0 | M14: 0 | N14: 0 | O14: 0 | P14: 0 | Q14: 0 | R14: 0 | S14: 0 | T14: 0 | U14: 0 | V14: 0 | W14: 0
C15: 12 | D15: Esfregão (esponja) de aço, para limpeza de panela, com 15g (admitindo-se variação de até 1g), embalagem individual, em invólucro plástico lacrado, acondicionados em caixa de papelão resistente que suporte empilhamento. Prazo de validade: 12 meses a partir de cada entrega de pedido. | E15: Peça | F15: INOVE | G15: 339030.22 | H15: 0.81 | J15: =I15-(SUM(L15:W15)) -> 0 | K15: =IF(J15<0,"ATENÇÃO","OK") -> OK | L15: 0 | M15: 0 | N15: 0 | O15: 0 | P15: 0 | Q15: 0 | R15: 0 | S15: 0 | T15: 0 | U15: 0 | V15: 0 | W15: 0
C16: 13 | D16: Lã de aço, (em aço carbono), para limpeza e brilho, embalagem em pacote plástico lacrado com 08 unidades, pesando no mínimo 60g e acondicionadas em caixa de papelão resistente que suporte empilhamento. | E16: Pacote | F16: INOVE | G16: 339030.22 | H16: 0.96 | J16: =I16-(SUM(L16:W16)) -> 0 | K16: =IF(J16<0,"ATENÇÃO","OK") -> OK | L16: 0 | M16: 0 | N16: 0 | O16: 0 | P16: 0 | Q16: 0 | R16: 0 | S16: 0 | T16: 0 | U16: 0 | V16: 0 | W16: 0
C17: 14 | D17: Pá para lixo, de material plástico resistente, cabo curto, corpo único, acondicionadas em caixa de papelão resistente que suporte empilhamento. | E17: Peça | F17: GAUCHA | G17: 339030.22 | H17: 1.15 | I17: 5 | J17: =I17-(SUM(L17:W17)) -> 0 | K17: =IF(J17<0,"ATENÇÃO","OK") -> OK | L17: 5 | M17: 0 | N17: 0 | O17: 0 | P17: 0 | Q17: 0 | R17: 0 | S17: 0 | T17: 0 | U17: 0 | V17: 0 | W17: 0
C18: 15 | D18: Guardanapo de papel, cor branca, macio, com alto poder de absorção, gramatura 19g a 22g/m2, medindo 30cm x 30cm, sem rebarbas no corte lateral, em embalagem com 50 (cinqüenta) unidades, acondicionado em caixa de papelão resistente que suporte empilhamento. (A vencedora apresentará, em até 02 dias úteis: Laudo Microbiológico, conforme Portaria MS nº 1.480 de 31/12/90., de laboratório credenciado pelo INMETRO, ou habilitado no REBLAS/ANVISA. | E18: Pacote | F18: SORELLA | G18: 339030.22 | H18: 1.16 | I18: 100 | J18: =I18-(SUM(L18:W18)) -> 0 | K18: =IF(J18<0,"ATENÇÃO","OK") -> OK | L18: 100 | M18: 0 | N18: 0 | O18: 0 | P18: 0 | Q18: 0 | R18: 0 | S18: 0 | T18: 0 | U18: 0 | V18: 0 | W18: 0
C19: 16 | D19: Filtro de papel para café, com gramatura de 54 g/m2, com fechamento de dupla prensagem, tamanho 103, na cor branca; embalagem com 30 a 40 unidades, acondicionadas em caixa. | E19: Caixa | F19: BRIGITTA | G19: 339030.21 | H19: 2.11 | I19: 150 | J19: =I19-(SUM(L19:W19)) -> 0 | K19: =IF(J19<0,"ATENÇÃO","OK") -> OK | L19: 150 | M19: 0 | N19: 0 | O19: 0 | P19: 0 | Q19: 0 | R19: 0 | S19: 0 | T19: 0 | U19: 0 | V19: 0 | W19: 0
C20: 17 | D20: Fósforo doméstico, em maço com 10 caixas, com 40 palitos, acondicionados em pacotes. | E20: Caixa | F20: ZEBRA | G20: 339030.21 | H20: 0.12 | I20: 20 | J20: =I20-(SUM(L20:W20)) -> 0 | K20: =IF(J20<0,"ATENÇÃO","OK") -> OK | L20: 20 | M20: 0 | N20: 0 | O20: 0 | P20: 0 | Q20: 0 | R20: 0 | S20: 0 | T20: 0 | U20: 0 | V20: 0 | W20: 0
C21: 18 | D21: Repelente elétrico para mosquito, que pemite o uso de pastilhas. Bivolt. | E21: Peça | F21: FLORA | G21: 339030.22 | H21: 10.14 | J21: =I21-(SUM(L21:W21)) -> 0 | K21: =IF(J21<0,"ATENÇÃO","OK") -> OK | L21: 0 | M21: 0 | N21: 0 | O21: 0 | P21: 0 | Q21: 0 | R21: 0 | S21: 0 | T21: 0 | U21: 0 | V21: 0 | W21: 0
C22: 19 | D22: Pastilha para uso em repelente elétrico, cada pacote com 12 unidades | E22: Pacote | F22: PERINCET | G22: 339030.22 | H22: 1.95 | J22: =I22-(SUM(L22:W22)) -> 0 | K22: =IF(J22<0,"ATENÇÃO","OK") -> OK | L22: 0 | M22: 0 | N22: 0 | O22: 0 | P22: 0 | Q22: 0 | R22: 0 | S22: 0 | T22: 0 | U22: 0 | V22: 0 | W22: 0
A23: Goedert Imports Ltda EPP | B23: 5 | C23: 20 | D23: Tapete, em nylon, com acabamento, tapete profissional para retenção de sujeira seca e úmida, Iron Horse, impede que a sujeira e a umidade entrem em contato com o piso, tornando-o escorregadio e perigoso. Produzido em solution-dyed nylon, resistente ao desbotamento, bordas rebaixadas de borracha nitrílica, 100% lavável, resistente à lavagem industrial, nylon opti-twist que transforma o tapete numa escova capaz de reter seu próprio peso em sujeira e umidade, retenção de até 70% da sujeira e umidade, alto tráfego. medidas 85 x 150 cm. cor: Granito. | E23: Peça | F23: Iron Horse | G23: 339030.22 | H23: 487.41 | J23: =I23-(SUM(L23:W23)) -> 0 | K23: =IF(J23<0,"ATENÇÃO","OK") -> OK | L23: 0 | M23: 0 | N23: 0 | O23: 0 | P23: 0 | Q23: 0 | R23: 0 | S23: 0 | T23: 0 | U23: 0 | V23: 0 | W23: 0
D25: *Prazos de Entrega e Pagamento conforme edital

Sheet CEAVI
A1: PROCESSO: 0462/2015/UDESC | D1: OBJETO: AQUISIÇÃO DE MATERIAL DE HIGIENE E LIMPEZA PARA A UDESC | I1: VIGÊNCIA DA ATA: 23/07/2015 até 22/07/2016 | L1: AF/OS nº 1346/2015 Qtde. DT | M1: AF/OS nº 1356/2015 Qtde. DT | N1: AF/OS nº 1357/2015 Qtde. DT | O1: AF/OS nº 2012/2015 Qtde. DT | P1: AF/OS nº 2013/2015 Qtde. DT | Q1: AF/OS nº xxxx/2015 Qtde. DT | R1: AF/OS nº xxxx/2015 Qtde. DT | S1: AF/OS nº xxxx/2015 Qtde. DT | T1: AF/OS nº xxxx/2015 Qtde. DT | U1: AF/OS nº xxxx/2015 Qtde. DT | V1: AF/OS nº xxxx/2015 Qtde. DT | W1: AF/OS nº xxxx/2015 Qtde. DT
A2: CENTRO PARTICIPANTE: CEAVI
A3: FORNECEDOR | B3: LOTE | C3: ITEM | D3: PRODUTO - CARACTERÍSTICAS MÍNIMAS | E3: UNIDADE | F3: MARCA | G3: DETALHAMENTO | H3: Preço UNITÁRIO (R$) | I3: Qtde Registrada | J3: Saldo / Automático | K3: ALERTA | L3: 42221 | M3: 42222 | N3: 42221 | O3: ...../...../...... | P3: ...../...../...... | Q3: ...../...../...... | R3: ...../...../...... | S3: ...../...../...... | T3: ...../...../...... | U3: ...../...../...... | V3: ...../...../...... | W3: ...../...../......
A4: Comercial Multiville LTDA EPP | B4: 1 | C4: 1 | D4: Sabonete glicerinado, em barra, para uso geral, com aproximadamente 90 gramas, embalagem individual e acondicionados em caixa. (Apresentar: AFE-Autorização de Funcionamento da Empresa e Notificação no MS ANVISA, cfe DECRETO Nº 79.094/77, RDC 343/2005). | E4: Peça | F4: Motivus | G4: 339030.22 | H4: 0.94 | I4: 50 | J4: =I4-(SUM(L4:W4)) -> 50 | K4: =IF(J4<0,"ATENÇÃO","OK") -> OK | L4: 0 | M4: 0 | N4: 0 | O4: 0 | P4: 0 | Q4: 0 | R4: 0 | S4: 0 | T4: 0 | U4: 0 | V4: 0 | W4: 0
C5: 2 | D5: Sabonete líquido aromatizado, fragrância suave, alta viscosidade, hipoalergênico, frasco com 5 litros, acondicionados em caixa de papelão resistente que suporte empilhamento. (Apresentar: Laudo de Irritabilidade Dérmica, conclusivo, que comprove ser HIPOALERGÊNICO, expedido por laboratório credenciado pela ANVISA, AFE-Autorização de Funcionamento da Empresa e Notificação no MS ANVISA, cfe DECRETO Nº 79.094/77, RDC 343/2005). | E5: Galão | F5: Saúba | G5: 339030.22 | H5: 12.95 | I5: 150 | J5: =I5-(SUM(L5:W5)) -> 125 | K5: =IF(J5<0,"ATENÇÃO","OK") -> OK | L5: 10 | M5: 0 | N5: 0 | O5: 15 | P5: 0 | Q5: 0 | R5: 0 | S5: 0 | T5: 0 | U5: 0 | V5: 0 | W5: 0
C6: 3 | D6: Saboneteira em plástico ABS, com válvula, para uso de sabonete em espuma refil 800ml, com abertura em "chave". Cor branca ou bege. | E6: Peça | F6: Nobre | G6: 339030.22 | H6: 31.21 | J6: =I6-(SUM(L6:W6)) -> 0 | K6: =IF(J6<0,"ATENÇÃO","OK") -> OK | L6: 0 | M6: 0 | N6: 0 | O6: 0 | P6: 0 | Q6: 0 | R6: 0 | S6: 0 | T6: 0 | U6: 0 | V6: 0 | W6: 0
C7: 4 | D7: Sabonete para uso em saboneteira espumante, sem válvula, refil com 800ml, fragrância erva doce. (Apresentar: Laudo de Irritabilidade Dérmica, conclusivo, que comprove ser HIPOALERGÊNICO, expedido por laboratório credenciado pela ANVISA, AFE-Autorização de Funcionamento da Empresa e Notificação no MS ANVISA, cfe DECRETO Nº 79.094/77, RDC 343/2005). | E7: Peça | F7: Saúba | G7: 339030.22 | H7: 15.5 | J7: =I7-(SUM(L7:W7)) -> 0 | K7: =IF(J7<0,"ATENÇÃO","OK") -> OK | L7: 0 | M7: 0 | N7: 0 | O7: 0 | P7: 0 | Q7: 0 | R7: 0 | S7: 0 | T7: 0 | U7: 0 | V7: 0 | W7: 0
A8: L1 Serv. Org. Feiras Cong. Viagens e Eventos Ltda ME | B8: 2 | C8: 5 | D8: Pano de copa, em tecido 100% algodão, branco alvejado, medindo 0,70 x 0,50m, com bainha, com peso mínimo de 70g, admitindo-se variação de até 10% no peso e na medida; embalados individualmente, acondicionados em pacote com 50 unidades. O pano deverá conter etiqueta de fábrica indicando a composição do tecido e a metragem. Prazo de validade: 12 meses a partir de cada entrega de pedido. | E8: Peça | F8: Amabile/Amabile | G8: 339030.22 | H8: 1.49 | I8: 200 | J8: =I8-(SUM(L8:W8)) -> 200 | K8: =IF(J8<0,"ATENÇÃO","OK") -> OK | L8: 0 | M8: 0 | N8: 0 | O8: 0 | P8: 0 | Q8: 0 | R8: 0 | S8: 0 | T8: 0 | U8: 0 | V8: 0 | W8: 0
C9: 6 | D9: Saco de tecido, 100% algodão, para limpeza, lavado e alvejado, medidas externas: 70 cm de altura x 50 cm de largura, com peso mínimo de 190 gramas (admitindo-se variação de até 10% no peso e nas medidas), embalados em pacote com 10 unidades e acondicionados em fardos com 5 pacotes. O pano deverá conter etiqueta de fábrica informando a composição do tecido e metragem. Prazo de validade: 12 meses a partir de cada pedido de entrega. | E9: Peça | F9: Amabile/Amabile | G9: 339030.22 | H9: 3.3 | I9: 300 | J9: =I9-(SUM(L9:W9)) -> 200 | K9: =IF(J9<0,"ATENÇÃO","OK") -> OK | L9: 0 | M9: 0 | N9: 100 | O9: 0 | P9: 0 | Q9: 0 | R9: 0 | S9: 0 | T9: 0 | U9: 0 | V9: 0 | W9: 0
C10: 7 | D10: Flanela, peluciada em ambos os lados, para limpeza medindo 0,60 x 0,40 metros (admitindo-se variação de até 10%), com bordas chuleadas, embaladas individualmente e acondicionadas em pacote com 50 unidades. | E10: Peça | F10: Cristal/Cristal | G10: 339030.22 | H10: 1.27 | I10: 200 | J10: =I10-(SUM(L10:W10)) -> 100 | K10: =IF(J10<0,"ATENÇÃO","OK") -> OK | L10: 0 | M10: 0 | N10: 100 | O10: 0 | P10: 0 | Q10: 0 | R10: 0 | S10: 0 | T10: 0 | U10: 0 | V10: 0 | W10: 0
A11: Deivid Reinert ME - Alterado para Embalastil Ltda ME | B11: 3 | C11: 8 | D11: Papel toalha rolão, gramatura mínima 28g/m2, cor branca, 100% celulose virgem, sem pigmentação aparente oriunda da utilização de aparas de material impresso, gofrado, macio, com alto poder de absorção, distribuição homogênea das fibras ao longo do papel, sem rebarbas no corte lateral; rolo com 0,20x100 metros; embalado em fardo com 8 rolos. (A vencedora apresentará, em até 02 dias úteis: laudo microbiológico, conforme Portaria MS nº 1.480 de 31/12/90., de laboratório credenciado pelo INMETRO, ou habilitado no REBLAS/ANVISA. Será analisada a amostra pelo responsável técnico, através da aplicação da fórmula - peso mínimo: 0,20X100X28=560 gramas). | E11: Rolo | F11: Embalastil | G11: 339030.22 | H11: 3.5 | J11: =I11-(SUM(L11:W11)) -> 0 | K11: =IF(J11<0,"ATENÇÃO","OK") -> OK | L11: 0 | M11: 0 | N11: 0 | O11: 0 | P11: 0 | Q11: 0 | R11: 0 | S11: 0 | T11: 0 | U11: 0 | V11: 0 | W11: 0
A12: Elo Comércio e Serviços LTDA ME | B12: 4 | C12: 9 | D12: Balde plástico com alça, borda reforçada, com capacidade para aproximadamente 15 (quinze) litros, cores diversas. Balde plástico polietileno de alta densidade (PAED), alta resistência a impacto, paredes e fundos reforçados, alça em aço zincado e com reforço na borda e no encaixe da alça, com capacidade para aproximadamente 15 (quinze) litros, cores diversas. | E12: Peça | F12: ARQPLAST | G12: 339030.22 | H12: 3.04 | I12: 50 | J12: =I12-(SUM(L12:W12)) -> 35 | K12: =IF(J12<0,"ATENÇÃO","OK") -> OK | L12: 0 | M12: 0 | N12: 0 | P12: 15 | Q12: 0 | R12: 0 | S12: 0 | T12: 0 | U12: 0 | V12: 0 | W12: 0
C13: 10 | D13: Escova para limpeza de vaso sanitário com suporte (do tipo vassoura, em forma de bola ou meia bola), com cerdas arredondadas em nylon; cabo e suporte em polipropileno; dimensão: 36x7.5x36cm, aproximadamente. | E13: Peça | F13: GAUCHA | G13: 339030.22 | H13: 3.54 | I13: 30 | J13: =I13-(SUM(L13:W13)) -> 30 | K13: =IF(J13<0,"ATENÇÃO","OK") -> OK | L13: 0 | M13: 0 | N13: 0 | O13: 0 | P13: 0 | Q13: 0 | R13: 0 | S13: 0 | T13: 0 | U13: 0 | V13: 0 | W13: 0
C14: 11 | D14: Escovão para limpeza, com cerdas de nylon, base em material plástico ou polipropileno resistente com aproximadamente 25 cm e cabo de madeira isenta de farpas, revestido em material plástico ou polipropileno, medindo aproximadamente 1,20 metros, fixação com sistema de rosca (resistente). | E14: Peça | F14: GAUCHA | G14: 339030.22 | H14: 4.24 | I14: 50 | J14: =I14-(SUM(L14:W14)) -> 50 | K14: =IF(J14<0,"ATENÇÃO","OK") -> OK | L14: 0 | M14: 0 | N14: 0 | O14: 0 | P14: 0 | Q14: 0 | R14: 0 | S14: 0 | T14: 0 | U14: 0 | V14: 0 | W14: 0
C15: 12 | D15: Esfregão (esponja) de aço, para limpeza de panela, com 15g (admitindo-se variação de até 1g), embalagem individual, em invólucro plástico lacrado, acondicionados em caixa de papelão resistente que suporte empilhamento. Prazo de validade: 12 meses a partir de cada entrega de pedido. | E15: Peça | F15: INOVE | G15: 339030.22 | H15: 0.81 | I15: 200 | J15: =I15-(SUM(L15:W15)) -> 200 | K15: =IF(J15<0,"ATENÇÃO","OK") -> OK | L15: 0 | M15: 0 | N15: 0 | O15: 0 | P15: 0 | Q15: 0 | R15: 0 | S15: 0 | T15: 0 | U15: 0 | V15: 0 | W15: 0
C16: 13 | D16: Lã de aço, (em aço carbono), para limpeza e brilho, embalagem em pacote plástico lacrado com 08 unidades, pesando no mínimo 60g e acondicionadas em caixa de papelão resistente que suporte empilhamento. | E16: Pacote | F16: INOVE | G16: 339030.22 | H16: 0.96 | I16: 100 | J16: =I16-(SUM(L16:W16)) -> 100 | K16: =IF(J16<0,"ATENÇÃO","OK") -> OK | L16: 0 | M16: 0 | N16: 0 | O16: 0 | P16: 0 | Q16: 0 | R16: 0 | S16: 0 | T16: 0 | U16: 0 | V16: 0 | W16: 0
C17: 14 | D17: Pá para lixo, de material plástico resistente, cabo curto, corpo único, acondicionadas em caixa de papelão resistente que suporte empilhamento. | E17: Peça | F17: GAUCHA | G17: 339030.22 | H17: 1.15 | I17: 50 | J17: =I17-(SUM(L17:W17)) -> 50 | K17: =IF(J17<0,"ATENÇÃO","OK") -> OK | L17: 0 | M17: 0 | N17: 0 | O17: 0 | P17: 0 | Q17: 0 | R17: 0 | S17: 0 | T17: 0 | U17: 0 | V17: 0 | W17: 0
C18: 15 | D18: Guardanapo de papel, cor branca, macio, com alto poder de absorção, gramatura 19g a 22g/m2, medindo 30cm x 30cm, sem rebarbas no corte lateral, em embalagem com 50 (cinqüenta) unidades, acondicionado em caixa de papelão resistente que suporte empilhamento. (A vencedora apresentará, em até 02 dias úteis: Laudo Microbiológico, conforme Portaria MS nº 1.480 de 31/12/90., de laboratório credenciado pelo INMETRO, ou habilitado no REBLAS/ANVISA. | E18: Pacote | F18: SORELLA | G18: 339030.22 | H18: 1.16 | I18: 1000 | J18: =I18-(SUM(L18:W18)) -> 700 | K18: =IF(J18<0,"ATENÇÃO","OK") -> OK | M18: 300 | N18: 0 | O18: 0 | P18: 0 | Q18: 0 | R18: 0 | S18: 0 | T18: 0 | U18: 0 | V18: 0 | W18: 0
C19: 16 | D19: Filtro de papel para café, com gramatura de 54 g/m2, com fechamento de dupla prensagem, tamanho 103, na cor branca; embalagem com 30 a 40 unidades, acondicionadas em caixa. | E19: Caixa | F19: BRIGITTA | G19: 339030.21 | H19: 2.11 | J19: =I19-(SUM(L19:W19)) -> 0 | K19: =IF(J19<0,"ATENÇÃO","OK") -> OK | L19: 0 | M19: 0 | N19: 0 | O19: 0 | P19: 0 | Q19: 0 | R19: 0 | S19: 0 | T19: 0 | U19: 0 | V19: 0 | W19: 0
C20: 17 | D20: Fósforo doméstico, em maço com 10 caixas, com 40 palitos, acondicionados em pacotes. | E20: Caixa | F20: ZEBRA | G20: 339030.21 | H20: 0.12 | I20: 50 | J20: =I20-(SUM(L20:W20)) -> 40 | K20: =IF(J20<0,"ATENÇÃO","OK") -> OK | L20: 0 | M20: 0 | N20: 0 | O20: 0 | P20: 10 | Q20: 0 | R20: 0 | S20: 0 | T20: 0 | U20: 0 | V20: 0 | W20: 0
C21: 18 | D21: Repelente elétrico para mosquito, que pemite o uso de pastilhas. Bivolt. | E21: Peça | F21: FLORA | G21: 339030.22 | H21: 10.14 | J21: =I21-(SUM(L21:W21)) -> 0 | K21: =IF(J21<0,"ATENÇÃO","OK") -> OK | L21: 0 | M21: 0 | N21: 0 | O21: 0 | P21: 0 | Q21: 0 | R21: 0 | S21: 0 | T21: 0 | U21: 0 | V21: 0 | W21: 0
C22: 19 | D22: Pastilha para uso em repelente elétrico, cada pacote com 12 unidades | E22: Pacote | F22: PERINCET | G22: 339030.22 | H22: 1.95 | J22: =I22-(SUM(L22:W22)) -> 0 | K22: =IF(J22<0,"ATENÇÃO","OK") -> OK | L22: 0 | M22: 0 | N22: 0 | O22: 0 | P22: 0 | Q22: 0 | R22: 0 | S22: 0 | T22: 0 | U22: 0 | V22: 0 | W22: 0
A23: Goedert Imports Ltda EPP | B23: 5 | C23: 20 | D23: Tapete, em nylon, com acabamento, tapete profissional para retenção de sujeira seca e úmida, Iron Horse, impede que a sujeira e a umidade entrem em contato com o piso, tornando-o escorregadio e perigoso. Produzido em solution-dyed nylon, resistente ao desbotamento, bordas rebaixadas de borracha nitrílica, 100% lavável, resistente à lavagem industrial, nylon opti-twist que transforma o tapete numa escova capaz de reter seu próprio peso em sujeira e umidade, retenção de até 70% da sujeira e umidade, alto tráfego. medidas 85 x 150 cm. cor: Granito. | E23: Peça | F23: Iron Horse | G23: 339030.22 | H23: 487.41 | J23: =I23-(SUM(L23:W23)) -> 0 | K23: =IF(J23<0,"ATENÇÃO","OK") -> OK | L23: 0 | M23: 0 | N23: 0 | O23: 0 | P23: 0 | Q23: 0 | R23: 0 | S23: 0 | T23: 0 | U23: 0 | V23: 0 | W23: 0
D25: *Prazos de Entrega e Pagamento conforme edital

Sheet CESFI
A1: PROCESSO: 0462/2015/UDESC | D1: OBJETO: AQUISIÇÃO DE MATERIAL DE HIGIENE E LIMPEZA PARA A UDESC | I1: VIGÊNCIA DA ATA: 23/07/2015 até 22/07/2016 | L1: AF/OS nº 2161/2015 Qtde. DT | M1: AF/OS nº 2226/2015 Qtde. DT | N1: AF/OS nº xxxx/2015 Qtde. DT | O1: AF/OS nº xxxx/2015 Qtde. DT | P1: AF/OS nº xxxx/2015 Qtde. DT | Q1: AF/OS nº xxxx/2015 Qtde. DT | R1: AF/OS nº xxxx/2015 Qtde. DT | S1: AF/OS nº xxxx/2015 Qtde. DT | T1: AF/OS nº xxxx/2015 Qtde. DT | U1: AF/OS nº xxxx/2015 Qtde. DT | V1: AF/OS nº xxxx/2015 Qtde. DT | W1: AF/OS nº xxxx/2015 Qtde. DT
A2: CENTRO PARTICIPANTE: CESFI
A3: FORNECEDOR | B3: LOTE | C3: ITEM | D3: PRODUTO - CARACTERÍSTICAS MÍNIMAS | E3: UNIDADE | F3: MARCA | G3: DETALHAMENTO | H3: Preço UNITÁRIO (R$) | I3: Qtde Registrada | J3: Saldo / Automático | K3: ALERTA | L3: 42320 | M3: 42334 | N3: ...../...../...... | O3: ...../...../...... | P3: ...../...../...... | Q3: ...../...../...... | R3: ...../...../...... | S3: ...../...../...... | T3: ...../...../...... | U3: ...../...../...... | V3: ...../...../...... | W3: ...../...../......
A4: Comercial Multiville LTDA EPP | B4: 1 | C4: 1 | D4: Sabonete glicerinado, em barra, para uso geral, com aproximadamente 90 gramas, embalagem individual e acondicionados em caixa. (Apresentar: AFE-Autorização de Funcionamento da Empresa e Notificação no MS ANVISA, cfe DECRETO Nº 79.094/77, RDC 343/2005). | E4: Peça | F4: Motivus | G4: 339030.22 | H4: 0.94 | J4: =I4-(SUM(L4:W4)) -> 0 | K4: =IF(J4<0,"ATENÇÃO","OK") -> OK | L4: 0 | M4: 0 | N4: 0 | O4: 0 | P4: 0 | Q4: 0 | R4: 0 | S4: 0 | T4: 0 | U4: 0 | V4: 0 | W4: 0
C5: 2 | D5: Sabonete líquido aromatizado, fragrância suave, alta viscosidade, hipoalergênico, frasco com 5 litros, acondicionados em caixa de papelão resistente que suporte empilhamento. (Apresentar: Laudo de Irritabilidade Dérmica, conclusivo, que comprove ser HIPOALERGÊNICO, expedido por laboratório credenciado pela ANVISA, AFE-Autorização de Funcionamento da Empresa e Notificação no MS ANVISA, cfe DECRETO Nº 79.094/77, RDC 343/2005). | E5: Galão | F5: Saúba | G5: 339030.22 | H5: 12.95 | I5: 20 | J5: =I5-(SUM(L5:W5)) -> 0 | K5: =IF(J5<0,"ATENÇÃO","OK") -> OK | L5: 20 | M5: 0 | N5: 0 | O5: 0 | P5: 0 | Q5: 0 | R5: 0 | S5: 0 | T5: 0 | U5: 0 | V5: 0 | W5: 0
C6: 3 | D6: Saboneteira em plástico ABS, com válvula, para uso de sabonete em espuma refil 800ml, com abertura em "chave". Cor branca ou bege. | E6: Peça | F6: Nobre | G6: 339030.22 | H6: 31.21 | J6: =I6-(SUM(L6:W6)) -> 0 | K6: =IF(J6<0,"ATENÇÃO","OK") -> OK | L6: 0 | M6: 0 | N6: 0 | O6: 0 | P6: 0 | Q6: 0 | R6: 0 | S6: 0 | T6: 0 | U6: 0 | V6: 0 | W6: 0
C7: 4 | D7: Sabonete para uso em saboneteira espumante, sem válvula, refil com 800ml, fragrância erva doce. (Apresentar: Laudo de Irritabilidade Dérmica, conclusivo, que comprove ser HIPOALERGÊNICO, expedido por laboratório credenciado pela ANVISA, AFE-Autorização de Funcionamento da Empresa e Notificação no MS ANVISA, cfe DECRETO Nº 79.094/77, RDC 343/2005). | E7: Peça | F7: Saúba | G7: 339030.22 | H7: 15.5 | J7: =I7-(SUM(L7:W7)) -> 0 | K7: =IF(J7<0,"ATENÇÃO","OK") -> OK | L7: 0 | M7: 0 | N7: 0 | O7: 0 | P7: 0 | Q7: 0 | R7: 0 | S7: 0 | T7: 0 | U7: 0 | V7: 0 | W7: 0
A8: L1 Serv. Org. Feiras Cong. Viagens e Eventos Ltda ME | B8: 2 | C8: 5 | D8: Pano de copa, em tecido 100% algodão, branco alvejado, medindo 0,70 x 0,50m, com bainha, com peso mínimo de 70g, admitindo-se variação de até 10% no peso e na medida; embalados individualmente, acondicionados em pacote com 50 unidades. O pano deverá conter etiqueta de fábrica indicando a composição do tecido e a metragem. Prazo de validade: 12 meses a partir de cada entrega de pedido. | E8: Peça | F8: Amabile/Amabile | G8: 339030.22 | H8: 1.49 | I8: 100 | J8: =I8-(SUM(L8:W8)) -> 100 | K8: =IF(J8<0,"ATENÇÃO","OK") -> OK | L8: 0 | M8: 0 | N8: 0 | O8: 0 | P8: 0 | Q8: 0 | R8: 0 | S8: 0 | T8: 0 | U8: 0 | V8: 0 | W8: 0
C9: 6 | D9: Saco de tecido, 100% algodão, para limpeza, lavado e alvejado, medidas externas: 70 cm de altura x 50 cm de largura, com peso mínimo de 190 gramas (admitindo-se variação de até 10% no peso e nas medidas), embalados em pacote com 10 unidades e acondicionados em fardos com 5 pacotes. O pano deverá conter etiqueta de fábrica informando a composição do tecido e metragem. Prazo de validade: 12 meses a partir de cada pedido de entrega. | E9: Peça | F9: Amabile/Amabile | G9: 339030.22 | H9: 3.3 | I9: 100 | J9: =I9-(SUM(L9:W9)) -> 100 | K9: =IF(J9<0,"ATENÇÃO","OK") -> OK | L9: 0 | M9: 0 | N9: 0 | O9: 0 | P9: 0 | Q9: 0 | R9: 0 | S9: 0 | T9: 0 | U9: 0 | V9: 0 | W9: 0
C10: 7 | D10: Flanela, peluciada em ambos os lados, para limpeza medindo 0,60 x 0,40 metros (admitindo-se variação de até 10%), com bordas chuleadas, embaladas individualmente e acondicionadas em pacote com 50 unidades. | E10: Peça | F10: Cristal/Cristal | G10: 339030.22 | H10: 1.27 | I10: 100 | J10: =I10-(SUM(L10:W10)) -> 100 | K10: =IF(J10<0,"ATENÇÃO","OK") -> OK | L10: 0 | M10: 0 | N10: 0 | O10: 0 | P10: 0 | Q10: 0 | R10: 0 | S10: 0 | T10: 0 | U10: 0 | V10: 0 | W10: 0
A11: Deivid Reinert ME - Alterado para Embalastil Ltda ME | B11: 3 | C11: 8 | D11: Papel toalha rolão, gramatura mínima 28g/m2, cor branca, 100% celulose virgem, sem pigmentação aparente oriunda da utilização de aparas de material impresso, gofrado, macio, com alto poder de absorção, distribuição homogênea das fibras ao longo do papel, sem rebarbas no corte lateral; rolo com 0,20x100 metros; embalado em fardo com 8 rolos. (A vencedora apresentará, em até 02 dias úteis: laudo microbiológico, conforme Portaria MS nº 1.480 de 31/12/90., de laboratório credenciado pelo INMETRO, ou habilitado no REBLAS/ANVISA. Será analisada a amostra pelo responsável técnico, através da aplicação da fórmula - peso mínimo: 0,20X100X28=560 gramas). | E11: Rolo | F11: Embalastil | G11: 339030.22 | H11: 3.5 | J11: =I11-(SUM(L11:W11)) -> 0 | K11: =IF(J11<0,"ATENÇÃO","OK") -> OK | L11: 0 | M11: 0 | N11: 0 | O11: 0 | P11: 0 | Q11: 0 | R11: 0 | S11: 0 | T11: 0 | U11: 0 | V11: 0 | W11: 0
A12: Elo Comércio e Serviços LTDA ME | B12: 4 | C12: 9 | D12: Balde plástico com alça, borda reforçada, com capacidade para aproximadamente 15 (quinze) litros, cores diversas. Balde plástico polietileno de alta densidade (PAED), alta resistência a impacto, paredes e fundos reforçados, alça em aço zincado e com reforço na borda e no encaixe da alça, com capacidade para aproximadamente 15 (quinze) litros, cores diversas. | E12: Peça | F12: ARQPLAST | G12: 339030.22 | H12: 3.04 | I12: 10 | J12: =I12-(SUM(L12:W12)) -> 0 | K12: =IF(J12<0,"ATENÇÃO","OK") -> OK | L12: 0 | M12: 10 | N12: 0 | O12: 0 | P12: 0 | Q12: 0 | R12: 0 | S12: 0 | T12: 0 | U12: 0 | V12: 0 | W12: 0
C13: 10 | D13: Escova para limpeza de vaso sanitário com suporte (do tipo vassoura, em forma de bola ou meia bola), com cerdas arredondadas em nylon; cabo e suporte em polipropileno; dimensão: 36x7.5x36cm, aproximadamente. | E13: Peça | F13: GAUCHA | G13: 339030.22 | H13: 3.54 | I13: 30 | J13: =I13-(SUM(L13:W13)) -> 20 | K13: =IF(J13<0,"ATENÇÃO","OK") -> OK | L13: 0 | M13: 10 | N13: 0 | O13: 0 | P13: 0 | Q13: 0 | R13: 0 | S13: 0 | T13: 0 | U13: 0 | V13: 0 | W13: 0
C14: 11 | D14: Escovão para limpeza, com cerdas de nylon, base em material plástico ou polipropileno resistente com aproximadamente 25 cm e cabo de madeira isenta de farpas, revestido em material plástico ou polipropileno, medindo aproximadamente 1,20 metros, fixação com sistema de rosca (resistente). | E14: Peça | F14: GAUCHA | G14: 339030.22 | H14: 4.24 | I14: 20 | J14: =I14-(SUM(L14:W14)) -> 20 | K14: =IF(J14<0,"ATENÇÃO","OK") -> OK | L14: 0 | M14: 0 | N14: 0 | O14: 0 | P14: 0 | Q14: 0 | R14: 0 | S14: 0 | T14: 0 | U14: 0 | V14: 0 | W14: 0
C15: 12 | D15: Esfregão (esponja) de aço, para limpeza de panela, com 15g (admitindo-se variação de até 1g), embalagem individual, em invólucro plástico lacrado, acondicionados em caixa de papelão resistente que suporte empilhamento. Prazo de validade: 12 meses a partir de cada entrega de pedido. | E15: Peça | F15: INOVE | G15: 339030.22 | H15: 0.81 | I15: 20 | J15: =I15-(SUM(L15:W15)) -> 20 | K15: =IF(J15<0,"ATENÇÃO","OK") -> OK | L15: 0 | M15: 0 | N15: 0 | O15: 0 | P15: 0 | Q15: 0 | R15: 0 | S15: 0 | T15: 0 | U15: 0 | V15: 0 | W15: 0
C16: 13 | D16: Lã de aço, (em aço carbono), para limpeza e brilho, embalagem em pacote plástico lacrado com 08 unidades, pesando no mínimo 60g e acondicionadas em caixa de papelão resistente que suporte empilhamento. | E16: Pacote | F16: INOVE | G16: 339030.22 | H16: 0.96 | I16: 50 | J16: =I16-(SUM(L16:W16)) -> 0 | K16: =IF(J16<0,"ATENÇÃO","OK") -> OK | L16: 0 | M16: 50 | N16: 0 | O16: 0 | P16: 0 | Q16: 0 | R16: 0 | S16: 0 | T16: 0 | U16: 0 | V16: 0 | W16: 0
C17: 14 | D17: Pá para lixo, de material plástico resistente, cabo curto, corpo único, acondicionadas em caixa de papelão resistente que suporte empilhamento. | E17: Peça | F17: GAUCHA | G17: 339030.22 | H17: 1.15 | I17: 10 | J17: =I17-(SUM(L17:W17)) -> 10 | K17: =IF(J17<0,"ATENÇÃO","OK") -> OK | L17: 0 | M17: 0 | N17: 0 | O17: 0 | P17: 0 | Q17: 0 | R17: 0 | S17: 0 | T17: 0 | U17: 0 | V17: 0 | W17: 0
C18: 15 | D18: Guardanapo de papel, cor branca, macio, com alto poder de absorção, gramatura 19g a 22g/m2, medindo 30cm x 30cm, sem rebarbas no corte lateral, em embalagem com 50 (cinqüenta) unidades, acondicionado em caixa de papelão resistente que suporte empilhamento. (A vencedora apresentará, em até 02 dias úteis: Laudo Microbiológico, conforme Portaria MS nº 1.480 de 31/12/90., de laboratório credenciado pelo INMETRO, ou habilitado no REBLAS/ANVISA. | E18: Pacote | F18: SORELLA | G18: 339030.22 | H18: 1.16 | I18: 200 | J18: =I18-(SUM(L18:W18)) -> 200 | K18: =IF(J18<0,"ATENÇÃO","OK") -> OK | L18: 0 | M18: 0 | N18: 0 | O18: 0 | P18: 0 | Q18: 0 | R18: 0 | S18: 0 | T18: 0 | U18: 0 | V18: 0 | W18: 0
C19: 16 | D19: Filtro de papel para café, com gramatura de 54 g/m2, com fechamento de dupla prensagem, tamanho 103, na cor branca; embalagem com 30 a 40 unidades, acondicionadas em caixa. | E19: Caixa | F19: BRIGITTA | G19: 339030.21 | H19: 2.11 | J19: =I19-(SUM(L19:W19)) -> 0 | K19: =IF(J19<0,"ATENÇÃO","OK") -> OK | L19: 0 | M19: 0 | N19: 0 | O19: 0 | P19: 0 | Q19: 0 | R19: 0 | S19: 0 | T19: 0 | U19: 0 | V19: 0 | W19: 0
C20: 17 | D20: Fósforo doméstico, em maço com 10 caixas, com 40 palitos, acondicionados em pacotes. | E20: Caixa | F20: ZEBRA | G20: 339030.21 | H20: 0.12 | I20: 20 | J20: =I20-(SUM(L20:W20)) -> 20 | K20: =IF(J20<0,"ATENÇÃO","OK") -> OK | L20: 0 | M20: 0 | N20: 0 | O20: 0 | P20: 0 | Q20: 0 | R20: 0 | S20: 0 | T20: 0 | U20: 0 | V20: 0 | W20: 0
C21: 18 | D21: Repelente elétrico para mosquito, que pemite o uso de pastilhas. Bivolt. | E21: Peça | F21: FLORA | G21: 339030.22 | H21: 10.14 | J21: =I21-(SUM(L21:W21)) -> 0 | K21: =IF(J21<0,"ATENÇÃO","OK") -> OK | L21: 0 | M21: 0 | N21: 0 | O21: 0 | P21: 0 | Q21: 0 | R21: 0 | S21: 0 | T21: 0 | U21: 0 | V21: 0 | W21: 0
C22: 19 | D22: Pastilha para uso em repelente elétrico, cada pacote com 12 unidades | E22: Pacote | F22: PERINCET | G22: 339030.22 | H22: 1.95 | J22: =I22-(SUM(L22:W22)) -> 0 | K22: =IF(J22<0,"ATENÇÃO","OK") -> OK | L22: 0 | M22: 0 | N22: 0 | O22: 0 | P22: 0 | Q22: 0 | R22: 0 | S22: 0 | T22: 0 | U22: 0 | V22: 0 | W22: 0
A23: Goedert Imports Ltda EPP | B23: 5 | C23: 20 | D23: Tapete, em nylon, com acabamento, tapete profissional para retenção de sujeira seca e úmida, Iron Horse, impede que a sujeira e a umidade entrem em contato com o piso, tornando-o escorregadio e perigoso. Produzido em solution-dyed nylon, resistente ao desbotamento, bordas rebaixadas de borracha nitrílica, 100% lavável, resistente à lavagem industrial, nylon opti-twist que transforma o tapete numa escova capaz de reter seu próprio peso em sujeira e umidade, retenção de até 70% da sujeira e umidade, alto tráfego. medidas 85 x 150 cm. cor: Granito. | E23: Peça | F23: Iron Horse | G23: 339030.22 | H23: 487.41 | J23: =I23-(SUM(L23:W23)) -> 0 | K23: =IF(J23<0,"ATENÇÃO","OK") -> OK | L23: 0 | M23: 0 | N23: 0 | O23: 0 | P23: 0 | Q23: 0 | R23: 0 | S23: 0 | T23: 0 | U23: 0 | V23: 0 | W23: 0
D25: *Prazos de Entrega e Pagamento conforme edital

Sheet CERES
A1: PROCESSO: 0462/2015/UDESC | D1: OBJETO: AQUISIÇÃO DE MATERIAL DE HIGIENE E LIMPEZA PARA A UDESC | I1: VIGÊNCIA DA ATA: 23/07/2015 até 22/07/2016 | L1: AF/OS nº 1935/2015 Qtde. DT | M1: AF/OS nº 71/2016 Qtde. DT | N1: AF/OS nº xxxx/2015 Qtde. DT | O1: AF/OS nº xxxx/2015 Qtde. DT | P1: AF/OS nº xxxx/2015 Qtde. DT | Q1: AF/OS nº xxxx/2015 Qtde. DT | R1: AF/OS nº xxxx/2015 Qtde. DT | S1: AF/OS nº xxxx/2015 Qtde. DT | T1: AF/OS nº xxxx/2015 Qtde. DT | U1: AF/OS nº xxxx/2015 Qtde. DT | V1: AF/OS nº xxxx/2015 Qtde. DT | W1: AF/OS nº xxxx/2015 Qtde. DT
A2: CENTRO PARTICIPANTE: CERES
A3: FORNECEDOR | B3: LOTE | C3: ITEM | D3: PRODUTO - CARACTERÍSTICAS MÍNIMAS | E3: UNIDADE | F3: MARCA | G3: DETALHAMENTO | H3: Preço UNITÁRIO (R$) | I3: Qtde Registrada | J3: Saldo / Automático | K3: ALERTA | L3: 42291 | M3: 42404 | N3: ...../...../...... | O3: ...../...../...... | P3: ...../...../...... | Q3: ...../...../...... | R3: ...../...../...... | S3: ...../...../...... | T3: ...../...../...... | U3: ...../...../...... | V3: ...../...../...... | W3: ...../...../......
A4: Comercial Multiville LTDA EPP | B4: 1 | C4: 1 | D4: Sabonete glicerinado, em barra, para uso geral, com aproximadamente 90 gramas, embalagem individual e acondicionados em caixa. (Apresentar: AFE-Autorização de Funcionamento da Empresa e Notificação no MS ANVISA, cfe DECRETO Nº 79.094/77, RDC 343/2005). | E4: Peça | F4: Motivus | G4: 339030.22 | H4: 0.94 | J4: =I4-(SUM(L4:W4)) -> 0 | K4: =IF(J4<0,"ATENÇÃO","OK") -> OK | L4: 0 | M4: 0 | N4: 0 | O4: 0 | P4: 0 | Q4: 0 | R4: 0 | S4: 0 | T4: 0 | U4: 0 | V4: 0 | W4: 0
C5: 2 | D5: Sabonete líquido aromatizado, fragrância suave, alta viscosidade, hipoalergênico, frasco com 5 litros, acondicionados em caixa de papelão resistente que suporte empilhamento. (Apresentar: Laudo de Irritabilidade Dérmica, conclusivo, que comprove ser HIPOALERGÊNICO, expedido por laboratório credenciado pela ANVISA, AFE-Autorização de Funcionamento da Empresa e Notificação no MS ANVISA, cfe DECRETO Nº 79.094/77, RDC 343/2005). | E5: Galão | F5: Saúba | G5: 339030.22 | H5: 12.95 | I5: 60 | J5: =I5-(SUM(L5:W5)) -> 30 | K5: =IF(J5<0,"ATENÇÃO","OK") -> OK | L5: 0 | M5: 30 | N5: 0 | O5: 0 | P5: 0 | Q5: 0 | R5: 0 | S5: 0 | T5: 0 | U5: 0 | V5: 0 | W5: 0
C6: 3 | D6: Saboneteira em plástico ABS, com válvula, para uso de sabonete em espuma refil 800ml, com abertura em "chave". Cor branca ou bege. | E6: Peça | F6: Nobre | G6: 339030.22 | H6: 31.21 | J6: =I6-(SUM(L6:W6)) -> 0 | K6: =IF(J6<0,"ATENÇÃO","OK") -> OK | L6: 0 | M6: 0 | N6: 0 | O6: 0 | P6: 0 | Q6: 0 | R6: 0 | S6: 0 | T6: 0 | U6: 0 | V6: 0 | W6: 0
C7: 4 | D7: Sabonete para uso em saboneteira espumante, sem válvula, refil com 800ml, fragrância erva doce. (Apresentar: Laudo de Irritabilidade Dérmica, conclusivo, que comprove ser HIPOALERGÊNICO, expedido por laboratório credenciado pela ANVISA, AFE-Autorização de Funcionamento da Empresa e Notificação no MS ANVISA, cfe DECRETO Nº 79.094/77, RDC 343/2005). | E7: Peça | F7: Saúba | G7: 339030.22 | H7: 15.5 | J7: =I7-(SUM(L7:W7)) -> 0 | K7: =IF(J7<0,"ATENÇÃO","OK") -> OK | L7: 0 | M7: 0 | N7: 0 | O7: 0 | P7: 0 | Q7: 0 | R7: 0 | S7: 0 | T7: 0 | U7: 0 | V7: 0 | W7: 0
A8: L1 Serv. Org. Feiras Cong. Viagens e Eventos Ltda ME | B8: 2 | C8: 5 | D8: Pano de copa, em tecido 100% algodão, branco alvejado, medindo 0,70 x 0,50m, com bainha, com peso mínimo de 70g, admitindo-se variação de até 10% no peso e na medida; embalados individualmente, acondicionados em pacote com 50 unidades. O pano deverá conter etiqueta de fábrica indicando a composição do tecido e a metragem. Prazo de validade: 12 meses a partir de cada entrega de pedido. | E8: Peça | F8: Amabile/Amabile | G8: 339030.22 | H8: 1.49 | I8: 250 | J8: =I8-(SUM(L8:W8)) -> 250 | K8: =IF(J8<0,"ATENÇÃO","OK") -> OK | L8: 0 | M8: 0 | N8: 0 | O8: 0 | P8: 0 | Q8: 0 | R8: 0 | S8: 0 | T8: 0 | U8: 0 | V8: 0 | W8: 0
C9: 6 | D9: Saco de tecido, 100% algodão, para limpeza, lavado e alvejado, medidas externas: 70 cm de altura x 50 cm de largura, com peso mínimo de 190 gramas (admitindo-se variação de até 10% no peso e nas medidas), embalados em pacote com 10 unidades e acondicionados em fardos com 5 pacotes. O pano deverá conter etiqueta de fábrica informando a composição do tecido e metragem. Prazo de validade: 12 meses a partir de cada pedido de entrega. | E9: Peça | F9: Amabile/Amabile | G9: 339030.22 | H9: 3.3 | I9: 500 | J9: =I9-(SUM(L9:W9)) -> 500 | K9: =IF(J9<0,"ATENÇÃO","OK") -> OK | L9: 0 | M9: 0 | N9: 0 | O9: 0 | P9: 0 | Q9: 0 | R9: 0 | S9: 0 | T9: 0 | U9: 0 | V9: 0 | W9: 0
C10: 7 | D10: Flanela, peluciada em ambos os lados, para limpeza medindo 0,60 x 0,40 metros (admitindo-se variação de até 10%), com bordas chuleadas, embaladas individualmente e acondicionadas em pacote com 50 unidades. | E10: Peça | F10: Cristal/Cristal | G10: 339030.22 | H10: 1.27 | I10: 300 | J10: =I10-(SUM(L10:W10)) -> 300 | K10: =IF(J10<0,"ATENÇÃO","OK") -> OK | L10: 0 | M10: 0 | N10: 0 | O10: 0 | P10: 0 | Q10: 0 | R10: 0 | S10: 0 | T10: 0 | U10: 0 | V10: 0 | W10: 0
A11: Deivid Reinert ME - Alterado para Embalastil Ltda ME | B11: 3 | C11: 8 | D11: Papel toalha rolão, gramatura mínima 28g/m2, cor branca, 100% celulose virgem, sem pigmentação aparente oriunda da utilização de aparas de material impresso, gofrado, macio, com alto poder de absorção, distribuição homogênea das fibras ao longo do papel, sem rebarbas no corte lateral; rolo com 0,20x100 metros; embalado em fardo com 8 rolos. (A vencedora apresentará, em até 02 dias úteis: laudo microbiológico, conforme Portaria MS nº 1.480 de 31/12/90., de laboratório credenciado pelo INMETRO, ou habilitado no REBLAS/ANVISA. Será analisada a amostra pelo responsável técnico, através da aplicação da fórmula - peso mínimo: 0,20X100X28=560 gramas). | E11: Rolo | F11: Embalastil | G11: 339030.22 | H11: 3.5 | J11: =I11-(SUM(L11:W11)) -> 0 | K11: =IF(J11<0,"ATENÇÃO","OK") -> OK | L11: 0 | M11: 0 | N11: 0 | O11: 0 | P11: 0 | Q11: 0 | R11: 0 | S11: 0 | T11: 0 | U11: 0 | V11: 0 | W11: 0
A12: Elo Comércio e Serviços LTDA ME | B12: 4 | C12: 9 | D12: Balde plástico com alça, borda reforçada, com capacidade para aproximadamente 15 (quinze) litros, cores diversas. Balde plástico polietileno de alta densidade (PAED), alta resistência a impacto, paredes e fundos reforçados, alça em aço zincado e com reforço na borda e no encaixe da alça, com capacidade para aproximadamente 15 (quinze) litros, cores diversas. | E12: Peça | F12: ARQPLAST | G12: 339030.22 | H12: 3.04 | I12: 30 | J12: =I12-(SUM(L12:W12)) -> 0 | K12: =IF(J12<0,"ATENÇÃO","OK") -> OK | L12: 30 | M12: 0 | N12: 0 | O12: 0 | P12: 0 | Q12: 0 | R12: 0 | S12: 0 | T12: 0 | U12: 0 | V12: 0 | W12: 0
C13: 10 | D13: Escova para limpeza de vaso sanitário com suporte (do tipo vassoura, em forma de bola ou meia bola), com cerdas arredondadas em nylon; cabo e suporte em polipropileno; dimensão: 36x7.5x36cm, aproximadamente. | E13: Peça | F13: GAUCHA | G13: 339030.22 | H13: 3.54 | I13: 30 | J13: =I13-(SUM(L13:W13)) -> 0 | K13: =IF(J13<0,"ATENÇÃO","OK") -> OK | L13: 30 | M13: 0 | N13: 0 | O13: 0 | P13: 0 | Q13: 0 | R13: 0 | S13: 0 | T13: 0 | U13: 0 | V13: 0 | W13: 0
C14: 11 | D14: Escovão para limpeza, com cerdas de nylon, base em material plástico ou polipropileno resistente com aproximadamente 25 cm e cabo de madeira isenta de farpas, revestido em material plástico ou polipropileno, medindo aproximadamente 1,20 metros, fixação com sistema de rosca (resistente). | E14: Peça | F14: GAUCHA | G14: 339030.22 | H14: 4.24 | I14: 60 | J14: =I14-(SUM(L14:W14)) -> 60 | K14: =IF(J14<0,"ATENÇÃO","OK") -> OK | L14: 0 | M14: 0 | N14: 0 | O14: 0 | P14: 0 | Q14: 0 | R14: 0 | S14: 0 | T14: 0 | U14: 0 | V14: 0 | W14: 0
C15: 12 | D15: Esfregão (esponja) de aço, para limpeza de panela, com 15g (admitindo-se variação de até 1g), embalagem individual, em invólucro plástico lacrado, acondicionados em caixa de papelão resistente que suporte empilhamento. Prazo de validade: 12 meses a partir de cada entrega de pedido. | E15: Peça | F15: INOVE | G15: 339030.22 | H15: 0.81 | I15: 200 | J15: =I15-(SUM(L15:W15)) -> 200 | K15: =IF(J15<0,"ATENÇÃO","OK") -> OK | L15: 0 | M15: 0 | N15: 0 | O15: 0 | P15: 0 | Q15: 0 | R15: 0 | S15: 0 | T15: 0 | U15: 0 | V15: 0 | W15: 0
C16: 13 | D16: Lã de aço, (em aço carbono), para limpeza e brilho, embalagem em pacote plástico lacrado com 08 unidades, pesando no mínimo 60g e acondicionadas em caixa de papelão resistente que suporte empilhamento. | E16: Pacote | F16: INOVE | G16: 339030.22 | H16: 0.96 | I16: 200 | J16: =I16-(SUM(L16:W16)) -> 200 | K16: =IF(J16<0,"ATENÇÃO","OK") -> OK | L16: 0 | M16: 0 | N16: 0 | O16: 0 | P16: 0 | Q16: 0 | R16: 0 | S16: 0 | T16: 0 | U16: 0 | V16: 0 | W16: 0
C17: 14 | D17: Pá para lixo, de material plástico resistente, cabo curto, corpo único, acondicionadas em caixa de papelão resistente que suporte empilhamento. | E17: Peça | F17: GAUCHA | G17: 339030.22 | H17: 1.15 | I17: 50 | J17: =I17-(SUM(L17:W17)) -> 30 | K17: =IF(J17<0,"ATENÇÃO","OK") -> OK | L17: 20 | M17: 0 | N17: 0 | O17: 0 | P17: 0 | Q17: 0 | R17: 0 | S17: 0 | T17: 0 | U17: 0 | V17: 0 | W17: 0
C18: 15 | D18: Guardanapo de papel, cor branca, macio, com alto poder de absorção, gramatura 19g a 22g/m2, medindo 30cm x 30cm, sem rebarbas no corte lateral, em embalagem com 50 (cinqüenta) unidades, acondicionado em caixa de papelão resistente que suporte empilhamento. (A vencedora apresentará, em até 02 dias úteis: Laudo Microbiológico, conforme Portaria MS nº 1.480 de 31/12/90., de laboratório credenciado pelo INMETRO, ou habilitado no REBLAS/ANVISA. | E18: Pacote | F18: SORELLA | G18: 339030.22 | H18: 1.16 | I18: 50 | J18: =I18-(SUM(L18:W18)) -> 0 | K18: =IF(J18<0,"ATENÇÃO","OK") -> OK | L18: 50 | M18: 0 | N18: 0 | O18: 0 | P18: 0 | Q18: 0 | R18: 0 | S18: 0 | T18: 0 | U18: 0 | V18: 0 | W18: 0
C19: 16 | D19: Filtro de papel para café, com gramatura de 54 g/m2, com fechamento de dupla prensagem, tamanho 103, na cor branca; embalagem com 30 a 40 unidades, acondicionadas em caixa. | E19: Caixa | F19: BRIGITTA | G19: 339030.21 | H19: 2.11 | I19: 300 | J19: =I19-(SUM(L19:W19)) -> 200 | K19: =IF(J19<0,"ATENÇÃO","OK") -> OK | L19: 100 | M19: 0 | N19: 0 | O19: 0 | P19: 0 | Q19: 0 | R19: 0 | S19: 0 | T19: 0 | U19: 0 | V19: 0 | W19: 0
C20: 17 | D20: Fósforo doméstico, em maço com 10 caixas, com 40 palitos, acondicionados em pacotes. | E20: Caixa | F20: ZEBRA | G20: 339030.21 | H20: 0.12 | I20: 120 | J20: =I20-(SUM(L20:W20)) -> 0 | K20: =IF(J20<0,"ATENÇÃO","OK") -> OK | L20: 120 | M20: 0 | N20: 0 | O20: 0 | P20: 0 | Q20: 0 | R20: 0 | S20: 0 | T20: 0 | U20: 0 | V20: 0 | W20: 0
C21: 18 | D21: Repelente elétrico para mosquito, que pemite o uso de pastilhas. Bivolt. | E21: Peça | F21: FLORA | G21: 339030.22 | H21: 10.14 | J21: =I21-(SUM(L21:W21)) -> 0 | K21: =IF(J21<0,"ATENÇÃO","OK") -> OK | L21: 0 | M21: 0 | N21: 0 | O21: 0 | P21: 0 | Q21: 0 | R21: 0 | S21: 0 | T21: 0 | U21: 0 | V21: 0 | W21: 0
C22: 19 | D22: Pastilha para uso em repelente elétrico, cada pacote com 12 unidades | E22: Pacote | F22: PERINCET | G22: 339030.22 | H22: 1.95 | J22: =I22-(SUM(L22:W22)) -> 0 | K22: =IF(J22<0,"ATENÇÃO","OK") -> OK | L22: 0 | M22: 0 | N22: 0 | O22: 0 | P22: 0 | Q22: 0 | R22: 0 | S22: 0 | T22: 0 | U22: 0 | V22: 0 | W22: 0
A23: Goedert Imports Ltda EPP | B23: 5 | C23: 20 | D23: Tapete, em nylon, com acabamento, tapete profissional para retenção de sujeira seca e úmida, Iron Horse, impede que a sujeira e a umidade entrem em contato com o piso, tornando-o escorregadio e perigoso. Produzido em solution-dyed nylon, resistente ao desbotamento, bordas rebaixadas de borracha nitrílica, 100% lavável, resistente à lavagem industrial, nylon opti-twist que transforma o tapete numa escova capaz de reter seu próprio peso em sujeira e umidade, retenção de até 70% da sujeira e umidade, alto tráfego. medidas 85 x 150 cm. cor: Granito. | E23: Peça | F23: Iron Horse | G23: 339030.22 | H23: 487.41 | J23: =I23-(SUM(L23:W23)) -> 0 | K23: =IF(J23<0,"ATENÇÃO","OK") -> OK | L23: 0 | M23: 0 | N23: 0 | O23: 0 | P23: 0 | Q23: 0 | R23: 0 | S23: 0 | T23: 0 | U23: 0 | V23: 0 | W23: 0
D25: *Prazos de Entrega e Pagamento conforme edital

Sheet GESTOR
A1: PROCESSO: 0462/2015/UDESC | D1: OBJETO: AQUISIÇÃO DE MATERIAL DE HIGIENE E LIMPEZA PARA A UDESC | I1: VIGÊNCIA DA ATA: 23/07/2015 até 22/07/2016
A2: CENTRO PARTICIPANTE: GESTOR
A3: FORNECEDOR | B3: LOTE | C3: ITEM | D3: PRODUTO - CARACTERÍSTICAS MÍNIMAS | E3: UNIDADE | F3: MARCA | G3: ELEMENTO | H3: Preço UNITÁRIO (R$) | I3: Qtde Registrada | J3: Qtde Utilizada | K3: SALDO | L3: Valor Total Registrado | M3: Valor Total Utilizado
A4: Comercial Multiville LTDA EPP | B4: 1 | C4: 1 | D4: Sabonete glicerinado, em barra, para uso geral, com aproximadamente 90 gramas, embalagem individual e acondicionados em caixa. (Apresentar: AFE-Autorização de Funcionamento da Empresa e Notificação no MS ANVISA, cfe DECRETO Nº 79.094/77, RDC 343/2005). | E4: Peça | F4: Motivus | G4: 339030.22 | H4: 0.94 | I4: =Reitoria!I4+ESAG!I4+CEART!I4+CEFID!I4+FAED!I4+CEAD!I4+CCT!I4+CEPLAN!I4+CAV!I4+CEO!I4+CEAVI!I4+CESFI!I4+CERES!I4 -> 220 | J4: =(Reitoria!I4-Reitoria!J4)+(ESAG!I4-ESAG!J4)+(CEART!I4-CEART!J4)+(CEFID!I4-CEFID!J4)+(FAED!I4-FAED!J4)+(CEAD!I4-CEAD!J4)+(CCT!I4-CCT!J4)+(CEPLAN!I4-CEPLAN!J4)+(CAV!I4-CAV!J4)+(CEO!I4-CEO!J4)+(CEAVI!I4-CEAVI!J4)+(CESFI!I4-CESFI!J4)+(CERES!I4-CERES!J4) -> 70 | K4: =I4-J4 -> 150 | L4: =H4*I4 -> 206.8 | M4: =H4*J4 -> 65.8
C5: 2 | D5: Sabonete líquido aromatizado, fragrância suave, alta viscosidade, hipoalergênico, frasco com 5 litros, acondicionados em caixa de papelão resistente que suporte empilhamento. (Apresentar: Laudo de Irritabilidade Dérmica, conclusivo, que comprove ser HIPOALERGÊNICO, expedido por laboratório credenciado pela ANVISA, AFE-Autorização de Funcionamento da Empresa e Notificação no MS ANVISA, cfe DECRETO Nº 79.094/77, RDC 343/2005). | E5: Galão | F5: Saúba | G5: 339030.22 | H5: 12.95 | I5: =Reitoria!I5+ESAG!I5+CEART!I5+CEFID!I5+FAED!I5+CEAD!I5+CCT!I5+CEPLAN!I5+CAV!I5+CEO!I5+CEAVI!I5+CESFI!I5+CERES!I5 -> 1495 | J5: =(Reitoria!I5-Reitoria!J5)+(ESAG!I5-ESAG!J5)+(CEART!I5-CEART!J5)+(CEFID!I5-CEFID!J5)+(FAED!I5-FAED!J5)+(CEAD!I5-CEAD!J5)+(CCT!I5-CCT!J5)+(CEPLAN!I5-CEPLAN!J5)+(CAV!I5-CAV!J5)+(CEO!I5-CEO!J5)+(CEAVI!I5-CEAVI!J5)+(CESFI!I5-CESFI!J5)+(CERES!I5-CERES!J5) -> 305 | K5: =I5-J5 -> 1190 | L5: =H5*I5 -> 19360.25 | M5: =H5*J5 -> 3949.75
C6: 3 | D6: Saboneteira em plástico ABS, com válvula, para uso de sabonete em espuma refil 800ml, com abertura em "chave". Cor branca ou bege. | E6: Peça | F6: Nobre | G6: 339030.22 | H6: 31.21 | I6: =Reitoria!I6+ESAG!I6+CEART!I6+CEFID!I6+FAED!I6+CEAD!I6+CCT!I6+CEPLAN!I6+CAV!I6+CEO!I6+CEAVI!I6+CESFI!I6+CERES!I6 -> 20 | J6: =(Reitoria!I6-Reitoria!J6)+(ESAG!I6-ESAG!J6)+(CEART!I6-CEART!J6)+(CEFID!I6-CEFID!J6)+(FAED!I6-FAED!J6)+(CEAD!I6-CEAD!J6)+(CCT!I6-CCT!J6)+(CEPLAN!I6-CEPLAN!J6)+(CAV!I6-CAV!J6)+(CEO!I6-CEO!J6)+(CEAVI!I6-CEAVI!J6)+(CESFI!I6-CESFI!J6)+(CERES!I6-CERES!J6) -> 20 | K6: =I6-J6 -> 0 | L6: =H6*I6 -> 624.2 | M6: =H6*J6 -> 624.2
C7: 4 | D7: Sabonete para uso em saboneteira espumante, sem válvula, refil com 800ml, fragrância erva doce. (Apresentar: Laudo de Irritabilidade Dérmica, conclusivo, que comprove ser HIPOALERGÊNICO, expedido por laboratório credenciado pela ANVISA, AFE-Autorização de Funcionamento da Empresa e Notificação no MS ANVISA, cfe DECRETO Nº 79.094/77, RDC 343/2005). | E7: Peça | F7: Saúba | G7: 339030.22 | H7: 15.5 | I7: =Reitoria!I7+ESAG!I7+CEART!I7+CEFID!I7+FAED!I7+CEAD!I7+CCT!I7+CEPLAN!I7+CAV!I7+CEO!I7+CEAVI!I7+CESFI!I7+CERES!I7 -> 350 | J7: =(Reitoria!I7-Reitoria!J7)+(ESAG!I7-ESAG!J7)+(CEART!I7-CEART!J7)+(CEFID!I7-CEFID!J7)+(FAED!I7-FAED!J7)+(CEAD!I7-CEAD!J7)+(CCT!I7-CCT!J7)+(CEPLAN!I7-CEPLAN!J7)+(CAV!I7-CAV!J7)+(CEO!I7-CEO!J7)+(CEAVI!I7-CEAVI!J7)+(CESFI!I7-CESFI!J7)+(CERES!I7-CERES!J7) -> 137 | K7: =I7-J7 -> 213 | L7: =H7*I7 -> 5425 | M7: =H7*J7 -> 2123.5
A8: L1 Serv. Org. Feiras Cong. Viagens e Eventos Ltda ME | B8: 2 | C8: 5 | D8: Pano de copa, em tecido 100% algodão, branco alvejado, medindo 0,70 x 0,50m, com bainha, com peso mínimo de 70g, admitindo-se variação de até 10% no peso e na medida; embalados individualmente, acondicionados em pacote com 50 unidades. O pano deverá conter etiqueta de fábrica indicando a composição do tecido e a metragem. Prazo de validade: 12 meses a partir de cada entrega de pedido. | E8: Peça | F8: Amabile/Amabile | G8: 339030.22 | H8: 1.49 | I8: =Reitoria!I8+ESAG!I8+CEART!I8+CEFID!I8+FAED!I8+CEAD!I8+CCT!I8+CEPLAN!I8+CAV!I8+CEO!I8+CEAVI!I8+CESFI!I8+CERES!I8 -> 4250 | J8: =(Reitoria!I8-Reitoria!J8)+(ESAG!I8-ESAG!J8)+(CEART!I8-CEART!J8)+(CEFID!I8-CEFID!J8)+(FAED!I8-FAED!J8)+(CEAD!I8-CEAD!J8)+(CCT!I8-CCT!J8)+(CEPLAN!I8-CEPLAN!J8)+(CAV!I8-CAV!J8)+(CEO!I8-CEO!J8)+(CEAVI!I8-CEAVI!J8)+(CESFI!I8-CESFI!J8)+(CERES!I8-CERES!J8) -> 400 | K8: =I8-J8 -> 3850 | L8: =H8*I8 -> 6332.5 | M8: =H8*J8 -> 596
C9: 6 | D9: Saco de tecido, 100% algodão, para limpeza, lavado e alvejado, medidas externas: 70 cm de altura x 50 cm de largura, com peso mínimo de 190 gramas (admitindo-se variação de até 10% no peso e nas medidas), embalados em pacote com 10 unidades e acondicionados em fardos com 5 pacotes. O pano deverá conter etiqueta de fábrica informando a composição do tecido e metragem. Prazo de validade: 12 meses a partir de cada pedido de entrega. | E9: Peça | F9: Amabile/Amabile | G9: 339030.22 | H9: 3.3 | I9: =Reitoria!I9+ESAG!I9+CEART!I9+CEFID!I9+FAED!I9+CEAD!I9+CCT!I9+CEPLAN!I9+CAV!I9+CEO!I9+CEAVI!I9+CESFI!I9+CERES!I9 -> 7300 | J9: =(Reitoria!I9-Reitoria!J9)+(ESAG!I9-ESAG!J9)+(CEART!I9-CEART!J9)+(CEFID!I9-CEFID!J9)+(FAED!I9-FAED!J9)+(CEAD!I9-CEAD!J9)+(CCT!I9-CCT!J9)+(CEPLAN!I9-CEPLAN!J9)+(CAV!I9-CAV!J9)+(CEO!I9-CEO!J9)+(CEAVI!I9-CEAVI!J9)+(CESFI!I9-CESFI!J9)+(CERES!I9-CERES!J9) -> 950 | K9: =I9-J9 -> 6350 | L9: =H9*I9 -> 24090 | M9: =H9*J9 -> 3135
C10: 7 | D10: Flanela, peluciada em ambos os lados, para limpeza medindo 0,60 x 0,40 metros (admitindo-se variação de até 10%), com bordas chuleadas, embaladas individualmente e acondicionadas em pacote com 50 unidades. | E10: Peça | F10: Cristal/Cristal | G10: 339030.22 | H10: 1.27 | I10: =Reitoria!I10+ESAG!I10+CEART!I10+CEFID!I10+FAED!I10+CEAD!I10+CCT!I10+CEPLAN!I10+CAV!I10+CEO!I10+CEAVI!I10+CESFI!I10+CERES!I10 -> 6390 | J10: =(Reitoria!I10-Reitoria!J10)+(ESAG!I10-ESAG!J10)+(CEART!I10-CEART!J10)+(CEFID!I10-CEFID!J10)+(FAED!I10-FAED!J10)+(CEAD!I10-CEAD!J10)+(CCT!I10-CCT!J10)+(CEPLAN!I10-CEPLAN!J10)+(CAV!I10-CAV!J10)+(CEO!I10-CEO!J10)+(CEAVI!I10-CEAVI!J10)+(CESFI!I10-CESFI!J10)+(CERES!I10-CERES!J10) -> 900 | K10: =I10-J10 -> 5490 | L10: =H10*I10 -> 8115.3 | M10: =H10*J10 -> 1143
A11: Deivid Reinert ME - Alterado para Embalastil Ltda ME | B11: 3 | C11: 8 | D11: Papel toalha rolão, gramatura mínima 28g/m2, cor branca, 100% celulose virgem, sem pigmentação aparente oriunda da utilização de aparas de material impresso, gofrado, macio, com alto poder de absorção, distribuição homogênea das fibras ao longo do papel, sem rebarbas no corte lateral; rolo com 0,20x100 metros; embalado em fardo com 8 rolos. (A vencedora apresentará, em até 02 dias úteis: laudo microbiológico, conforme Portaria MS nº 1.480 de 31/12/90., de laboratório credenciado pelo INMETRO, ou habilitado no REBLAS/ANVISA. Será analisada a amostra pelo responsável técnico, através da aplicação da fórmula - peso mínimo: 0,20X100X28=560 gramas). | E11: Rolo | F11: Embalastil | G11: 339030.22 | H11: 3.5 | I11: =Reitoria!I11+ESAG!I11+CEART!I11+CEFID!I11+FAED!I11+CEAD!I11+CCT!I11+CEPLAN!I11+CAV!I11+CEO!I11+CEAVI!I11+CESFI!I11+CERES!I11 -> 28970 | J11: =(Reitoria!I11-Reitoria!J11)+(ESAG!I11-ESAG!J11)+(CEART!I11-CEART!J11)+(CEFID!I11-CEFID!J11)+(FAED!I11-FAED!J11)+(CEAD!I11-CEAD!J11)+(CCT!I11-CCT!J11)+(CEPLAN!I11-CEPLAN!J11)+(CAV!I11-CAV!J11)+(CEO!I11-CEO!J11)+(CEAVI!I11-CEAVI!J11)+(CESFI!I11-CESFI!J11)+(CERES!I11-CERES!J11) -> 6170 | K11: =I11-J11 -> 22800 | L11: =H11*I11 -> 101395 | M11: =H11*J11 -> 21595
A12: Elo Comércio e Serviços LTDA ME | B12: 4 | C12: 9 | D12: Balde plástico com alça, borda reforçada, com capacidade para aproximadamente 15 (quinze) litros, cores diversas. Balde plástico polietileno de alta densidade (PAED), alta resistência a impacto, paredes e fundos reforçados, alça em aço zincado e com reforço na borda e no encaixe da alça, com capacidade para aproximadamente 15 (quinze) litros, cores diversas. | E12: Peça | F12: ARQPLAST | G12: 339030.22 | H12: 3.04 | I12: =Reitoria!I12+ESAG!I12+CEART!I12+CEFID!I12+FAED!I12+CEAD!I12+CCT!I12+CEPLAN!I12+CAV!I12+CEO!I12+CEAVI!I12+CESFI!I12+CERES!I12 -> 525 | J12: =(Reitoria!I12-Reitoria!J12)+(ESAG!I12-ESAG!J12)+(CEART!I12-CEART!J12)+(CEFID!I12-CEFID!J12)+(FAED!I12-FAED!J12)+(CEAD!I12-CEAD!J12)+(CCT!I12-CCT!J12)+(CEPLAN!I12-CEPLAN!J12)+(CAV!I12-CAV!J12)+(CEO!I12-CEO!J12)+(CEAVI!I12-CEAVI!J12)+(CESFI!I12-CESFI!J12)+(CERES!I12-CERES!J12) -> 245 | K12: =I12-J12 -> 280 | L12: =H12*I12 -> 1596 | M12: =H12*J12 -> 744.8
C13: 10 | D13: Escova para limpeza de vaso sanitário com suporte (do tipo vassoura, em forma de bola ou meia bola), com cerdas arredondadas em nylon; cabo e suporte em polipropileno; dimensão: 36x7.5x36cm, aproximadamente. | E13: Peça | F13: GAUCHA | G13: 339030.22 | H13: 3.54 | I13: =Reitoria!I13+ESAG!I13+CEART!I13+CEFID!I13+FAED!I13+CEAD!I13+CCT!I13+CEPLAN!I13+CAV!I13+CEO!I13+CEAVI!I13+CESFI!I13+CERES!I13 -> 470 | J13: =(Reitoria!I13-Reitoria!J13)+(ESAG!I13-ESAG!J13)+(CEART!I13-CEART!J13)+(CEFID!I13-CEFID!J13)+(FAED!I13-FAED!J13)+(CEAD!I13-CEAD!J13)+(CCT!I13-CCT!J13)+(CEPLAN!I13-CEPLAN!J13)+(CAV!I13-CAV!J13)+(CEO!I13-CEO!J13)+(CEAVI!I13-CEAVI!J13)+(CESFI!I13-CESFI!J13)+(CERES!I13-CERES!J13) -> 130 | K13: =I13-J13 -> 340 | L13: =H13*I13 -> 1663.8 | M13: =H13*J13 -> 460.2
C14: 11 | D14: Escovão para limpeza, com cerdas de nylon, base em material plástico ou polipropileno resistente com aproximadamente 25 cm e cabo de madeira isenta de farpas, revestido em material plástico ou polipropileno, medindo aproximadamente 1,20 metros, fixação com sistema de rosca (resistente). | E14: Peça | F14: GAUCHA | G14: 339030.22 | H14: 4.24 | I14: =Reitoria!I14+ESAG!I14+CEART!I14+CEFID!I14+FAED!I14+CEAD!I14+CCT!I14+CEPLAN!I14+CAV!I14+CEO!I14+CEAVI!I14+CESFI!I14+CERES!I14 -> 340 | J14: =(Reitoria!I14-Reitoria!J14)+(ESAG!I14-ESAG!J14)+(CEART!I14-CEART!J14)+(CEFID!I14-CEFID!J14)+(FAED!I14-FAED!J14)+(CEAD!I14-CEAD!J14)+(CCT!I14-CCT!J14)+(CEPLAN!I14-CEPLAN!J14)+(CAV!I14-CAV!J14)+(CEO!I14-CEO!J14)+(CEAVI!I14-CEAVI!J14)+(CESFI!I14-CESFI!J14)+(CERES!I14-CERES!J14) -> 45 | K14: =I14-J14 -> 295 | L14: =H14*I14 -> 1441.6 | M14: =H14*J14 -> 190.8
C15: 12 | D15: Esfregão (esponja) de aço, para limpeza de panela, com 15g (admitindo-se variação de até 1g), embalagem individual, em invólucro plástico lacrado, acondicionados em caixa de papelão resistente que suporte empilhamento. Prazo de validade: 12 meses a partir de cada entrega de pedido. | E15: Peça | F15: INOVE | G15: 339030.22 | H15: 0.81 | I15: =Reitoria!I15+ESAG!I15+CEART!I15+CEFID!I15+FAED!I15+CEAD!I15+CCT!I15+CEPLAN!I15+CAV!I15+CEO!I15+CEAVI!I15+CESFI!I15+CERES!I15 -> 1030 | J15: =(Reitoria!I15-Reitoria!J15)+(ESAG!I15-ESAG!J15)+(CEART!I15-CEART!J15)+(CEFID!I15-CEFID!J15)+(FAED!I15-FAED!J15)+(CEAD!I15-CEAD!J15)+(CCT!I15-CCT!J15)+(CEPLAN!I15-CEPLAN!J15)+(CAV!I15-CAV!J15)+(CEO!I15-CEO!J15)+(CEAVI!I15-CEAVI!J15)+(CESFI!I15-CESFI!J15)+(CERES!I15-CERES!J15) -> 70 | K15: =I15-J15 -> 960 | L15: =H15*I15 -> 834.3 | M15: =H15*J15 -> 56.7
C16: 13 | D16: Lã de aço, (em aço carbono), para limpeza e brilho, embalagem em pacote plástico lacrado com 08 unidades, pesando no mínimo 60g e acondicionadas em caixa de papelão resistente que suporte empilhamento. | E16: Pacote | F16: INOVE | G16: 339030.22 | H16: 0.96 | I16: =Reitoria!I16+ESAG!I16+CEART!I16+CEFID!I16+FAED!I16+CEAD!I16+CCT!I16+CEPLAN!I16+CAV!I16+CEO!I16+CEAVI!I16+CESFI!I16+CERES!I16 -> 1738 | J16: =(Reitoria!I16-Reitoria!J16)+(ESAG!I16-ESAG!J16)+(CEART!I16-CEART!J16)+(CEFID!I16-CEFID!J16)+(FAED!I16-FAED!J16)+(CEAD!I16-CEAD!J16)+(CCT!I16-CCT!J16)+(CEPLAN!I16-CEPLAN!J16)+(CAV!I16-CAV!J16)+(CEO!I16-CEO!J16)+(CEAVI!I16-CEAVI!J16)+(CESFI!I16-CESFI!J16)+(CERES!I16-CERES!J16) -> 360 | K16: =I16-J16 -> 1378 | L16: =H16*I16 -> 1668.48 | M16: =H16*J16 -> 345.6
C17: 14 | D17: Pá para lixo, de material plástico resistente, cabo curto, corpo único, acondicionadas em caixa de papelão resistente que suporte empilhamento. | E17: Peça | F17: GAUCHA | G17: 339030.22 | H17: 1.15 | I17: =Reitoria!I17+ESAG!I17+CEART!I17+CEFID!I17+FAED!I17+CEAD!I17+CCT!I17+CEPLAN!I17+CAV!I17+CEO!I17+CEAVI!I17+CESFI!I17+CERES!I17 -> 545 | J17: =(Reitoria!I17-Reitoria!J17)+(ESAG!I17-ESAG!J17)+(CEART!I17-CEART!J17)+(CEFID!I17-CEFID!J17)+(FAED!I17-FAED!J17)+(CEAD!I17-CEAD!J17)+(CCT!I17-CCT!J17)+(CEPLAN!I17-CEPLAN!J17)+(CAV!I17-CAV!J17)+(CEO!I17-CEO!J17)+(CEAVI!I17-CEAVI!J17)+(CESFI!I17-CESFI!J17)+(CERES!I17-CERES!J17) -> 105 | K17: =I17-J17 -> 440 | L17: =H17*I17 -> 626.75 | M17: =H17*J17 -> 120.75
C18: 15 | D18: Guardanapo de papel, cor branca, macio, com alto poder de absorção, gramatura 19g a 22g/m2, medindo 30cm x 30cm, sem rebarbas no corte lateral, em embalagem com 50 (cinqüenta) unidades, acondicionado em caixa de papelão resistente que suporte empilhamento. (A vencedora apresentará, em até 02 dias úteis: Laudo Microbiológico, conforme Portaria MS nº 1.480 de 31/12/90., de laboratório credenciado pelo INMETRO, ou habilitado no REBLAS/ANVISA. | E18: Pacote | F18: SORELLA | G18: 339030.22 | H18: 1.16 | I18: =Reitoria!I18+ESAG!I18+CEART!I18+CEFID!I18+FAED!I18+CEAD!I18+CCT!I18+CEPLAN!I18+CAV!I18+CEO!I18+CEAVI!I18+CESFI!I18+CERES!I18 -> 4031 | J18: =(Reitoria!I18-Reitoria!J18)+(ESAG!I18-ESAG!J18)+(CEART!I18-CEART!J18)+(CEFID!I18-CEFID!J18)+(FAED!I18-FAED!J18)+(CEAD!I18-CEAD!J18)+(CCT!I18-CCT!J18)+(CEPLAN!I18-CEPLAN!J18)+(CAV!I18-CAV!J18)+(CEO!I18-CEO!J18)+(CEAVI!I18-CEAVI!J18)+(CESFI!I18-CESFI!J18)+(CERES!I18-CERES!J18) -> 1405 | K18: =I18-J18 -> 2626 | L18: =H18*I18 -> 4675.96 | M18: =H18*J18 -> 1629.8
C19: 16 | D19: Filtro de papel para café, com gramatura de 54 g/m2, com fechamento de dupla prensagem, tamanho 103, na cor branca; embalagem com 30 a 40 unidades, acondicionadas em caixa. | E19: Caixa | F19: BRIGITTA | G19: 339030.21 | H19: 2.11 | I19: =Reitoria!I19+ESAG!I19+CEART!I19+CEFID!I19+FAED!I19+CEAD!I19+CCT!I19+CEPLAN!I19+CAV!I19+CEO!I19+CEAVI!I19+CESFI!I19+CERES!I19 -> 670 | J19: =(Reitoria!I19-Reitoria!J19)+(ESAG!I19-ESAG!J19)+(CEART!I19-CEART!J19)+(CEFID!I19-CEFID!J19)+(FAED!I19-FAED!J19)+(CEAD!I19-CEAD!J19)+(CCT!I19-CCT!J19)+(CEPLAN!I19-CEPLAN!J19)+(CAV!I19-CAV!J19)+(CEO!I19-CEO!J19)+(CEAVI!I19-CEAVI!J19)+(CESFI!I19-CESFI!J19)+(CERES!I19-CERES!J19) -> 370 | K19: =I19-J19 -> 300 | L19: =H19*I19 -> 1413.7 | M19: =H19*J19 -> 780.7
C20: 17 | D20: Fósforo doméstico, em maço com 10 caixas, com 40 palitos, acondicionados em pacotes. | E20: Caixa | F20: ZEBRA | G20: 339030.21 | H20: 0.12 | I20: =Reitoria!I20+ESAG!I20+CEART!I20+CEFID!I20+FAED!I20+CEAD!I20+CCT!I20+CEPLAN!I20+CAV!I20+CEO!I20+CEAVI!I20+CESFI!I20+CERES!I20 -> 364 | J20: =(Reitoria!I20-Reitoria!J20)+(ESAG!I20-ESAG!J20)+(CEART!I20-CEART!J20)+(CEFID!I20-CEFID!J20)+(FAED!I20-FAED!J20)+(CEAD!I20-CEAD!J20)+(CCT!I20-CCT!J20)+(CEPLAN!I20-CEPLAN!J20)+(CAV!I20-CAV!J20)+(CEO!I20-CEO!J20)+(CEAVI!I20-CEAVI!J20)+(CESFI!I20-CESFI!J20)+(CERES!I20-CERES!J20) -> 200 | K20: =I20-J20 -> 164 | L20: =H20*I20 -> 43.68 | M20: =H20*J20 -> 24
C21: 18 | D21: Repelente elétrico para mosquito, que pemite o uso de pastilhas. Bivolt. | E21: Peça | F21: FLORA | G21: 339030.22 | H21: 10.14 | I21: =Reitoria!I21+ESAG!I21+CEART!I21+CEFID!I21+FAED!I21+CEAD!I21+CCT!I21+CEPLAN!I21+CAV!I21+CEO!I21+CEAVI!I21+CESFI!I21+CERES!I21 -> 50 | J21: =(Reitoria!I21-Reitoria!J21)+(ESAG!I21-ESAG!J21)+(CEART!I21-CEART!J21)+(CEFID!I21-CEFID!J21)+(FAED!I21-FAED!J21)+(CEAD!I21-CEAD!J21)+(CCT!I21-CCT!J21)+(CEPLAN!I21-CEPLAN!J21)+(CAV!I21-CAV!J21)+(CEO!I21-CEO!J21)+(CEAVI!I21-CEAVI!J21)+(CESFI!I21-CESFI!J21)+(CERES!I21-CERES!J21) -> 10 | K21: =I21-J21 -> 40 | L21: =H21*I21 -> 507 | M21: =H21*J21 -> 101.4
C22: 19 | D22: Pastilha para uso em repelente elétrico, cada pacote com 12 unidades | E22: Pacote | F22: PERINCET | G22: 339030.22 | H22: 1.95 | I22: =Reitoria!I22+ESAG!I22+CEART!I22+CEFID!I22+FAED!I22+CEAD!I22+CCT!I22+CEPLAN!I22+CAV!I22+CEO!I22+CEAVI!I22+CESFI!I22+CERES!I22 -> 350 | J22: =(Reitoria!I22-Reitoria!J22)+(ESAG!I22-ESAG!J22)+(CEART!I22-CEART!J22)+(CEFID!I22-CEFID!J22)+(FAED!I22-FAED!J22)+(CEAD!I22-CEAD!J22)+(CCT!I22-CCT!J22)+(CEPLAN!I22-CEPLAN!J22)+(CAV!I22-CAV!J22)+(CEO!I22-CEO!J22)+(CEAVI!I22-CEAVI!J22)+(CESFI!I22-CESFI!J22)+(CERES!I22-CERES!J22) -> 100 | K22: =I22-J22 -> 250 | L22: =H22*I22 -> 682.5 | M22: =H22*J22 -> 195
A23: Goedert Imports Ltda EPP | B23: 5 | C23: 20 | D23: Tapete, em nylon, com acabamento, tapete profissional para retenção de sujeira seca e úmida, Iron Horse, impede que a sujeira e a umidade entrem em contato com o piso, tornando-o escorregadio e perigoso. Produzido em solution-dyed nylon, resistente ao desbotamento, bordas rebaixadas de borracha nitrílica, 100% lavável, resistente à lavagem industrial, nylon opti-twist que transforma o tapete numa escova capaz de reter seu próprio peso em sujeira e umidade, retenção de até 70% da sujeira e umidade, alto tráfego. medidas 85 x 150 cm. cor: Granito. | E23: Peça | F23: Iron Horse | G23: 339030.22 | H23: 487.41 | I23: =Reitoria!I23+ESAG!I23+CEART!I23+CEFID!I23+FAED!I23+CEAD!I23+CCT!I23+CEPLAN!I23+CAV!I23+CEO!I23+CEAVI!I23+CESFI!I23+CERES!I23 -> 10 | J23: =(Reitoria!I23-Reitoria!J23)+(ESAG!I23-ESAG!J23)+(CEART!I23-CEART!J23)+(CEFID!I23-CEFID!J23)+(FAED!I23-FAED!J23)+(CEAD!I23-CEAD!J23)+(CCT!I23-CCT!J23)+(CEPLAN!I23-CEPLAN!J23)+(CAV!I23-CAV!J23)+(CEO!I23-CEO!J23)+(CEAVI!I23-CEAVI!J23)+(CESFI!I23-CESFI!J23)+(CERES!I23-CERES!J23) -> 0 | K23: =I23-J23 -> 10 | L23: =H23*I23 -> 4874.1 | M23: =H23*J23 -> 0
L24: =SUM(L4:L23) -> 185576.92 | M24: =SUM(M4:M23) -> 37882
I26: Pregão 0462/2015/UDESC - SRP
I27: AQUISIÇÃO DE MATERIAL DE HIGIENE E LIMPEZA PARA A UDESC
I28: VIGÊNCIA DA ATA: 23/07/2015 até 22/07/2016
I29: Valor Total da Ata com Aditivo | M29: =L24 -> 185576.92
I30: Valor Utilizado | M30: =M24 -> 37882
I31: % Aditivos
I32: % Utilizado | M32: =M30/M29 -> 0.20413099
I33: Resumo Atualizado em jan/2016

Sheet Modelo Anexo II IN 002_2014
A1: ANEXO II – Instrução Normativa n.º 002/2014
A3: DECLARAÇÃO DE DISPONIBILIDADE DE QUANTITATIVO PARA EMISSÃO DE AUTORIZAÇÃO DE FORNECIMENTO/ORDEM DE SERVIÇO – SISTEMA DE REGISTRO DE PREÇOS/UDESC
A5: Processo CPA n.º XXXX/2014
A6: Pregão n.º XXXX/2014
A7: Objeto:
A8: Vigência da Ata de Registro de Preços: XX/XX/XXXX até XX/XX/XXXXX
A10: Declaro que o Centro XXXXXXX, participante da Ata de Registro de Preços proveniente do Pregão n.º XXXX/2014, possui saldo em seu quantitativo para a emissão da Autorização de Fornecimento/Ordem de Serviço n.º XXXX/2014, no valor de R$ X.XXX,XX, a ser firmada com a empresa XXXXXXX, restando ainda em sua cota para próximas contratações com o referido fornecedor os seguintes quantitativos:
A12: Lote | B12: Item | C12: Descrição Resumida | D12: Unidade | E12: Valor Unitário (R$) | F12: Saldo Quantitativo (antes da emissão desta AF/OS) | G12: Quantitativo da AF/OS | H12: Saldo Atualizado
A19: __________________, ____/_____/____
A20: Cidade Data
A24: _____________________________________________
A25: Diretor(a) de Administração
A26: (carimbo e assinatura)
